Workbook

Sheet Overview
B1: City of Detroit Housing & Revitalization Department
B2: Project Overview
B4: Instructions: This tab determines the PILOT program applicable to your project and provides a high-level summary of the development information, sources & uses, and unit mix. Answer all yellow highlighted fields in "project screening" and "development overview" sections, and continue to the next tabs.
B8: Color Index: | C8: Blue = Input | D8: Green = Lookup | E8: Black = Calculation
B11: Project Screening Questions | E11: City of Detroit HRD PILOT Rates
B12: What Is The Project Type? | E12: Average % AMI | F12: Standard Rate | G12: Long-Term Vacant Rate
B13: What Is The Average AMI?
B14: Is this a Government-Aided housing project?
B15: What Is The Type of Residential Project? | E15: 1.2 | F15: TBD | G15: 0.035
B16: PILOT Program Category | C16: =IF(OR(C12="",C13="",C14=""),"",IF(C14="Y","GAHP - Government-Aided Housing Project",IF(AND(C12="Long Term Vacant Rehab",C13="81% - 120% AMI"),"FTHP - Fast Track Housing Project",IF(OR(C13="Up to 60% AMI",C13="61% - 80% AMI"),"FTHP - Fast Track Housing Project","SWHP - Standard Workforce Housing Project")))) | E16: 0.8 | F16: 0.04 | G16: 0.02
B17: PILOT Rate | C17: =IF(OR(C12="",C13=""),"",IF(AND(C12="Long Term Vacant Rehab",C13="Up to 60% AMI"),G17,IF(AND(C12="Long Term Vacant Rehab",C13="61% - 80% AMI"),G16,IF(AND(C12="Long Term Vacant Rehab",C13="81% - 120% AMI"),G15,IF(C13="Up to 60% AMI",F17,IF(C13="61% - 80% AMI",F16,F15)))))) | E17: Up to 60% AMI | F17: 0.01 | G17: 0.005
B18: Proposed PILOT Rate (SWHP Only)
B20: Development Overview | E20: Sources & Uses | J20: Unit Mix Summary
B21: Item | C21: Input | E21: Item | F21: $ Amount | G21: $ / Unit | H21: % of Total | J21: % AMI | K21: Studio | L21: 1 Bedroom | M21: 2 Bedroom | N21: 3 Bedroom | O21: 4+ Bedroom | P21: Total
B22: Property Address | E22: Construction Sources | J22: PSH | K22: =IF(SUMIFS('Unit Summary - Rent Roll'!$G$26:$G$325,'Unit Summary - Rent Roll'!$D$26:$D$325,Overview!K$21,'Unit Summary - Rent Roll'!$J$26:$J$325,Overview!$J22)=0,"",SUMIFS('Unit Summary - Rent Roll'!$G$26:$G$325,'Unit Summary - Rent Roll'!$D$26:$D$325,Overview!K$21,'Unit Summary - Rent Roll'!$J$26:$J$325,Overview!$J22)) | L22: =IF(SUMIFS('Unit Summary - Rent Roll'!$G$26:$G$325,'Unit Summary - Rent Roll'!$D$26:$D$325,Overview!L$21,'Unit Summary - Rent Roll'!$J$26:$J$325,Overview!$J22)=0,"",SUMIFS('Unit Summary - Rent Roll'!$G$26:$G$325,'Unit Summary - Rent Roll'!$D$26:$D$325,Overview!L$21,'Unit Summary - Rent Roll'!$J$26:$J$325,Overview!$J22)) | M22: =IF(SUMIFS('Unit Summary - Rent Roll'!$G$26:$G$325,'Unit Summary - Rent Roll'!$D$26:$D$325,Overview!M$21,'Unit Summary - Rent Roll'!$J$26:$J$325,Overview!$J22)=0,"",SUMIFS('Unit Summary - Rent Roll'!$G$26:$G$325,'Unit Summary - Rent Roll'!$D$26:$D$325,Overview!M$21,'Unit Summary - Rent Roll'!$J$26:$J$325,Overview!$J22)) | N22: =IF(SUMIFS('Unit Summary - Rent Roll'!$G$26:$G$325,'Unit Summary - Rent Roll'!$D$26:$D$325,Overview!N$21,'Unit Summary - Rent Roll'!$J$26:$J$325,Overview!$J22)=0,"",SUMIFS('Unit Summary - Rent Roll'!$G$26:$G$325,'Unit Summary - Rent Roll'!$D$26:$D$325,Overview!N$21,'Unit Summary - Rent Roll'!$J$26:$J$325,Overview!$J22)) | O22: =IF(SUMIFS('Unit Summary - Rent Roll'!$G$26:$G$325,'Unit Summary - Rent Roll'!$D$26:$D$325,Overview!O$21,'Unit Summary - Rent Roll'!$J$26:$J$325,Overview!$J22)=0,"",SUMIFS('Unit Summary - Rent Roll'!$G$26:$G$325,'Unit Summary - Rent Roll'!$D$26:$D$325,Overview!O$21,'Unit Summary - Rent Roll'!$J$26:$J$325,Overview!$J22)) | P22: =SUM(K22:O22) -> 0
B23: Project Name | E23: New Equity | F23: =IF($C$16="SWHP - Standard Workforce Housing Project",'Financials- SWHP'!P30,'Financials-FTHP & GAHP'!M31) -> 0 | G23: =IFERROR(F23/$C$34,0) -> 0 | H23: =IFERROR(F23/$F$31,0) -> 0 | J23: 0.2 | K23: =IF(SUMIFS('Unit Summary - Rent Roll'!$G$26:$G$325,'Unit Summary - Rent Roll'!$D$26:$D$325,Overview!K$21,'Unit Summary - Rent Roll'!$J$26:$J$325,Overview!$J23)=0,"",SUMIFS('Unit Summary - Rent Roll'!$G$26:$G$325,'Unit Summary - Rent Roll'!$D$26:$D$325,Overview!K$21,'Unit Summary - Rent Roll'!$J$26:$J$325,Overview!$J23)) | L23: =IF(SUMIFS('Unit Summary - Rent Roll'!$G$26:$G$325,'Unit Summary - Rent Roll'!$D$26:$D$325,Overview!L$21,'Unit Summary - Rent Roll'!$J$26:$J$325,Overview!$J23)=0,"",SUMIFS('Unit Summary - Rent Roll'!$G$26:$G$325,'Unit Summary - Rent Roll'!$D$26:$D$325,Overview!L$21,'Unit Summary - Rent Roll'!$J$26:$J$325,Overview!$J23)) | M23: =IF(SUMIFS('Unit Summary - Rent Roll'!$G$26:$G$325,'Unit Summary - Rent Roll'!$D$26:$D$325,Overview!M$21,'Unit Summary - Rent Roll'!$J$26:$J$325,Overview!$J23)=0,"",SUMIFS('Unit Summary - Rent Roll'!$G$26:$G$325,'Unit Summary - Rent Roll'!$D$26:$D$325,Overview!M$21,'Unit Summary - Rent Roll'!$J$26:$J$325,Overview!$J23)) | N23: =IF(SUMIFS('Unit Summary - Rent Roll'!$G$26:$G$325,'Unit Summary - Rent Roll'!$D$26:$D$325,Overview!N$21,'Unit Summary - Rent Roll'!$J$26:$J$325,Overview!$J23)=0,"",SUMIFS('Unit Summary - Rent Roll'!$G$26:$G$325,'Unit Summary - Rent Roll'!$D$26:$D$325,Overview!N$21,'Unit Summary - Rent Roll'!$J$26:$J$325,Overview!$J23)) | O23: =IF(SUMIFS('Unit Summary - Rent Roll'!$G$26:$G$325,'Unit Summary - Rent Roll'!$D$26:$D$325,Overview!O$21,'Unit Summary - Rent Roll'!$J$26:$J$325,Overview!$J23)=0,"",SUMIFS('Unit Summary - Rent Roll'!$G$26:$G$325,'Unit Summary - Rent Roll'!$D$26:$D$325,Overview!O$21,'Unit Summary - Rent Roll'!$J$26:$J$325,Overview!$J23)) | P23: =SUM(K23:O23) -> 0
E24: Tax Credit Equity | F24: =IF($C$16="SWHP - Standard Workforce Housing Project",SUM('Financials- SWHP'!P26:P27),SUM('Financials-FTHP & GAHP'!M27:M28)) -> 0 | G24: =IFERROR(F24/$C$34,0) -> 0 | H24: =IFERROR(F24/$F$31,0) -> 0 | J24: 0.25 | K24: =IF(SUMIFS('Unit Summary - Rent Roll'!$G$26:$G$325,'Unit Summary - Rent Roll'!$D$26:$D$325,Overview!K$21,'Unit Summary - Rent Roll'!$J$26:$J$325,Overview!$J24)=0,"",SUMIFS('Unit Summary - Rent Roll'!$G$26:$G$325,'Unit Summary - Rent Roll'!$D$26:$D$325,Overview!K$21,'Unit Summary - Rent Roll'!$J$26:$J$325,Overview!$J24)) | L24: =IF(SUMIFS('Unit Summary - Rent Roll'!$G$26:$G$325,'Unit Summary - Rent Roll'!$D$26:$D$325,Overview!L$21,'Unit Summary - Rent Roll'!$J$26:$J$325,Overview!$J24)=0,"",SUMIFS('Unit Summary - Rent Roll'!$G$26:$G$325,'Unit Summary - Rent Roll'!$D$26:$D$325,Overview!L$21,'Unit Summary - Rent Roll'!$J$26:$J$325,Overview!$J24)) | M24: =IF(SUMIFS('Unit Summary - Rent Roll'!$G$26:$G$325,'Unit Summary - Rent Roll'!$D$26:$D$325,Overview!M$21,'Unit Summary - Rent Roll'!$J$26:$J$325,Overview!$J24)=0,"",SUMIFS('Unit Summary - Rent Roll'!$G$26:$G$325,'Unit Summary - Rent Roll'!$D$26:$D$325,Overview!M$21,'Unit Summary - Rent Roll'!$J$26:$J$325,Overview!$J24)) | N24: =IF(SUMIFS('Unit Summary - Rent Roll'!$G$26:$G$325,'Unit Summary - Rent Roll'!$D$26:$D$325,Overview!N$21,'Unit Summary - Rent Roll'!$J$26:$J$325,Overview!$J24)=0,"",SUMIFS('Unit Summary - Rent Roll'!$G$26:$G$325,'Unit Summary - Rent Roll'!$D$26:$D$325,Overview!N$21,'Unit Summary - Rent Roll'!$J$26:$J$325,Overview!$J24)) | O24: =IF(SUMIFS('Unit Summary - Rent Roll'!$G$26:$G$325,'Unit Summary - Rent Roll'!$D$26:$D$325,Overview!O$21,'Unit Summary - Rent Roll'!$J$26:$J$325,Overview!$J24)=0,"",SUMIFS('Unit Summary - Rent Roll'!$G$26:$G$325,'Unit Summary - Rent Roll'!$D$26:$D$325,Overview!O$21,'Unit Summary - Rent Roll'!$J$26:$J$325,Overview!$J24)) | P24: =SUM(K24:O24) -> 0
B25: Construction Status | E25: Tax Credit Bridge Loan | F25: =IF($C$16="SWHP - Standard Workforce Housing Project",SUM('Financials- SWHP'!P24:P25),SUM('Financials-FTHP & GAHP'!M25:M26)) -> 0 | G25: =IFERROR(F25/$C$34,0) -> 0 | H25: =IFERROR(F25/$F$31,0) -> 0 | J25: 0.3 | K25: =IF(SUMIFS('Unit Summary - Rent Roll'!$G$26:$G$325,'Unit Summary - Rent Roll'!$D$26:$D$325,Overview!K$21,'Unit Summary - Rent Roll'!$J$26:$J$325,Overview!$J25)=0,"",SUMIFS('Unit Summary - Rent Roll'!$G$26:$G$325,'Unit Summary - Rent Roll'!$D$26:$D$325,Overview!K$21,'Unit Summary - Rent Roll'!$J$26:$J$325,Overview!$J25)) | L25: =IF(SUMIFS('Unit Summary - Rent Roll'!$G$26:$G$325,'Unit Summary - Rent Roll'!$D$26:$D$325,Overview!L$21,'Unit Summary - Rent Roll'!$J$26:$J$325,Overview!$J25)=0,"",SUMIFS('Unit Summary - Rent Roll'!$G$26:$G$325,'Unit Summary - Rent Roll'!$D$26:$D$325,Overview!L$21,'Unit Summary - Rent Roll'!$J$26:$J$325,Overview!$J25)) | M25: =IF(SUMIFS('Unit Summary - Rent Roll'!$G$26:$G$325,'Unit Summary - Rent Roll'!$D$26:$D$325,Overview!M$21,'Unit Summary - Rent Roll'!$J$26:$J$325,Overview!$J25)=0,"",SUMIFS('Unit Summary - Rent Roll'!$G$26:$G$325,'Unit Summary - Rent Roll'!$D$26:$D$325,Overview!M$21,'Unit Summary - Rent Roll'!$J$26:$J$325,Overview!$J25)) | N25: =IF(SUMIFS('Unit Summary - Rent Roll'!$G$26:$G$325,'Unit Summary - Rent Roll'!$D$26:$D$325,Overview!N$21,'Unit Summary - Rent Roll'!$J$26:$J$325,Overview!$J25)=0,"",SUMIFS('Unit Summary - Rent Roll'!$G$26:$G$325,'Unit Summary - Rent Roll'!$D$26:$D$325,Overview!N$21,'Unit Summary - Rent Roll'!$J$26:$J$325,Overview!$J25)) | O25: =IF(SUMIFS('Unit Summary - Rent Roll'!$G$26:$G$325,'Unit Summary - Rent Roll'!$D$26:$D$325,Overview!O$21,'Unit Summary - Rent Roll'!$J$26:$J$325,Overview!$J25)=0,"",SUMIFS('Unit Summary - Rent Roll'!$G$26:$G$325,'Unit Summary - Rent Roll'!$D$26:$D$325,Overview!O$21,'Unit Summary - Rent Roll'!$J$26:$J$325,Overview!$J25)) | P25: =SUM(K25:O25) -> 0
B26: Construction Start Date | E26: Construction Loan | F26: =IF($C$16="SWHP - Standard Workforce Housing Project",SUM('Financials- SWHP'!P17:P20),SUM('Financials-FTHP & GAHP'!M18:M21)) -> 0 | G26: =IFERROR(F26/$C$34,0) -> 0 | H26: =IFERROR(F26/$F$31,0) -> 0 | J26: 0.35 | K26: =IF(SUMIFS('Unit Summary - Rent Roll'!$G$26:$G$325,'Unit Summary - Rent Roll'!$D$26:$D$325,Overview!K$21,'Unit Summary - Rent Roll'!$J$26:$J$325,Overview!$J26)=0,"",SUMIFS('Unit Summary - Rent Roll'!$G$26:$G$325,'Unit Summary - Rent Roll'!$D$26:$D$325,Overview!K$21,'Unit Summary - Rent Roll'!$J$26:$J$325,Overview!$J26)) | L26: =IF(SUMIFS('Unit Summary - Rent Roll'!$G$26:$G$325,'Unit Summary - Rent Roll'!$D$26:$D$325,Overview!L$21,'Unit Summary - Rent Roll'!$J$26:$J$325,Overview!$J26)=0,"",SUMIFS('Unit Summary - Rent Roll'!$G$26:$G$325,'Unit Summary - Rent Roll'!$D$26:$D$325,Overview!L$21,'Unit Summary - Rent Roll'!$J$26:$J$325,Overview!$J26)) | M26: =IF(SUMIFS('Unit Summary - Rent Roll'!$G$26:$G$325,'Unit Summary - Rent Roll'!$D$26:$D$325,Overview!M$21,'Unit Summary - Rent Roll'!$J$26:$J$325,Overview!$J26)=0,"",SUMIFS('Unit Summary - Rent Roll'!$G$26:$G$325,'Unit Summary - Rent Roll'!$D$26:$D$325,Overview!M$21,'Unit Summary - Rent Roll'!$J$26:$J$325,Overview!$J26)) | N26: =IF(SUMIFS('Unit Summary - Rent Roll'!$G$26:$G$325,'Unit Summary - Rent Roll'!$D$26:$D$325,Overview!N$21,'Unit Summary - Rent Roll'!$J$26:$J$325,Overview!$J26)=0,"",SUMIFS('Unit Summary - Rent Roll'!$G$26:$G$325,'Unit Summary - Rent Roll'!$D$26:$D$325,Overview!N$21,'Unit Summary - Rent Roll'!$J$26:$J$325,Overview!$J26)) | O26: =IF(SUMIFS('Unit Summary - Rent Roll'!$G$26:$G$325,'Unit Summary - Rent Roll'!$D$26:$D$325,Overview!O$21,'Unit Summary - Rent Roll'!$J$26:$J$325,Overview!$J26)=0,"",SUMIFS('Unit Summary - Rent Roll'!$G$26:$G$325,'Unit Summary - Rent Roll'!$D$26:$D$325,Overview!O$21,'Unit Summary - Rent Roll'!$J$26:$J$325,Overview!$J26)) | P26: =SUM(K26:O26) -> 0
B27: Construction Months | E27: Deferred Developer Fee | F27: =IF($C$16="SWHP - Standard Workforce Housing Project",'Financials- SWHP'!P28,'Financials-FTHP & GAHP'!M29) -> 0 | G27: =IFERROR(F27/$C$34,0) -> 0 | H27: =IFERROR(F27/$F$31,0) -> 0 | J27: 0.4 | K27: =IF(SUMIFS('Unit Summary - Rent Roll'!$G$26:$G$325,'Unit Summary - Rent Roll'!$D$26:$D$325,Overview!K$21,'Unit Summary - Rent Roll'!$J$26:$J$325,Overview!$J27)=0,"",SUMIFS('Unit Summary - Rent Roll'!$G$26:$G$325,'Unit Summary - Rent Roll'!$D$26:$D$325,Overview!K$21,'Unit Summary - Rent Roll'!$J$26:$J$325,Overview!$J27)) | L27: =IF(SUMIFS('Unit Summary - Rent Roll'!$G$26:$G$325,'Unit Summary - Rent Roll'!$D$26:$D$325,Overview!L$21,'Unit Summary - Rent Roll'!$J$26:$J$325,Overview!$J27)=0,"",SUMIFS('Unit Summary - Rent Roll'!$G$26:$G$325,'Unit Summary - Rent Roll'!$D$26:$D$325,Overview!L$21,'Unit Summary - Rent Roll'!$J$26:$J$325,Overview!$J27)) | M27: =IF(SUMIFS('Unit Summary - Rent Roll'!$G$26:$G$325,'Unit Summary - Rent Roll'!$D$26:$D$325,Overview!M$21,'Unit Summary - Rent Roll'!$J$26:$J$325,Overview!$J27)=0,"",SUMIFS('Unit Summary - Rent Roll'!$G$26:$G$325,'Unit Summary - Rent Roll'!$D$26:$D$325,Overview!M$21,'Unit Summary - Rent Roll'!$J$26:$J$325,Overview!$J27)) | N27: =IF(SUMIFS('Unit Summary - Rent Roll'!$G$26:$G$325,'Unit Summary - Rent Roll'!$D$26:$D$325,Overview!N$21,'Unit Summary - Rent Roll'!$J$26:$J$325,Overview!$J27)=0,"",SUMIFS('Unit Summary - Rent Roll'!$G$26:$G$325,'Unit Summary - Rent Roll'!$D$26:$D$325,Overview!N$21,'Unit Summary - Rent Roll'!$J$26:$J$325,Overview!$J27)) | O27: =IF(SUMIFS('Unit Summary - Rent Roll'!$G$26:$G$325,'Unit Summary - Rent Roll'!$D$26:$D$325,Overview!O$21,'Unit Summary - Rent Roll'!$J$26:$J$325,Overview!$J27)=0,"",SUMIFS('Unit Summary - Rent Roll'!$G$26:$G$325,'Unit Summary - Rent Roll'!$D$26:$D$325,Overview!O$21,'Unit Summary - Rent Roll'!$J$26:$J$325,Overview!$J27)) | P27: =SUM(K27:O27) -> 0
B28: Construction End Date | C28: =IF(OR(C26="",C27=""),"",EDATE(C26,C27)-1) | E28: Grants | F28: =IF($C$16="SWHP - Standard Workforce Housing Project",SUM('Financials- SWHP'!P21:P23),SUM('Financials-FTHP & GAHP'!M22:M24)) -> 0 | G28: =IFERROR(F28/$C$34,0) -> 0 | H28: =IFERROR(F28/$F$31,0) -> 0 | J28: 0.45 | K28: =IF(SUMIFS('Unit Summary - Rent Roll'!$G$26:$G$325,'Unit Summary - Rent Roll'!$D$26:$D$325,Overview!K$21,'Unit Summary - Rent Roll'!$J$26:$J$325,Overview!$J28)=0,"",SUMIFS('Unit Summary - Rent Roll'!$G$26:$G$325,'Unit Summary - Rent Roll'!$D$26:$D$325,Overview!K$21,'Unit Summary - Rent Roll'!$J$26:$J$325,Overview!$J28)) | L28: =IF(SUMIFS('Unit Summary - Rent Roll'!$G$26:$G$325,'Unit Summary - Rent Roll'!$D$26:$D$325,Overview!L$21,'Unit Summary - Rent Roll'!$J$26:$J$325,Overview!$J28)=0,"",SUMIFS('Unit Summary - Rent Roll'!$G$26:$G$325,'Unit Summary - Rent Roll'!$D$26:$D$325,Overview!L$21,'Unit Summary - Rent Roll'!$J$26:$J$325,Overview!$J28)) | M28: =IF(SUMIFS('Unit Summary - Rent Roll'!$G$26:$G$325,'Unit Summary - Rent Roll'!$D$26:$D$325,Overview!M$21,'Unit Summary - Rent Roll'!$J$26:$J$325,Overview!$J28)=0,"",SUMIFS('Unit Summary - Rent Roll'!$G$26:$G$325,'Unit Summary - Rent Roll'!$D$26:$D$325,Overview!M$21,'Unit Summary - Rent Roll'!$J$26:$J$325,Overview!$J28)) | N28: =IF(SUMIFS('Unit Summary - Rent Roll'!$G$26:$G$325,'Unit Summary - Rent Roll'!$D$26:$D$325,Overview!N$21,'Unit Summary - Rent Roll'!$J$26:$J$325,Overview!$J28)=0,"",SUMIFS('Unit Summary - Rent Roll'!$G$26:$G$325,'Unit Summary - Rent Roll'!$D$26:$D$325,Overview!N$21,'Unit Summary - Rent Roll'!$J$26:$J$325,Overview!$J28)) | O28: =IF(SUMIFS('Unit Summary - Rent Roll'!$G$26:$G$325,'Unit Summary - Rent Roll'!$D$26:$D$325,Overview!O$21,'Unit Summary - Rent Roll'!$J$26:$J$325,Overview!$J28)=0,"",SUMIFS('Unit Summary - Rent Roll'!$G$26:$G$325,'Unit Summary - Rent Roll'!$D$26:$D$325,Overview!O$21,'Unit Summary - Rent Roll'!$J$26:$J$325,Overview!$J28)) | P28: =SUM(K28:O28) -> 0
E29: Other | F29: =IF($C$16="SWHP - Standard Workforce Housing Project",SUM('Financials- SWHP'!P29,'Financials- SWHP'!P32:P33),SUM('Financials-FTHP & GAHP'!M30,'Financials-FTHP & GAHP'!M33:M34)) -> 0 | G29: =IFERROR(F29/$C$34,0) -> 0 | H29: =IFERROR(F29/$F$31,0) -> 0 | J29: 0.5 | K29: =IF(SUMIFS('Unit Summary - Rent Roll'!$G$26:$G$325,'Unit Summary - Rent Roll'!$D$26:$D$325,Overview!K$21,'Unit Summary - Rent Roll'!$J$26:$J$325,Overview!$J29)=0,"",SUMIFS('Unit Summary - Rent Roll'!$G$26:$G$325,'Unit Summary - Rent Roll'!$D$26:$D$325,Overview!K$21,'Unit Summary - Rent Roll'!$J$26:$J$325,Overview!$J29)) | L29: =IF(SUMIFS('Unit Summary - Rent Roll'!$G$26:$G$325,'Unit Summary - Rent Roll'!$D$26:$D$325,Overview!L$21,'Unit Summary - Rent Roll'!$J$26:$J$325,Overview!$J29)=0,"",SUMIFS('Unit Summary - Rent Roll'!$G$26:$G$325,'Unit Summary - Rent Roll'!$D$26:$D$325,Overview!L$21,'Unit Summary - Rent Roll'!$J$26:$J$325,Overview!$J29)) | M29: =IF(SUMIFS('Unit Summary - Rent Roll'!$G$26:$G$325,'Unit Summary - Rent Roll'!$D$26:$D$325,Overview!M$21,'Unit Summary - Rent Roll'!$J$26:$J$325,Overview!$J29)=0,"",SUMIFS('Unit Summary - Rent Roll'!$G$26:$G$325,'Unit Summary - Rent Roll'!$D$26:$D$325,Overview!M$21,'Unit Summary - Rent Roll'!$J$26:$J$325,Overview!$J29)) | N29: =IF(SUMIFS('Unit Summary - Rent Roll'!$G$26:$G$325,'Unit Summary - Rent Roll'!$D$26:$D$325,Overview!N$21,'Unit Summary - Rent Roll'!$J$26:$J$325,Overview!$J29)=0,"",SUMIFS('Unit Summary - Rent Roll'!$G$26:$G$325,'Unit Summary - Rent Roll'!$D$26:$D$325,Overview!N$21,'Unit Summary - Rent Roll'!$J$26:$J$325,Overview!$J29)) | O29: =IF(SUMIFS('Unit Summary - Rent Roll'!$G$26:$G$325,'Unit Summary - Rent Roll'!$D$26:$D$325,Overview!O$21,'Unit Summary - Rent Roll'!$J$26:$J$325,Overview!$J29)=0,"",SUMIFS('Unit Summary - Rent Roll'!$G$26:$G$325,'Unit Summary - Rent Roll'!$D$26:$D$325,Overview!O$21,'Unit Summary - Rent Roll'!$J$26:$J$325,Overview!$J29)) | P29: =SUM(K29:O29) -> 0
B30: PILOT Start Date | E30: Gap | F30: =IF($C$16="SWHP - Standard Workforce Housing Project",'Financials- SWHP'!P31,'Financials-FTHP & GAHP'!M32) -> 0 | G30: =IFERROR(F30/$C$34,0) -> 0 | H30: =IFERROR(F30/$F$31,0) -> 0 | J30: 0.55 | K30: =IF(SUMIFS('Unit Summary - Rent Roll'!$G$26:$G$325,'Unit Summary - Rent Roll'!$D$26:$D$325,Overview!K$21,'Unit Summary - Rent Roll'!$J$26:$J$325,Overview!$J30)=0,"",SUMIFS('Unit Summary - Rent Roll'!$G$26:$G$325,'Unit Summary - Rent Roll'!$D$26:$D$325,Overview!K$21,'Unit Summary - Rent Roll'!$J$26:$J$325,Overview!$J30)) | L30: =IF(SUMIFS('Unit Summary - Rent Roll'!$G$26:$G$325,'Unit Summary - Rent Roll'!$D$26:$D$325,Overview!L$21,'Unit Summary - Rent Roll'!$J$26:$J$325,Overview!$J30)=0,"",SUMIFS('Unit Summary - Rent Roll'!$G$26:$G$325,'Unit Summary - Rent Roll'!$D$26:$D$325,Overview!L$21,'Unit Summary - Rent Roll'!$J$26:$J$325,Overview!$J30)) | M30: =IF(SUMIFS('Unit Summary - Rent Roll'!$G$26:$G$325,'Unit Summary - Rent Roll'!$D$26:$D$325,Overview!M$21,'Unit Summary - Rent Roll'!$J$26:$J$325,Overview!$J30)=0,"",SUMIFS('Unit Summary - Rent Roll'!$G$26:$G$325,'Unit Summary - Rent Roll'!$D$26:$D$325,Overview!M$21,'Unit Summary - Rent Roll'!$J$26:$J$325,Overview!$J30)) | N30: =IF(SUMIFS('Unit Summary - Rent Roll'!$G$26:$G$325,'Unit Summary - Rent Roll'!$D$26:$D$325,Overview!N$21,'Unit Summary - Rent Roll'!$J$26:$J$325,Overview!$J30)=0,"",SUMIFS('Unit Summary - Rent Roll'!$G$26:$G$325,'Unit Summary - Rent Roll'!$D$26:$D$325,Overview!N$21,'Unit Summary - Rent Roll'!$J$26:$J$325,Overview!$J30)) | O30: =IF(SUMIFS('Unit Summary - Rent Roll'!$G$26:$G$325,'Unit Summary - Rent Roll'!$D$26:$D$325,Overview!O$21,'Unit Summary - Rent Roll'!$J$26:$J$325,Overview!$J30)=0,"",SUMIFS('Unit Summary - Rent Roll'!$G$26:$G$325,'Unit Summary - Rent Roll'!$D$26:$D$325,Overview!O$21,'Unit Summary - Rent Roll'!$J$26:$J$325,Overview!$J30)) | P30: =SUM(K30:O30) -> 0
B31: PILOT Calculation Methodology | E31: Total Construction Sources | F31: =SUM(F23:F30) -> 0 | G31: =IFERROR(F31/$C$34,0) -> 0 | H31: =IFERROR(F31/$F$31,0) -> 0 | J31: 0.6 | K31: =IF(SUMIFS('Unit Summary - Rent Roll'!$G$26:$G$325,'Unit Summary - Rent Roll'!$D$26:$D$325,Overview!K$21,'Unit Summary - Rent Roll'!$J$26:$J$325,Overview!$J31)=0,"",SUMIFS('Unit Summary - Rent Roll'!$G$26:$G$325,'Unit Summary - Rent Roll'!$D$26:$D$325,Overview!K$21,'Unit Summary - Rent Roll'!$J$26:$J$325,Overview!$J31)) | L31: =IF(SUMIFS('Unit Summary - Rent Roll'!$G$26:$G$325,'Unit Summary - Rent Roll'!$D$26:$D$325,Overview!L$21,'Unit Summary - Rent Roll'!$J$26:$J$325,Overview!$J31)=0,"",SUMIFS('Unit Summary - Rent Roll'!$G$26:$G$325,'Unit Summary - Rent Roll'!$D$26:$D$325,Overview!L$21,'Unit Summary - Rent Roll'!$J$26:$J$325,Overview!$J31)) | M31: =IF(SUMIFS('Unit Summary - Rent Roll'!$G$26:$G$325,'Unit Summary - Rent Roll'!$D$26:$D$325,Overview!M$21,'Unit Summary - Rent Roll'!$J$26:$J$325,Overview!$J31)=0,"",SUMIFS('Unit Summary - Rent Roll'!$G$26:$G$325,'Unit Summary - Rent Roll'!$D$26:$D$325,Overview!M$21,'Unit Summary - Rent Roll'!$J$26:$J$325,Overview!$J31)) | N31: =IF(SUMIFS('Unit Summary - Rent Roll'!$G$26:$G$325,'Unit Summary - Rent Roll'!$D$26:$D$325,Overview!N$21,'Unit Summary - Rent Roll'!$J$26:$J$325,Overview!$J31)=0,"",SUMIFS('Unit Summary - Rent Roll'!$G$26:$G$325,'Unit Summary - Rent Roll'!$D$26:$D$325,Overview!N$21,'Unit Summary - Rent Roll'!$J$26:$J$325,Overview!$J31)) | O31: =IF(SUMIFS('Unit Summary - Rent Roll'!$G$26:$G$325,'Unit Summary - Rent Roll'!$D$26:$D$325,Overview!O$21,'Unit Summary - Rent Roll'!$J$26:$J$325,Overview!$J31)=0,"",SUMIFS('Unit Summary - Rent Roll'!$G$26:$G$325,'Unit Summary - Rent Roll'!$D$26:$D$325,Overview!O$21,'Unit Summary - Rent Roll'!$J$26:$J$325,Overview!$J31)) | P31: =SUM(K31:O31) -> 0
F32: =IF(F31=F47,TRUE,FALSE) -> TRUE | J32: 0.65 | K32: =IF(SUMIFS('Unit Summary - Rent Roll'!$G$26:$G$325,'Unit Summary - Rent Roll'!$D$26:$D$325,Overview!K$21,'Unit Summary - Rent Roll'!$J$26:$J$325,Overview!$J32)=0,"",SUMIFS('Unit Summary - Rent Roll'!$G$26:$G$325,'Unit Summary - Rent Roll'!$D$26:$D$325,Overview!K$21,'Unit Summary - Rent Roll'!$J$26:$J$325,Overview!$J32)) | L32: =IF(SUMIFS('Unit Summary - Rent Roll'!$G$26:$G$325,'Unit Summary - Rent Roll'!$D$26:$D$325,Overview!L$21,'Unit Summary - Rent Roll'!$J$26:$J$325,Overview!$J32)=0,"",SUMIFS('Unit Summary - Rent Roll'!$G$26:$G$325,'Unit Summary - Rent Roll'!$D$26:$D$325,Overview!L$21,'Unit Summary - Rent Roll'!$J$26:$J$325,Overview!$J32)) | M32: =IF(SUMIFS('Unit Summary - Rent Roll'!$G$26:$G$325,'Unit Summary - Rent Roll'!$D$26:$D$325,Overview!M$21,'Unit Summary - Rent Roll'!$J$26:$J$325,Overview!$J32)=0,"",SUMIFS('Unit Summary - Rent Roll'!$G$26:$G$325,'Unit Summary - Rent Roll'!$D$26:$D$325,Overview!M$21,'Unit Summary - Rent Roll'!$J$26:$J$325,Overview!$J32)) | N32: =IF(SUMIFS('Unit Summary - Rent Roll'!$G$26:$G$325,'Unit Summary - Rent Roll'!$D$26:$D$325,Overview!N$21,'Unit Summary - Rent Roll'!$J$26:$J$325,Overview!$J32)=0,"",SUMIFS('Unit Summary - Rent Roll'!$G$26:$G$325,'Unit Summary - Rent Roll'!$D$26:$D$325,Overview!N$21,'Unit Summary - Rent Roll'!$J$26:$J$325,Overview!$J32)) | O32: =IF(SUMIFS('Unit Summary - Rent Roll'!$G$26:$G$325,'Unit Summary - Rent Roll'!$D$26:$D$325,Overview!O$21,'Unit Summary - Rent Roll'!$J$26:$J$325,Overview!$J32)=0,"",SUMIFS('Unit Summary - Rent Roll'!$G$26:$G$325,'Unit Summary - Rent Roll'!$D$26:$D$325,Overview!O$21,'Unit Summary - Rent Roll'!$J$26:$J$325,Overview!$J32)) | P32: =SUM(K32:O32) -> 0
B33: Gross SF | E33: Permanent Sources | J33: 0.7 | K33: =IF(SUMIFS('Unit Summary - Rent Roll'!$G$26:$G$325,'Unit Summary - Rent Roll'!$D$26:$D$325,Overview!K$21,'Unit Summary - Rent Roll'!$J$26:$J$325,Overview!$J33)=0,"",SUMIFS('Unit Summary - Rent Roll'!$G$26:$G$325,'Unit Summary - Rent Roll'!$D$26:$D$325,Overview!K$21,'Unit Summary - Rent Roll'!$J$26:$J$325,Overview!$J33)) | L33: =IF(SUMIFS('Unit Summary - Rent Roll'!$G$26:$G$325,'Unit Summary - Rent Roll'!$D$26:$D$325,Overview!L$21,'Unit Summary - Rent Roll'!$J$26:$J$325,Overview!$J33)=0,"",SUMIFS('Unit Summary - Rent Roll'!$G$26:$G$325,'Unit Summary - Rent Roll'!$D$26:$D$325,Overview!L$21,'Unit Summary - Rent Roll'!$J$26:$J$325,Overview!$J33)) | M33: =IF(SUMIFS('Unit Summary - Rent Roll'!$G$26:$G$325,'Unit Summary - Rent Roll'!$D$26:$D$325,Overview!M$21,'Unit Summary - Rent Roll'!$J$26:$J$325,Overview!$J33)=0,"",SUMIFS('Unit Summary - Rent Roll'!$G$26:$G$325,'Unit Summary - Rent Roll'!$D$26:$D$325,Overview!M$21,'Unit Summary - Rent Roll'!$J$26:$J$325,Overview!$J33)) | N33: =IF(SUMIFS('Unit Summary - Rent Roll'!$G$26:$G$325,'Unit Summary - Rent Roll'!$D$26:$D$325,Overview!N$21,'Unit Summary - Rent Roll'!$J$26:$J$325,Overview!$J33)=0,"",SUMIFS('Unit Summary - Rent Roll'!$G$26:$G$325,'Unit Summary - Rent Roll'!$D$26:$D$325,Overview!N$21,'Unit Summary - Rent Roll'!$J$26:$J$325,Overview!$J33)) | O33: =IF(SUMIFS('Unit Summary - Rent Roll'!$G$26:$G$325,'Unit Summary - Rent Roll'!$D$26:$D$325,Overview!O$21,'Unit Summary - Rent Roll'!$J$26:$J$325,Overview!$J33)=0,"",SUMIFS('Unit Summary - Rent Roll'!$G$26:$G$325,'Unit Summary - Rent Roll'!$D$26:$D$325,Overview!O$21,'Unit Summary - Rent Roll'!$J$26:$J$325,Overview!$J33)) | P33: =SUM(K33:O33) -> 0
B34: # of Residential Units | C34: ='Unit Summary - Rent Roll'!G326 -> 0 | E34: New Equity | F34: =IF($C$16="SWHP - Standard Workforce Housing Project",'Financials- SWHP'!P48,'Financials-FTHP & GAHP'!M49) -> 0 | G34: =IFERROR(F34/$C$34,0) -> 0 | H34: =IFERROR(F34/$F$41,0) -> 0 | J34: 0.75 | K34: =IF(SUMIFS('Unit Summary - Rent Roll'!$G$26:$G$325,'Unit Summary - Rent Roll'!$D$26:$D$325,Overview!K$21,'Unit Summary - Rent Roll'!$J$26:$J$325,Overview!$J34)=0,"",SUMIFS('Unit Summary - Rent Roll'!$G$26:$G$325,'Unit Summary - Rent Roll'!$D$26:$D$325,Overview!K$21,'Unit Summary - Rent Roll'!$J$26:$J$325,Overview!$J34)) | L34: =IF(SUMIFS('Unit Summary - Rent Roll'!$G$26:$G$325,'Unit Summary - Rent Roll'!$D$26:$D$325,Overview!L$21,'Unit Summary - Rent Roll'!$J$26:$J$325,Overview!$J34)=0,"",SUMIFS('Unit Summary - Rent Roll'!$G$26:$G$325,'Unit Summary - Rent Roll'!$D$26:$D$325,Overview!L$21,'Unit Summary - Rent Roll'!$J$26:$J$325,Overview!$J34)) | M34: =IF(SUMIFS('Unit Summary - Rent Roll'!$G$26:$G$325,'Unit Summary - Rent Roll'!$D$26:$D$325,Overview!M$21,'Unit Summary - Rent Roll'!$J$26:$J$325,Overview!$J34)=0,"",SUMIFS('Unit Summary - Rent Roll'!$G$26:$G$325,'Unit Summary - Rent Roll'!$D$26:$D$325,Overview!M$21,'Unit Summary - Rent Roll'!$J$26:$J$325,Overview!$J34)) | N34: =IF(SUMIFS('Unit Summary - Rent Roll'!$G$26:$G$325,'Unit Summary - Rent Roll'!$D$26:$D$325,Overview!N$21,'Unit Summary - Rent Roll'!$J$26:$J$325,Overview!$J34)=0,"",SUMIFS('Unit Summary - Rent Roll'!$G$26:$G$325,'Unit Summary - Rent Roll'!$D$26:$D$325,Overview!N$21,'Unit Summary - Rent Roll'!$J$26:$J$325,Overview!$J34)) | O34: =IF(SUMIFS('Unit Summary - Rent Roll'!$G$26:$G$325,'Unit Summary - Rent Roll'!$D$26:$D$325,Overview!O$21,'Unit Summary - Rent Roll'!$J$26:$J$325,Overview!$J34)=0,"",SUMIFS('Unit Summary - Rent Roll'!$G$26:$G$325,'Unit Summary - Rent Roll'!$D$26:$D$325,Overview!O$21,'Unit Summary - Rent Roll'!$J$26:$J$325,Overview!$J34)) | P34: =SUM(K34:O34) -> 0
B35: Market-Rate Units | C35: =SUMIFS(OFFSET('Unit Summary - Rent Roll'!$G$25,1,0):OFFSET('Unit Summary - Rent Roll'!$G$326,-1,0),OFFSET('Unit Summary - Rent Roll'!$J$25,1,0):OFFSET('Unit Summary - Rent Roll'!$J$326,-1,0),"None - Market") -> 0 | E35: Tax Credit Equity | F35: =IF($C$16="SWHP - Standard Workforce Housing Project",SUM('Financials- SWHP'!P44:P45),SUM('Financials-FTHP & GAHP'!M45:M46)) -> 0 | G35: =IFERROR(F35/$C$34,0) -> 0 | H35: =IFERROR(F35/$F$41,0) -> 0 | J35: 0.8 | K35: =IF(SUMIFS('Unit Summary - Rent Roll'!$G$26:$G$325,'Unit Summary - Rent Roll'!$D$26:$D$325,Overview!K$21,'Unit Summary - Rent Roll'!$J$26:$J$325,Overview!$J35)=0,"",SUMIFS('Unit Summary - Rent Roll'!$G$26:$G$325,'Unit Summary - Rent Roll'!$D$26:$D$325,Overview!K$21,'Unit Summary - Rent Roll'!$J$26:$J$325,Overview!$J35)) | L35: =IF(SUMIFS('Unit Summary - Rent Roll'!$G$26:$G$325,'Unit Summary - Rent Roll'!$D$26:$D$325,Overview!L$21,'Unit Summary - Rent Roll'!$J$26:$J$325,Overview!$J35)=0,"",SUMIFS('Unit Summary - Rent Roll'!$G$26:$G$325,'Unit Summary - Rent Roll'!$D$26:$D$325,Overview!L$21,'Unit Summary - Rent Roll'!$J$26:$J$325,Overview!$J35)) | M35: =IF(SUMIFS('Unit Summary - Rent Roll'!$G$26:$G$325,'Unit Summary - Rent Roll'!$D$26:$D$325,Overview!M$21,'Unit Summary - Rent Roll'!$J$26:$J$325,Overview!$J35)=0,"",SUMIFS('Unit Summary - Rent Roll'!$G$26:$G$325,'Unit Summary - Rent Roll'!$D$26:$D$325,Overview!M$21,'Unit Summary - Rent Roll'!$J$26:$J$325,Overview!$J35)) | N35: =IF(SUMIFS('Unit Summary - Rent Roll'!$G$26:$G$325,'Unit Summary - Rent Roll'!$D$26:$D$325,Overview!N$21,'Unit Summary - Rent Roll'!$J$26:$J$325,Overview!$J35)=0,"",SUMIFS('Unit Summary - Rent Roll'!$G$26:$G$325,'Unit Summary - Rent Roll'!$D$26:$D$325,Overview!N$21,'Unit Summary - Rent Roll'!$J$26:$J$325,Overview!$J35)) | O35: =IF(SUMIFS('Unit Summary - Rent Roll'!$G$26:$G$325,'Unit Summary - Rent Roll'!$D$26:$D$325,Overview!O$21,'Unit Summary - Rent Roll'!$J$26:$J$325,Overview!$J35)=0,"",SUMIFS('Unit Summary - Rent Roll'!$G$26:$G$325,'Unit Summary - Rent Roll'!$D$26:$D$325,Overview!O$21,'Unit Summary - Rent Roll'!$J$26:$J$325,Overview!$J35)) | P35: =SUM(K35:O35) -> 0
B36: Affordable Units | C36: =SUMIFS(OFFSET('Unit Summary - Rent Roll'!$G$25,1,0):OFFSET('Unit Summary - Rent Roll'!$G$326,-1,0),OFFSET('Unit Summary - Rent Roll'!$J$25,1,0):OFFSET('Unit Summary - Rent Roll'!$J$326,-1,0),">0") -> 0 | E36: Permanent Loan | F36: =IF($C$16="SWHP - Standard Workforce Housing Project",SUM('Financials- SWHP'!P37:P40),SUM('Financials-FTHP & GAHP'!M38:M41)) -> 0 | G36: =IFERROR(F36/$C$34,0) -> 0 | H36: =IFERROR(F36/$F$41,0) -> 0 | J36: 0.85 | K36: =IF(SUMIFS('Unit Summary - Rent Roll'!$G$26:$G$325,'Unit Summary - Rent Roll'!$D$26:$D$325,Overview!K$21,'Unit Summary - Rent Roll'!$J$26:$J$325,Overview!$J36)=0,"",SUMIFS('Unit Summary - Rent Roll'!$G$26:$G$325,'Unit Summary - Rent Roll'!$D$26:$D$325,Overview!K$21,'Unit Summary - Rent Roll'!$J$26:$J$325,Overview!$J36)) | L36: =IF(SUMIFS('Unit Summary - Rent Roll'!$G$26:$G$325,'Unit Summary - Rent Roll'!$D$26:$D$325,Overview!L$21,'Unit Summary - Rent Roll'!$J$26:$J$325,Overview!$J36)=0,"",SUMIFS('Unit Summary - Rent Roll'!$G$26:$G$325,'Unit Summary - Rent Roll'!$D$26:$D$325,Overview!L$21,'Unit Summary - Rent Roll'!$J$26:$J$325,Overview!$J36)) | M36: =IF(SUMIFS('Unit Summary - Rent Roll'!$G$26:$G$325,'Unit Summary - Rent Roll'!$D$26:$D$325,Overview!M$21,'Unit Summary - Rent Roll'!$J$26:$J$325,Overview!$J36)=0,"",SUMIFS('Unit Summary - Rent Roll'!$G$26:$G$325,'Unit Summary - Rent Roll'!$D$26:$D$325,Overview!M$21,'Unit Summary - Rent Roll'!$J$26:$J$325,Overview!$J36)) | N36: =IF(SUMIFS('Unit Summary - Rent Roll'!$G$26:$G$325,'Unit Summary - Rent Roll'!$D$26:$D$325,Overview!N$21,'Unit Summary - Rent Roll'!$J$26:$J$325,Overview!$J36)=0,"",SUMIFS('Unit Summary - Rent Roll'!$G$26:$G$325,'Unit Summary - Rent Roll'!$D$26:$D$325,Overview!N$21,'Unit Summary - Rent Roll'!$J$26:$J$325,Overview!$J36)) | O36: =IF(SUMIFS('Unit Summary - Rent Roll'!$G$26:$G$325,'Unit Summary - Rent Roll'!$D$26:$D$325,Overview!O$21,'Unit Summary - Rent Roll'!$J$26:$J$325,Overview!$J36)=0,"",SUMIFS('Unit Summary - Rent Roll'!$G$26:$G$325,'Unit Summary - Rent Roll'!$D$26:$D$325,Overview!O$21,'Unit Summary - Rent Roll'!$J$26:$J$325,Overview!$J36)) | P36: =SUM(K36:O36) -> 0
B37: PSH Units | C37: =SUMIFS(OFFSET('Unit Summary - Rent Roll'!$G$25,1,0):OFFSET('Unit Summary - Rent Roll'!$G$326,-1,0),OFFSET('Unit Summary - Rent Roll'!$J$25,1,0):OFFSET('Unit Summary - Rent Roll'!$J$326,-1,0),"PSH") -> 0 | E37: Deferred Developer Fee | F37: =IF($C$16="SWHP - Standard Workforce Housing Project",'Financials- SWHP'!P46,'Financials-FTHP & GAHP'!M47) -> 0 | G37: =IFERROR(F37/$C$34,0) -> 0 | H37: =IFERROR(F37/$F$41,0) -> 0 | J37: 0.9 | K37: =IF(SUMIFS('Unit Summary - Rent Roll'!$G$26:$G$325,'Unit Summary - Rent Roll'!$D$26:$D$325,Overview!K$21,'Unit Summary - Rent Roll'!$J$26:$J$325,Overview!$J37)=0,"",SUMIFS('Unit Summary - Rent Roll'!$G$26:$G$325,'Unit Summary - Rent Roll'!$D$26:$D$325,Overview!K$21,'Unit Summary - Rent Roll'!$J$26:$J$325,Overview!$J37)) | L37: =IF(SUMIFS('Unit Summary - Rent Roll'!$G$26:$G$325,'Unit Summary - Rent Roll'!$D$26:$D$325,Overview!L$21,'Unit Summary - Rent Roll'!$J$26:$J$325,Overview!$J37)=0,"",SUMIFS('Unit Summary - Rent Roll'!$G$26:$G$325,'Unit Summary - Rent Roll'!$D$26:$D$325,Overview!L$21,'Unit Summary - Rent Roll'!$J$26:$J$325,Overview!$J37)) | M37: =IF(SUMIFS('Unit Summary - Rent Roll'!$G$26:$G$325,'Unit Summary - Rent Roll'!$D$26:$D$325,Overview!M$21,'Unit Summary - Rent Roll'!$J$26:$J$325,Overview!$J37)=0,"",SUMIFS('Unit Summary - Rent Roll'!$G$26:$G$325,'Unit Summary - Rent Roll'!$D$26:$D$325,Overview!M$21,'Unit Summary - Rent Roll'!$J$26:$J$325,Overview!$J37)) | N37: =IF(SUMIFS('Unit Summary - Rent Roll'!$G$26:$G$325,'Unit Summary - Rent Roll'!$D$26:$D$325,Overview!N$21,'Unit Summary - Rent Roll'!$J$26:$J$325,Overview!$J37)=0,"",SUMIFS('Unit Summary - Rent Roll'!$G$26:$G$325,'Unit Summary - Rent Roll'!$D$26:$D$325,Overview!N$21,'Unit Summary - Rent Roll'!$J$26:$J$325,Overview!$J37)) | O37: =IF(SUMIFS('Unit Summary - Rent Roll'!$G$26:$G$325,'Unit Summary - Rent Roll'!$D$26:$D$325,Overview!O$21,'Unit Summary - Rent Roll'!$J$26:$J$325,Overview!$J37)=0,"",SUMIFS('Unit Summary - Rent Roll'!$G$26:$G$325,'Unit Summary - Rent Roll'!$D$26:$D$325,Overview!O$21,'Unit Summary - Rent Roll'!$J$26:$J$325,Overview!$J37)) | P37: =SUM(K37:O37) -> 0
B38: Commercial Units | E38: Grants | F38: =IF($C$16="SWHP - Standard Workforce Housing Project",SUM('Financials- SWHP'!P41:P43),SUM('Financials-FTHP & GAHP'!M42:M44)) -> 0 | G38: =IFERROR(F38/$C$34,0) -> 0 | H38: =IFERROR(F38/$F$41,0) -> 0 | J38: 0.95 | K38: =IF(SUMIFS('Unit Summary - Rent Roll'!$G$26:$G$325,'Unit Summary - Rent Roll'!$D$26:$D$325,Overview!K$21,'Unit Summary - Rent Roll'!$J$26:$J$325,Overview!$J38)=0,"",SUMIFS('Unit Summary - Rent Roll'!$G$26:$G$325,'Unit Summary - Rent Roll'!$D$26:$D$325,Overview!K$21,'Unit Summary - Rent Roll'!$J$26:$J$325,Overview!$J38)) | L38: =IF(SUMIFS('Unit Summary - Rent Roll'!$G$26:$G$325,'Unit Summary - Rent Roll'!$D$26:$D$325,Overview!L$21,'Unit Summary - Rent Roll'!$J$26:$J$325,Overview!$J38)=0,"",SUMIFS('Unit Summary - Rent Roll'!$G$26:$G$325,'Unit Summary - Rent Roll'!$D$26:$D$325,Overview!L$21,'Unit Summary - Rent Roll'!$J$26:$J$325,Overview!$J38)) | M38: =IF(SUMIFS('Unit Summary - Rent Roll'!$G$26:$G$325,'Unit Summary - Rent Roll'!$D$26:$D$325,Overview!M$21,'Unit Summary - Rent Roll'!$J$26:$J$325,Overview!$J38)=0,"",SUMIFS('Unit Summary - Rent Roll'!$G$26:$G$325,'Unit Summary - Rent Roll'!$D$26:$D$325,Overview!M$21,'Unit Summary - Rent Roll'!$J$26:$J$325,Overview!$J38)) | N38: =IF(SUMIFS('Unit Summary - Rent Roll'!$G$26:$G$325,'Unit Summary - Rent Roll'!$D$26:$D$325,Overview!N$21,'Unit Summary - Rent Roll'!$J$26:$J$325,Overview!$J38)=0,"",SUMIFS('Unit Summary - Rent Roll'!$G$26:$G$325,'Unit Summary - Rent Roll'!$D$26:$D$325,Overview!N$21,'Unit Summary - Rent Roll'!$J$26:$J$325,Overview!$J38)) | O38: =IF(SUMIFS('Unit Summary - Rent Roll'!$G$26:$G$325,'Unit Summary - Rent Roll'!$D$26:$D$325,Overview!O$21,'Unit Summary - Rent Roll'!$J$26:$J$325,Overview!$J38)=0,"",SUMIFS('Unit Summary - Rent Roll'!$G$26:$G$325,'Unit Summary - Rent Roll'!$D$26:$D$325,Overview!O$21,'Unit Summary - Rent Roll'!$J$26:$J$325,Overview!$J38)) | P38: =SUM(K38:O38) -> 0
B39: Residential Rentable SF | C39: ='Unit Summary - Rent Roll'!$H$326 -> 0 | E39: Other | F39: =IF($C$16="SWHP - Standard Workforce Housing Project",SUM('Financials- SWHP'!P47,'Financials- SWHP'!P50:P51),SUM('Financials-FTHP & GAHP'!M48,'Financials-FTHP & GAHP'!M51:M52)) -> 0 | G39: =IFERROR(F39/$C$34,0) -> 0 | H39: =IFERROR(F39/$F$41,0) -> 0 | J39: 1 | K39: =IF(SUMIFS('Unit Summary - Rent Roll'!$G$26:$G$325,'Unit Summary - Rent Roll'!$D$26:$D$325,Overview!K$21,'Unit Summary - Rent Roll'!$J$26:$J$325,Overview!$J39)=0,"",SUMIFS('Unit Summary - Rent Roll'!$G$26:$G$325,'Unit Summary - Rent Roll'!$D$26:$D$325,Overview!K$21,'Unit Summary - Rent Roll'!$J$26:$J$325,Overview!$J39)) | L39: =IF(SUMIFS('Unit Summary - Rent Roll'!$G$26:$G$325,'Unit Summary - Rent Roll'!$D$26:$D$325,Overview!L$21,'Unit Summary - Rent Roll'!$J$26:$J$325,Overview!$J39)=0,"",SUMIFS('Unit Summary - Rent Roll'!$G$26:$G$325,'Unit Summary - Rent Roll'!$D$26:$D$325,Overview!L$21,'Unit Summary - Rent Roll'!$J$26:$J$325,Overview!$J39)) | M39: =IF(SUMIFS('Unit Summary - Rent Roll'!$G$26:$G$325,'Unit Summary - Rent Roll'!$D$26:$D$325,Overview!M$21,'Unit Summary - Rent Roll'!$J$26:$J$325,Overview!$J39)=0,"",SUMIFS('Unit Summary - Rent Roll'!$G$26:$G$325,'Unit Summary - Rent Roll'!$D$26:$D$325,Overview!M$21,'Unit Summary - Rent Roll'!$J$26:$J$325,Overview!$J39)) | N39: =IF(SUMIFS('Unit Summary - Rent Roll'!$G$26:$G$325,'Unit Summary - Rent Roll'!$D$26:$D$325,Overview!N$21,'Unit Summary - Rent Roll'!$J$26:$J$325,Overview!$J39)=0,"",SUMIFS('Unit Summary - Rent Roll'!$G$26:$G$325,'Unit Summary - Rent Roll'!$D$26:$D$325,Overview!N$21,'Unit Summary - Rent Roll'!$J$26:$J$325,Overview!$J39)) | O39: =IF(SUMIFS('Unit Summary - Rent Roll'!$G$26:$G$325,'Unit Summary - Rent Roll'!$D$26:$D$325,Overview!O$21,'Unit Summary - Rent Roll'!$J$26:$J$325,Overview!$J39)=0,"",SUMIFS('Unit Summary - Rent Roll'!$G$26:$G$325,'Unit Summary - Rent Roll'!$D$26:$D$325,Overview!O$21,'Unit Summary - Rent Roll'!$J$26:$J$325,Overview!$J39)) | P39: =SUM(K39:O39) -> 0
B40: Market-Rate Rentable SF | C40: =SUMIFS(OFFSET('Unit Summary - Rent Roll'!$H$25,1,0):OFFSET('Unit Summary - Rent Roll'!$H$326,-1,0),OFFSET('Unit Summary - Rent Roll'!$J$25,1,0):OFFSET('Unit Summary - Rent Roll'!$J$326,-1,0),"None - Market") -> 0 | E40: Gap | F40: =IF($C$16="SWHP - Standard Workforce Housing Project",'Financials- SWHP'!P49,'Financials-FTHP & GAHP'!M50) -> 0 | G40: =IFERROR(F40/$C$34,0) -> 0 | H40: =IFERROR(F40/$F$41,0) -> 0 | J40: 1.05 | K40: =IF(SUMIFS('Unit Summary - Rent Roll'!$G$26:$G$325,'Unit Summary - Rent Roll'!$D$26:$D$325,Overview!K$21,'Unit Summary - Rent Roll'!$J$26:$J$325,Overview!$J40)=0,"",SUMIFS('Unit Summary - Rent Roll'!$G$26:$G$325,'Unit Summary - Rent Roll'!$D$26:$D$325,Overview!K$21,'Unit Summary - Rent Roll'!$J$26:$J$325,Overview!$J40)) | L40: =IF(SUMIFS('Unit Summary - Rent Roll'!$G$26:$G$325,'Unit Summary - Rent Roll'!$D$26:$D$325,Overview!L$21,'Unit Summary - Rent Roll'!$J$26:$J$325,Overview!$J40)=0,"",SUMIFS('Unit Summary - Rent Roll'!$G$26:$G$325,'Unit Summary - Rent Roll'!$D$26:$D$325,Overview!L$21,'Unit Summary - Rent Roll'!$J$26:$J$325,Overview!$J40)) | M40: =IF(SUMIFS('Unit Summary - Rent Roll'!$G$26:$G$325,'Unit Summary - Rent Roll'!$D$26:$D$325,Overview!M$21,'Unit Summary - Rent Roll'!$J$26:$J$325,Overview!$J40)=0,"",SUMIFS('Unit Summary - Rent Roll'!$G$26:$G$325,'Unit Summary - Rent Roll'!$D$26:$D$325,Overview!M$21,'Unit Summary - Rent Roll'!$J$26:$J$325,Overview!$J40)) | N40: =IF(SUMIFS('Unit Summary - Rent Roll'!$G$26:$G$325,'Unit Summary - Rent Roll'!$D$26:$D$325,Overview!N$21,'Unit Summary - Rent Roll'!$J$26:$J$325,Overview!$J40)=0,"",SUMIFS('Unit Summary - Rent Roll'!$G$26:$G$325,'Unit Summary - Rent Roll'!$D$26:$D$325,Overview!N$21,'Unit Summary - Rent Roll'!$J$26:$J$325,Overview!$J40)) | O40: =IF(SUMIFS('Unit Summary - Rent Roll'!$G$26:$G$325,'Unit Summary - Rent Roll'!$D$26:$D$325,Overview!O$21,'Unit Summary - Rent Roll'!$J$26:$J$325,Overview!$J40)=0,"",SUMIFS('Unit Summary - Rent Roll'!$G$26:$G$325,'Unit Summary - Rent Roll'!$D$26:$D$325,Overview!O$21,'Unit Summary - Rent Roll'!$J$26:$J$325,Overview!$J40)) | P40: =SUM(K40:O40) -> 0
B41: Affordable Rentable SF | C41: =SUMIFS(OFFSET('Unit Summary - Rent Roll'!$H$25,1,0):OFFSET('Unit Summary - Rent Roll'!$H$326,-1,0),OFFSET('Unit Summary - Rent Roll'!$J$25,1,0):OFFSET('Unit Summary - Rent Roll'!$J$326,-1,0),">0") -> 0 | E41: Total Permanent Sources | F41: =SUM(F34:F40) -> 0 | G41: =IFERROR(F41/$C$34,0) -> 0 | H41: =IFERROR(F41/$F$41,0) -> 0 | J41: 1.1 | K41: =IF(SUMIFS('Unit Summary - Rent Roll'!$G$26:$G$325,'Unit Summary - Rent Roll'!$D$26:$D$325,Overview!K$21,'Unit Summary - Rent Roll'!$J$26:$J$325,Overview!$J41)=0,"",SUMIFS('Unit Summary - Rent Roll'!$G$26:$G$325,'Unit Summary - Rent Roll'!$D$26:$D$325,Overview!K$21,'Unit Summary - Rent Roll'!$J$26:$J$325,Overview!$J41)) | L41: =IF(SUMIFS('Unit Summary - Rent Roll'!$G$26:$G$325,'Unit Summary - Rent Roll'!$D$26:$D$325,Overview!L$21,'Unit Summary - Rent Roll'!$J$26:$J$325,Overview!$J41)=0,"",SUMIFS('Unit Summary - Rent Roll'!$G$26:$G$325,'Unit Summary - Rent Roll'!$D$26:$D$325,Overview!L$21,'Unit Summary - Rent Roll'!$J$26:$J$325,Overview!$J41)) | M41: =IF(SUMIFS('Unit Summary - Rent Roll'!$G$26:$G$325,'Unit Summary - Rent Roll'!$D$26:$D$325,Overview!M$21,'Unit Summary - Rent Roll'!$J$26:$J$325,Overview!$J41)=0,"",SUMIFS('Unit Summary - Rent Roll'!$G$26:$G$325,'Unit Summary - Rent Roll'!$D$26:$D$325,Overview!M$21,'Unit Summary - Rent Roll'!$J$26:$J$325,Overview!$J41)) | N41: =IF(SUMIFS('Unit Summary - Rent Roll'!$G$26:$G$325,'Unit Summary - Rent Roll'!$D$26:$D$325,Overview!N$21,'Unit Summary - Rent Roll'!$J$26:$J$325,Overview!$J41)=0,"",SUMIFS('Unit Summary - Rent Roll'!$G$26:$G$325,'Unit Summary - Rent Roll'!$D$26:$D$325,Overview!N$21,'Unit Summary - Rent Roll'!$J$26:$J$325,Overview!$J41)) | O41: =IF(SUMIFS('Unit Summary - Rent Roll'!$G$26:$G$325,'Unit Summary - Rent Roll'!$D$26:$D$325,Overview!O$21,'Unit Summary - Rent Roll'!$J$26:$J$325,Overview!$J41)=0,"",SUMIFS('Unit Summary - Rent Roll'!$G$26:$G$325,'Unit Summary - Rent Roll'!$D$26:$D$325,Overview!O$21,'Unit Summary - Rent Roll'!$J$26:$J$325,Overview!$J41)) | P41: =SUM(K41:O41) -> 0
B42: Commercial Rentable SF | F42: =IF(F41=F47,TRUE,FALSE) -> TRUE | J42: 1.15 | K42: =IF(SUMIFS('Unit Summary - Rent Roll'!$G$26:$G$325,'Unit Summary - Rent Roll'!$D$26:$D$325,Overview!K$21,'Unit Summary - Rent Roll'!$J$26:$J$325,Overview!$J42)=0,"",SUMIFS('Unit Summary - Rent Roll'!$G$26:$G$325,'Unit Summary - Rent Roll'!$D$26:$D$325,Overview!K$21,'Unit Summary - Rent Roll'!$J$26:$J$325,Overview!$J42)) | L42: =IF(SUMIFS('Unit Summary - Rent Roll'!$G$26:$G$325,'Unit Summary - Rent Roll'!$D$26:$D$325,Overview!L$21,'Unit Summary - Rent Roll'!$J$26:$J$325,Overview!$J42)=0,"",SUMIFS('Unit Summary - Rent Roll'!$G$26:$G$325,'Unit Summary - Rent Roll'!$D$26:$D$325,Overview!L$21,'Unit Summary - Rent Roll'!$J$26:$J$325,Overview!$J42)) | M42: =IF(SUMIFS('Unit Summary - Rent Roll'!$G$26:$G$325,'Unit Summary - Rent Roll'!$D$26:$D$325,Overview!M$21,'Unit Summary - Rent Roll'!$J$26:$J$325,Overview!$J42)=0,"",SUMIFS('Unit Summary - Rent Roll'!$G$26:$G$325,'Unit Summary - Rent Roll'!$D$26:$D$325,Overview!M$21,'Unit Summary - Rent Roll'!$J$26:$J$325,Overview!$J42)) | N42: =IF(SUMIFS('Unit Summary - Rent Roll'!$G$26:$G$325,'Unit Summary - Rent Roll'!$D$26:$D$325,Overview!N$21,'Unit Summary - Rent Roll'!$J$26:$J$325,Overview!$J42)=0,"",SUMIFS('Unit Summary - Rent Roll'!$G$26:$G$325,'Unit Summary - Rent Roll'!$D$26:$D$325,Overview!N$21,'Unit Summary - Rent Roll'!$J$26:$J$325,Overview!$J42)) | O42: =IF(SUMIFS('Unit Summary - Rent Roll'!$G$26:$G$325,'Unit Summary - Rent Roll'!$D$26:$D$325,Overview!O$21,'Unit Summary - Rent Roll'!$J$26:$J$325,Overview!$J42)=0,"",SUMIFS('Unit Summary - Rent Roll'!$G$26:$G$325,'Unit Summary - Rent Roll'!$D$26:$D$325,Overview!O$21,'Unit Summary - Rent Roll'!$J$26:$J$325,Overview!$J42)) | P42: =SUM(K42:O42) -> 0
B43: Non-Rentable SF | C43: =C33-C39-C42 -> 0 | E43: Uses | J43: 1.2 | K43: =IF(SUMIFS('Unit Summary - Rent Roll'!$G$26:$G$325,'Unit Summary - Rent Roll'!$D$26:$D$325,Overview!K$21,'Unit Summary - Rent Roll'!$J$26:$J$325,Overview!$J43)=0,"",SUMIFS('Unit Summary - Rent Roll'!$G$26:$G$325,'Unit Summary - Rent Roll'!$D$26:$D$325,Overview!K$21,'Unit Summary - Rent Roll'!$J$26:$J$325,Overview!$J43)) | L43: =IF(SUMIFS('Unit Summary - Rent Roll'!$G$26:$G$325,'Unit Summary - Rent Roll'!$D$26:$D$325,Overview!L$21,'Unit Summary - Rent Roll'!$J$26:$J$325,Overview!$J43)=0,"",SUMIFS('Unit Summary - Rent Roll'!$G$26:$G$325,'Unit Summary - Rent Roll'!$D$26:$D$325,Overview!L$21,'Unit Summary - Rent Roll'!$J$26:$J$325,Overview!$J43)) | M43: =IF(SUMIFS('Unit Summary - Rent Roll'!$G$26:$G$325,'Unit Summary - Rent Roll'!$D$26:$D$325,Overview!M$21,'Unit Summary - Rent Roll'!$J$26:$J$325,Overview!$J43)=0,"",SUMIFS('Unit Summary - Rent Roll'!$G$26:$G$325,'Unit Summary - Rent Roll'!$D$26:$D$325,Overview!M$21,'Unit Summary - Rent Roll'!$J$26:$J$325,Overview!$J43)) | N43: =IF(SUMIFS('Unit Summary - Rent Roll'!$G$26:$G$325,'Unit Summary - Rent Roll'!$D$26:$D$325,Overview!N$21,'Unit Summary - Rent Roll'!$J$26:$J$325,Overview!$J43)=0,"",SUMIFS('Unit Summary - Rent Roll'!$G$26:$G$325,'Unit Summary - Rent Roll'!$D$26:$D$325,Overview!N$21,'Unit Summary - Rent Roll'!$J$26:$J$325,Overview!$J43)) | O43: =IF(SUMIFS('Unit Summary - Rent Roll'!$G$26:$G$325,'Unit Summary - Rent Roll'!$D$26:$D$325,Overview!O$21,'Unit Summary - Rent Roll'!$J$26:$J$325,Overview!$J43)=0,"",SUMIFS('Unit Summary - Rent Roll'!$G$26:$G$325,'Unit Summary - Rent Roll'!$D$26:$D$325,Overview!O$21,'Unit Summary - Rent Roll'!$J$26:$J$325,Overview!$J43)) | P43: =SUM(K43:O43) -> 0
B44: Occupancy % | C44: ='Unit Summary - Rent Roll'!F327 -> 0 | E44: Acquisition Costs | F44: =IF($C$16="SWHP - Standard Workforce Housing Project",'Financials- SWHP'!P55,'Financials-FTHP & GAHP'!M56) -> 0 | G44: =IFERROR(F44/$C$34,0) -> 0 | H44: =IFERROR(F44/$F$47,0) -> 0 | J44: None - Market | K44: =IF(SUMIFS('Unit Summary - Rent Roll'!$G$26:$G$325,'Unit Summary - Rent Roll'!$D$26:$D$325,Overview!K$21,'Unit Summary - Rent Roll'!$J$26:$J$325,Overview!$J44)=0,"",SUMIFS('Unit Summary - Rent Roll'!$G$26:$G$325,'Unit Summary - Rent Roll'!$D$26:$D$325,Overview!K$21,'Unit Summary - Rent Roll'!$J$26:$J$325,Overview!$J44)) | L44: =IF(SUMIFS('Unit Summary - Rent Roll'!$G$26:$G$325,'Unit Summary - Rent Roll'!$D$26:$D$325,Overview!L$21,'Unit Summary - Rent Roll'!$J$26:$J$325,Overview!$J44)=0,"",SUMIFS('Unit Summary - Rent Roll'!$G$26:$G$325,'Unit Summary - Rent Roll'!$D$26:$D$325,Overview!L$21,'Unit Summary - Rent Roll'!$J$26:$J$325,Overview!$J44)) | M44: =IF(SUMIFS('Unit Summary - Rent Roll'!$G$26:$G$325,'Unit Summary - Rent Roll'!$D$26:$D$325,Overview!M$21,'Unit Summary - Rent Roll'!$J$26:$J$325,Overview!$J44)=0,"",SUMIFS('Unit Summary - Rent Roll'!$G$26:$G$325,'Unit Summary - Rent Roll'!$D$26:$D$325,Overview!M$21,'Unit Summary - Rent Roll'!$J$26:$J$325,Overview!$J44)) | N44: =IF(SUMIFS('Unit Summary - Rent Roll'!$G$26:$G$325,'Unit Summary - Rent Roll'!$D$26:$D$325,Overview!N$21,'Unit Summary - Rent Roll'!$J$26:$J$325,Overview!$J44)=0,"",SUMIFS('Unit Summary - Rent Roll'!$G$26:$G$325,'Unit Summary - Rent Roll'!$D$26:$D$325,Overview!N$21,'Unit Summary - Rent Roll'!$J$26:$J$325,Overview!$J44)) | O44: =IF(SUMIFS('Unit Summary - Rent Roll'!$G$26:$G$325,'Unit Summary - Rent Roll'!$D$26:$D$325,Overview!O$21,'Unit Summary - Rent Roll'!$J$26:$J$325,Overview!$J44)=0,"",SUMIFS('Unit Summary - Rent Roll'!$G$26:$G$325,'Unit Summary - Rent Roll'!$D$26:$D$325,Overview!O$21,'Unit Summary - Rent Roll'!$J$26:$J$325,Overview!$J44)) | P44: =SUM(K44:O44) -> 0
B45: Average AMI % | C45: ='Unit Summary - Rent Roll'!J326 -> NA | E45: Hard Costs | F45: =IF($C$16="SWHP - Standard Workforce Housing Project",'Financials- SWHP'!P56,'Financials-FTHP & GAHP'!M57) -> 0 | G45: =IFERROR(F45/$C$34,0) -> 0 | H45: =IFERROR(F45/$F$47,0) -> 0 | J45: Total | K45: =SUM(K22:K44) -> 0 | L45: =SUM(L22:L44) -> 0 | M45: =SUM(M22:M44) -> 0 | N45: =SUM(N22:N44) -> 0 | O45: =SUM(O22:O44) -> 0 | P45: =SUM(P22:P44) -> 0
B46: % of Affordable Units | C46: ='Unit Summary - Rent Roll'!J327 -> NA | E46: Soft Costs | F46: =IF($C$16="SWHP - Standard Workforce Housing Project",'Financials- SWHP'!P57,'Financials-FTHP & GAHP'!M58) -> 0 | G46: =IFERROR(F46/$C$34,0) -> 0 | H46: =IFERROR(F46/$F$47,0) -> 0
E47: Total Uses | F47: =SUM(F44:F46) -> 0 | G47: =IFERROR(F47/$C$34,0) -> 0 | H47: =IFERROR(F47/$F$47,0) -> 0 | J47: Gross Potential Rent Escalation Table - For Assessor's Office Only
J48: =IF(C30=0,"",_xlfn.CONCAT("Start Year = ",C30)) | K48: 1 | L48: =K48+1 -> 2 | M48: =L48+1 -> 3 | N48: =M48+1 -> 4 | O48: =N48+1 -> 5 | P48: =O48+1 -> 6 | Q48: =P48+1 -> 7 | R48: =Q48+1 -> 8 | S48: =R48+1 -> 9 | ... Y48: =X48+1 -> 15
J49: Escalation Factor | L49: 0.02 | M49: =L49 -> 0.02 | N49: 0.02 | O49: 0.02 | P49: 0.02 | Q49: 0.02 | R49: 0.02 | S49: 0.02 | T49: 0.02 | U49: 0.02 | V49: 0.02 | W49: 0.02 | X49: 0.02 | Y49: 0.02
J50: Gross Potential Rent | K50: ='Unit Summary - Rent Roll'!$Z$326 -> 0 | L50: =K50*(1+L49) -> 0 | M50: =L50*(1+M49) -> 0 | N50: =M50*(1+N49) -> 0 | O50: =N50*(1+O49) -> 0 | P50: =O50*(1+P49) -> 0 | Q50: =P50*(1+Q49) -> 0 | R50: =Q50*(1+R49) -> 0 | S50: =R50*(1+S49) -> 0 | ... Y50: =X50*(1+Y49) -> 0

Sheet Unit Summary - Rent Roll
B1: City of Detroit Housing & Revitalization Department
B2: Rent Roll
B4: Instructions: Input unit details for all residential units including income-restricted, PSH, and market rate. - Properties with occupied units: Use this tab as a rent roll, unit by unit, entering "1" in Column H. For each occupied unit, select "Y" in Column G and enter current tenant data into Columns M-T. See example in row 25 and "Tenant Retention Rules" tab for details on allowable rent/compliance for tenant income relative to unit restriction. - Vacant Properties/New Construction: Enter unit mix by bedroom type and affordability restriction. In column H, enter the number of units of the applicable type. See example in row 24. -"Tenant Paid Utilities" complete the table in Column Z marking "Y" for any utilities paid by tenants to determine the MSHDA utility allowances (located on the Data tab) to determine restricted affordable net rent (column Z). Option to use the "manual overrides" table for affordable rent per month and tenant-paid utilities per month by unit type. -If there are market rate aka Unrestricted units, select "Market" in both columns J, K and L. -If there are Project-Based Voucher (PBV) units, select "PBV - Income Restricted" in Column J and indicate the total rent amount, not the amount paid by the tenant, in column U. -Note: "Proposed rent," "Restricted rent," and "Assumed rent" are based on currently-available MSHDA/HUD data. Allowable rents during PILOT will depend on values at the time a lease is entered into. | V4: Tenant Paid Utilities
V5: Utility | X5: Tenant Paid?
V6: Heating | W6: Natural Gas | X6: N
W7: Electric (resistance) | X7: N
W8: Electric (heat pump) | X8: N
V9: Cooking | W9: Natural Gas | X9: N
W10: Electric | X10: N
V11: Hot Water | W11: Natural Gas | X11: N
W12: Electric | X12: N | AD12: Manual Overrides
V13: Other Electric | X13: N | AD13: Unit Type | AE13: $ Rent / Mo | AF13: $ Utility / Mo
V14: Water | X14: N | AD14: Studio | AE14: 0 | AF14: 0
V15: Sewer | X15: N | AD15: 1 Bedroom | AE15: 0 | AF15: 0
V16: Trash | X16: N | AD16: 2 Bedroom | AE16: 0 | AF16: 0
V17: Natural Gas Service Charge | X17: N | AD17: 3 Bedroom | AE17: 0 | AF17: 0
B18: Color Index: | C18: Blue = Input | D18: Green = Lookup | E18: Black = Calculation | F18: Red = Invalid Input | V18: Electric Service Charge | X18: N | AD18: 4+ Bedroom | AE18: 0 | AF18: 0
B21: Rent Roll | L21: ONLY FILL OUT IF OCCUPIED, OTHERWISE INPUT "NA" OR "0" AS SHOWN BELOW
P22: Current Rent (As Occupied) | S22: Proposed Initial Lease Rent (As Completed) | V22: Restricted Affordable Rent | AA22: Assumed Rent
B23: Unit Number | C23: Unit Description | D23: Unit Size | E23: Unit SF | F23: Occupied? (Y/N) | G23: # of Total Units | H23: Total SF | I23: Affordability Type At Completion | J23: Max % Unit Income Restriction At Completion | K23: Rent Restriction At Completion | L23: Current $ Annual Household Income | M23: Current # of Household Persons | N23: Current Household AMI | O23: Tenant Has Voucher? | P23: $ Rent / Mo | Q23: Rent per SF ($/Mo/SF) | R23: Annual Current Rent ($/yr) | S23: Rent ($/Mo) | T23: Rent PSF ($/Mo/PSF) | U23: Annual Future Rent ($/yr) | V23: Base Restricted Rent ($/Mo) | W23: Utility Allowance ($/Mo) | X23: Max Allowable Rent ($/Mo) | Y23: Max Allowable Rent PSF ($/Mo/PSF) | Z23: Gross Potential Rent ($/yr) | AA23: $ Rent / Mo | AB23: $ Rent PSF / Mo | AC23: $ Assumed Annual Rent | AD23: Proposed Rent Within Income Restriction? | AE23: Proposed Rent Compliant per Tenant Retention? | AF23: Proposed Rent Within 30% of Tenant Income? | AG23: Proposed Rent Increase < 5%? | AH23: Tenant Retention Category | AI23: Current Tenant Compliance Policy
B24: Sample - Vacant | C24: 1A | D24: 1 Bedroom | E24: 500 | F24: N | G24: 10 | H24: =G24*E24 -> 5000 | I24: Income-Restricted | J24: 0.8 | K24: MSHDA AMI | L24: 0 | M24: NA | N24: =IF(OR(L24=0,M24="NA"),"NA",IFERROR(INDEX('Data - Reference'!$B$37:$B$52,MATCH('Unit Summary - Rent Roll'!$L24,INDEX('Data - Reference'!$B$37:$J$52,,MATCH('Unit Summary - Rent Roll'!$M24,'Data - Reference'!$B$37:$J$37,0)),-1),1),">120% AMI")) -> NA | O24: N | P24: 0 | Q24: =IFERROR(P24/$E24,0) -> 0 | R24: =IF(F24="Y",P24*$G24*12,0) -> 0 | S24: 996 | T24: 1.8 | U24: 10800 | V24: 1080 | W24: -84 | X24: 996 | Y24: 1.99 | Z24: 11952 | AA24: =IF(AND($P24=$S24,$P24>0,$S24>0,$X24>0),MIN($P24,$S24,$X24), IF(AND($P24<$S24,$X24>0),MIN($S24,$X24), $S24)) -> 996 | AB24: =IFERROR(AA24/$E24,0) -> 1.992 | AC24: =AA24*$G24*12 -> 119520 | AD24: =IFERROR(IF(I24="Market","NA",IF(S24=0,"NA",IF(S24>X24,"N","Y"))),"NA") -> Y | AE24: =IFERROR(IF(AG24="Y","Y", IF(AND(AG24="N",AF24="Input Current Household Income"),"TBD", IF(AND(OR(AH24="1a",AH24="2a"),OR(AF24="Y",AG24="Y")),"Y", IF(AND(OR(AH24="1b",AH24="2b"),AD24="Y"),"Y", IF(AH24="4","Y", IF(AH24="NA","NA", "N")))))),"NA") -> NA | AF24: =IFERROR(IF(OR(F24="N",AC24=0),"NA", IF(L24=0,"Input Current Household Income", IF(F24="Y",IF(OR(I24="PBV - Income-Restricted",I24="PBRA - Income-Restricted",(S24-W24)<=L24/12*0.3),"Y","N"),"NA"))),"NA") -> NA | AG24: =IFERROR(IF(AC24=0,"NA", IF(F24="Y",IF(AA24/P24-1<=0.05,"Y","N"),"NA")),"NA") -> NA | AH24: =IFERROR(IF(F24="N","NA", (IF(AND(I24="Market",N24>80%),"4", IF(AND(N24<>"NA",OR(N24>120%,N24=">150% AMI")),"3b", IF(AND(N24<=J24,N24<=80%),"1a", IF(AND(N24<=J24,N24>80%,N24<=120%),"1b", IF(AND(N24>J24,N24<=80%),"2a", IF(AND(N24>80%,N24<=120%,N24-J24<=20%),"2b", IF(AND(N24>80%,N24<=120%,N24-J24>20%),"3a", "Other"))))))))),"NA") -> NA | AI24: =IFERROR(IF(AF24=0,"NA", IF(H24="Y",IF(OR(K24="PBV - Income-Restricted",AC24/R24-1<=0.05),"Y","N"),"NA")),"NA") -> NA
B25: Sample - Occupied | C25: 1A | D25: 1 Bedroom | E25: 500 | F25: Y | G25: 1 | H25: 500 | I25: Income-Restricted | J25: 0.8 | K25: MSHDA AMI | L25: 35000 | M25: 1 Person | N25: =IF(OR(L25=0,M25="NA"),"NA",IFERROR(INDEX('Data - Reference'!$B$37:$B$52,MATCH('Unit Summary - Rent Roll'!$L25,INDEX('Data - Reference'!$B$37:$J$52,,MATCH('Unit Summary - Rent Roll'!$M25,'Data - Reference'!$B$37:$J$37,0)),-1),1),">120% AMI")) -> 0.5 | O25: N | P25: 800 | Q25: 1.6 | R25: 9600 | S25: 1500 | T25: 1.8 | U25: 10800 | V25: 1080 | W25: -84 | X25: 996 | Y25: 1.99 | Z25: 11952 | AA25: =IF(AND($P25=$S25,$P25>0,$S25>0,$X25>0),MIN($P25,$S25,$X25), IF(AND($P25<$S25,$X25>0),MIN($S25,$X25), $S25)) -> 996 | AB25: =IFERROR(AA25/$E25,0) -> 1.992 | AC25: =AA25*$G25*12 -> 11952 | AD25: =IFERROR(IF(I25="Market","NA",IF(S25=0,"NA",IF(S25>X25,"N","Y"))),"NA") -> N | AE25: =IFERROR(IF(AG25="Y","Y", IF(AND(AG25="N",AF25="Input Current Household Income"),"TBD", IF(AND(OR(AH25="1a",AH25="2a"),OR(AF25="Y",AG25="Y")),"Y", IF(AND(OR(AH25="1b",AH25="2b"),AD25="Y"),"Y", IF(AH25="4","Y", IF(AH25="NA","NA", "N")))))),"NA") -> N | AF25: =IFERROR(IF(OR(F25="N",AC25=0),"NA", IF(L25=0,"Input Current Household Income", IF(F25="Y",IF(OR(I25="PBV - Income-Restricted",I25="PBRA - Income-Restricted",(S25-W25)<=L25/12*0.3),"Y","N"),"NA"))),"NA") -> N | AG25: =IFERROR(IF(AC25=0,"NA", IF(F25="Y",IF(AA25/P25-1<=0.05,"Y","N"),"NA")),"NA") -> N | AH25: =IFERROR(IF(F25="N","NA", (IF(AND(I25="Market",N25>80%),"4", IF(AND(N25<>"NA",OR(N25>120%,N25=">150% AMI")),"3b", IF(AND(N25<=J25,N25<=80%),"1a", IF(AND(N25<=J25,N25>80%,N25<=120%),"1b", IF(AND(N25>J25,N25<=80%),"2a", IF(AND(N25>80%,N25<=120%,N25-J25<=20%),"2b", IF(AND(N25>80%,N25<=120%,N25-J25>20%),"3a", "Other"))))))))),"NA") -> 1a | AI25: =IFERROR(IF(AF25=0,"NA", IF(H25="Y",IF(OR(K25="PBV - Income-Restricted",AC25/R25-1<=0.05),"Y","N"),"NA")),"NA") -> NA
B26: 1 | C26: <INSERT DESC> | D26: NA | E26: 0 | F26: N | G26: 0 | H26: =E26*G26 -> 0 | I26: NA | J26: NA | K26: NA | L26: 0 | M26: NA | N26: =IF(OR(L26=0,M26="NA"),"NA",IFERROR(INDEX('Data - Reference'!$B$37:$B$52,MATCH('Unit Summary - Rent Roll'!$L26,INDEX('Data - Reference'!$B$37:$J$52,,MATCH('Unit Summary - Rent Roll'!$M26,'Data - Reference'!$B$37:$J$37,0)),-1),1),">120% AMI")) -> NA | O26: N | P26: 0 | Q26: =IFERROR(P26/$E26,0) -> 0 | R26: =IF(F26="Y",P26*$G26*12,0) -> 0 | S26: 0 | T26: =IFERROR(S26/$E26,0) -> 0 | U26: =S26*$G26*12 -> 0 | V26: =IFERROR(IF(INDEX(AE$14:AE$18,MATCH($D26,$AD$14:$AD$18,0))<>0,INDEX(AE$14:AE$18,MATCH($D26,$AD$14:$AD$18,0)), IF($L26="Market",0,IF($K26="HUD FMR",INDEX('Data - Reference'!$B$31:$G$31,MATCH($D26,'Data - Reference'!$B$9:$G$9,0)),INDEX('Data - Reference'!$B$9:$G$31,MATCH($J26,'Data - Reference'!$B$9:$B$31,0),MATCH($D26,'Data - Reference'!$B$9:$G$9,0))))),0) -> 0 | W26: =IFERROR(IF(INDEX(AF$14:AF$18,MATCH($D26,$AD$14:$AD$18,0))<>0,INDEX(AF$14:AF$18,MATCH($D26,$AD$14:$AD$18,0)), IF($J26="None - Market",0,-INDEX('Data - Reference'!$B$32:$G$32,MATCH($D26,'Data - Reference'!$B$9:$G$9,0)))),0) -> 0 | X26: =ROUND(SUM(V26:W26),0) -> 0 | Y26: =IFERROR(X26/$E26,0) -> 0 | Z26: =X26*$G26*12 -> 0 | AA26: =IF(AND($P26=$S26,$P26>0,$S26>0,$X26>0),MIN($P26,$S26,$X26), IF(AND($P26<$S26,$X26>0),MIN($S26,$X26), $S26)) -> 0 | AB26: =IFERROR(AA26/$E26,0) -> 0 | AC26: =AA26*$G26*12 -> 0 | AD26: =IFERROR(IF(I26="Market","NA",IF(S26=0,"NA",IF(S26>X26,"N","Y"))),"NA") -> NA | AE26: =IFERROR(IF(AG26="Y","Y", IF(AND(AG26="N",AF26="Input Household Income"),"TBD", IF(AND(OR(AH26="1a",AH26="2a"),OR(AF26="Y",AG26="Y")),"Y", IF(AND(OR(AH26="1b",AH26="2b"),AD26="Y"),"Y", IF(AH26="4","Y", IF(AH26="NA","NA", "N")))))),"NA") -> NA | AF26: =IFERROR(IF(OR(F26="N",AC26=0),"NA", IF(L26=0,"Input Household Income", IF(F26="Y",IF(OR(I26="PBV - Income-Restricted",I26="PBRA - Income-Restricted",(S26-W26)<=L26/12*0.3),"Y","N"),"NA"))),"NA") -> NA | AG26: =IFERROR(IF(AC26=0,"NA", IF(F26="Y",IF(AA26/P26-1<=0.05,"Y","N"),"NA")),"NA") -> NA | AH26: =IFERROR(IF(F26="N","NA", (IF(AND(I26="Market",N26>80%),"4", IF(AND(N26<>"NA",OR(N26>120%,N26=">150% AMI")),"3b", IF(AND(N26<=J26,N26<=80%),"1a", IF(AND(N26<=J26,N26>80%,N26<=120%),"1b", IF(AND(N26>J26,N26<=80%),"2a", IF(AND(N26>80%,N26<=120%,N26-J26<=20%),"2b", IF(AND(N26>80%,N26<=120%,N26-J26>20%),"3a", "Other"))))))))),"NA") -> NA | AI26: =IFERROR(INDEX('Legacy Resident Reference'!R:R,MATCH('Unit Summary - Rent Roll'!AH26,'Legacy Resident Reference'!P:P,0)),"NA") -> NA
B27: 2 | C27: <INSERT DESC> | D27: NA | E27: 0 | F27: N | G27: 0 | H27: =E27*G27 -> 0 | I27: NA | J27: NA | K27: NA | L27: 0 | M27: NA | N27: =IF(OR(L27=0,M27="NA"),"NA",IFERROR(INDEX('Data - Reference'!$B$37:$B$52,MATCH('Unit Summary - Rent Roll'!$L27,INDEX('Data - Reference'!$B$37:$J$52,,MATCH('Unit Summary - Rent Roll'!$M27,'Data - Reference'!$B$37:$J$37,0)),-1),1),">120% AMI")) -> NA | O27: N | P27: 0 | Q27: =IFERROR(P27/$E27,0) -> 0 | R27: =IF(F27="Y",P27*$G27*12,0) -> 0 | S27: 0 | T27: =IFERROR(S27/$E27,0) -> 0 | U27: =S27*$G27*12 -> 0 | V27: =IFERROR(IF(INDEX(AE$14:AE$18,MATCH($D27,$AD$14:$AD$18,0))<>0,INDEX(AE$14:AE$18,MATCH($D27,$AD$14:$AD$18,0)), IF($L27="Market",0,IF($K27="HUD FMR",INDEX('Data - Reference'!$B$31:$G$31,MATCH($D27,'Data - Reference'!$B$9:$G$9,0)),INDEX('Data - Reference'!$B$9:$G$31,MATCH($J27,'Data - Reference'!$B$9:$B$31,0),MATCH($D27,'Data - Reference'!$B$9:$G$9,0))))),0) -> 0 | W27: =IFERROR(IF(INDEX(AF$14:AF$18,MATCH($D27,$AD$14:$AD$18,0))<>0,INDEX(AF$14:AF$18,MATCH($D27,$AD$14:$AD$18,0)), IF($J27="None - Market",0,-INDEX('Data - Reference'!$B$32:$G$32,MATCH($D27,'Data - Reference'!$B$9:$G$9,0)))),0) -> 0 | X27: =ROUND(SUM(V27:W27),0) -> 0 | Y27: =IFERROR(X27/$E27,0) -> 0 | Z27: =X27*$G27*12 -> 0 | AA27: =IF(AND($P27=$S27,$P27>0,$S27>0,$X27>0),MIN($P27,$S27,$X27), IF(AND($P27<$S27,$X27>0),MIN($S27,$X27), $S27)) -> 0 | AB27: =IFERROR(AA27/$E27,0) -> 0 | AC27: =AA27*$G27*12 -> 0 | AD27: =IFERROR(IF(I27="Market","NA",IF(S27=0,"NA",IF(S27>X27,"N","Y"))),"NA") -> NA | AE27: =IFERROR(IF(AG27="Y","Y", IF(AND(AG27="N",AF27="Input Household Income"),"TBD", IF(AND(OR(AH27="1a",AH27="2a"),OR(AF27="Y",AG27="Y")),"Y", IF(AND(OR(AH27="1b",AH27="2b"),AD27="Y"),"Y", IF(AH27="4","Y", IF(AH27="NA","NA", "N")))))),"NA") -> NA | AF27: =IFERROR(IF(OR(F27="N",AC27=0),"NA", IF(L27=0,"Input Household Income", IF(F27="Y",IF(OR(I27="PBV - Income-Restricted",I27="PBRA - Income-Restricted",(S27-W27)<=L27/12*0.3),"Y","N"),"NA"))),"NA") -> NA | AG27: =IFERROR(IF(AC27=0,"NA", IF(F27="Y",IF(AA27/P27-1<=0.05,"Y","N"),"NA")),"NA") -> NA | AH27: =IFERROR(IF(F27="N","NA", (IF(AND(I27="Market",N27>80%),"4", IF(AND(N27<>"NA",OR(N27>120%,N27=">150% AMI")),"3b", IF(AND(N27<=J27,N27<=80%),"1a", IF(AND(N27<=J27,N27>80%,N27<=120%),"1b", IF(AND(N27>J27,N27<=80%),"2a", IF(AND(N27>80%,N27<=120%,N27-J27<=20%),"2b", IF(AND(N27>80%,N27<=120%,N27-J27>20%),"3a", "Other"))))))))),"NA") -> NA | AI27: =IFERROR(INDEX('Legacy Resident Reference'!R:R,MATCH('Unit Summary - Rent Roll'!AH27,'Legacy Resident Reference'!P:P,0)),"NA") -> NA
B28: 3 | C28: <INSERT DESC> | D28: NA | E28: 0 | F28: N | G28: 0 | H28: =E28*G28 -> 0 | I28: NA | J28: NA | K28: NA | L28: 0 | M28: NA | N28: =IF(OR(L28=0,M28="NA"),"NA",IFERROR(INDEX('Data - Reference'!$B$37:$B$52,MATCH('Unit Summary - Rent Roll'!$L28,INDEX('Data - Reference'!$B$37:$J$52,,MATCH('Unit Summary - Rent Roll'!$M28,'Data - Reference'!$B$37:$J$37,0)),-1),1),">120% AMI")) -> NA | O28: N | P28: 0 | Q28: =IFERROR(P28/$E28,0) -> 0 | R28: =IF(F28="Y",P28*$G28*12,0) -> 0 | S28: 0 | T28: =IFERROR(S28/$E28,0) -> 0 | U28: =S28*$G28*12 -> 0 | V28: =IFERROR(IF(INDEX(AE$14:AE$18,MATCH($D28,$AD$14:$AD$18,0))<>0,INDEX(AE$14:AE$18,MATCH($D28,$AD$14:$AD$18,0)), IF($L28="Market",0,IF($K28="HUD FMR",INDEX('Data - Reference'!$B$31:$G$31,MATCH($D28,'Data - Reference'!$B$9:$G$9,0)),INDEX('Data - Reference'!$B$9:$G$31,MATCH($J28,'Data - Reference'!$B$9:$B$31,0),MATCH($D28,'Data - Reference'!$B$9:$G$9,0))))),0) -> 0 | W28: =IFERROR(IF(INDEX(AF$14:AF$18,MATCH($D28,$AD$14:$AD$18,0))<>0,INDEX(AF$14:AF$18,MATCH($D28,$AD$14:$AD$18,0)), IF($J28="None - Market",0,-INDEX('Data - Reference'!$B$32:$G$32,MATCH($D28,'Data - Reference'!$B$9:$G$9,0)))),0) -> 0 | X28: =ROUND(SUM(V28:W28),0) -> 0 | Y28: =IFERROR(X28/$E28,0) -> 0 | Z28: =X28*$G28*12 -> 0 | AA28: =IF(AND($P28=$S28,$P28>0,$S28>0,$X28>0),MIN($P28,$S28,$X28), IF(AND($P28<$S28,$X28>0),MIN($S28,$X28), $S28)) -> 0 | AB28: =IFERROR(AA28/$E28,0) -> 0 | AC28: =AA28*$G28*12 -> 0 | AD28: =IFERROR(IF(I28="Market","NA",IF(S28=0,"NA",IF(S28>X28,"N","Y"))),"NA") -> NA | AE28: =IFERROR(IF(AG28="Y","Y", IF(AND(AG28="N",AF28="Input Household Income"),"TBD", IF(AND(OR(AH28="1a",AH28="2a"),OR(AF28="Y",AG28="Y")),"Y", IF(AND(OR(AH28="1b",AH28="2b"),AD28="Y"),"Y", IF(AH28="4","Y", IF(AH28="NA","NA", "N")))))),"NA") -> NA | AF28: =IFERROR(IF(OR(F28="N",AC28=0),"NA", IF(L28=0,"Input Household Income", IF(F28="Y",IF(OR(I28="PBV - Income-Restricted",I28="PBRA - Income-Restricted",(S28-W28)<=L28/12*0.3),"Y","N"),"NA"))),"NA") -> NA | AG28: =IFERROR(IF(AC28=0,"NA", IF(F28="Y",IF(AA28/P28-1<=0.05,"Y","N"),"NA")),"NA") -> NA | AH28: =IFERROR(IF(F28="N","NA", (IF(AND(I28="Market",N28>80%),"4", IF(AND(N28<>"NA",OR(N28>120%,N28=">150% AMI")),"3b", IF(AND(N28<=J28,N28<=80%),"1a", IF(AND(N28<=J28,N28>80%,N28<=120%),"1b", IF(AND(N28>J28,N28<=80%),"2a", IF(AND(N28>80%,N28<=120%,N28-J28<=20%),"2b", IF(AND(N28>80%,N28<=120%,N28-J28>20%),"3a", "Other"))))))))),"NA") -> NA | AI28: =IFERROR(INDEX('Legacy Resident Reference'!R:R,MATCH('Unit Summary - Rent Roll'!AH28,'Legacy Resident Reference'!P:P,0)),"NA") -> NA
B29: 4 | C29: <INSERT DESC> | D29: NA | E29: 0 | F29: N | G29: 0 | H29: =E29*G29 -> 0 | I29: NA | J29: NA | K29: NA | L29: 0 | M29: NA | N29: =IF(OR(L29=0,M29="NA"),"NA",IFERROR(INDEX('Data - Reference'!$B$37:$B$52,MATCH('Unit Summary - Rent Roll'!$L29,INDEX('Data - Reference'!$B$37:$J$52,,MATCH('Unit Summary - Rent Roll'!$M29,'Data - Reference'!$B$37:$J$37,0)),-1),1),">120% AMI")) -> NA | O29: N | P29: 0 | Q29: =IFERROR(P29/$E29,0) -> 0 | R29: =IF(F29="Y",P29*$G29*12,0) -> 0 | S29: 0 | T29: =IFERROR(S29/$E29,0) -> 0 | U29: =S29*$G29*12 -> 0 | V29: =IFERROR(IF(INDEX(AE$14:AE$18,MATCH($D29,$AD$14:$AD$18,0))<>0,INDEX(AE$14:AE$18,MATCH($D29,$AD$14:$AD$18,0)), IF($L29="Market",0,IF($K29="HUD FMR",INDEX('Data - Reference'!$B$31:$G$31,MATCH($D29,'Data - Reference'!$B$9:$G$9,0)),INDEX('Data - Reference'!$B$9:$G$31,MATCH($J29,'Data - Reference'!$B$9:$B$31,0),MATCH($D29,'Data - Reference'!$B$9:$G$9,0))))),0) -> 0 | W29: =IFERROR(IF(INDEX(AF$14:AF$18,MATCH($D29,$AD$14:$AD$18,0))<>0,INDEX(AF$14:AF$18,MATCH($D29,$AD$14:$AD$18,0)), IF($J29="None - Market",0,-INDEX('Data - Reference'!$B$32:$G$32,MATCH($D29,'Data - Reference'!$B$9:$G$9,0)))),0) -> 0 | X29: =ROUND(SUM(V29:W29),0) -> 0 | Y29: =IFERROR(X29/$E29,0) -> 0 | Z29: =X29*$G29*12 -> 0 | AA29: =IF(AND($P29=$S29,$P29>0,$S29>0,$X29>0),MIN($P29,$S29,$X29), IF(AND($P29<$S29,$X29>0),MIN($S29,$X29), $S29)) -> 0 | AB29: =IFERROR(AA29/$E29,0) -> 0 | AC29: =AA29*$G29*12 -> 0 | AD29: =IFERROR(IF(I29="Market","NA",IF(S29=0,"NA",IF(S29>X29,"N","Y"))),"NA") -> NA | AE29: =IFERROR(IF(AG29="Y","Y", IF(AND(AG29="N",AF29="Input Household Income"),"TBD", IF(AND(OR(AH29="1a",AH29="2a"),OR(AF29="Y",AG29="Y")),"Y", IF(AND(OR(AH29="1b",AH29="2b"),AD29="Y"),"Y", IF(AH29="4","Y", IF(AH29="NA","NA", "N")))))),"NA") -> NA | AF29: =IFERROR(IF(OR(F29="N",AC29=0),"NA", IF(L29=0,"Input Household Income", IF(F29="Y",IF(OR(I29="PBV - Income-Restricted",I29="PBRA - Income-Restricted",(S29-W29)<=L29/12*0.3),"Y","N"),"NA"))),"NA") -> NA | AG29: =IFERROR(IF(AC29=0,"NA", IF(F29="Y",IF(AA29/P29-1<=0.05,"Y","N"),"NA")),"NA") -> NA | AH29: =IFERROR(IF(F29="N","NA", (IF(AND(I29="Market",N29>80%),"4", IF(AND(N29<>"NA",OR(N29>120%,N29=">150% AMI")),"3b", IF(AND(N29<=J29,N29<=80%),"1a", IF(AND(N29<=J29,N29>80%,N29<=120%),"1b", IF(AND(N29>J29,N29<=80%),"2a", IF(AND(N29>80%,N29<=120%,N29-J29<=20%),"2b", IF(AND(N29>80%,N29<=120%,N29-J29>20%),"3a", "Other"))))))))),"NA") -> NA | AI29: =IFERROR(INDEX('Legacy Resident Reference'!R:R,MATCH('Unit Summary - Rent Roll'!AH29,'Legacy Resident Reference'!P:P,0)),"NA") -> NA
B30: 5 | C30: <INSERT DESC> | D30: NA | E30: 0 | F30: N | G30: 0 | H30: =E30*G30 -> 0 | I30: NA | J30: NA | K30: NA | L30: 0 | M30: NA | N30: =IF(OR(L30=0,M30="NA"),"NA",IFERROR(INDEX('Data - Reference'!$B$37:$B$52,MATCH('Unit Summary - Rent Roll'!$L30,INDEX('Data - Reference'!$B$37:$J$52,,MATCH('Unit Summary - Rent Roll'!$M30,'Data - Reference'!$B$37:$J$37,0)),-1),1),">120% AMI")) -> NA | O30: N | P30: 0 | Q30: =IFERROR(P30/$E30,0) -> 0 | R30: =IF(F30="Y",P30*$G30*12,0) -> 0 | S30: 0 | T30: =IFERROR(S30/$E30,0) -> 0 | U30: =S30*$G30*12 -> 0 | V30: =IFERROR(IF(INDEX(AE$14:AE$18,MATCH($D30,$AD$14:$AD$18,0))<>0,INDEX(AE$14:AE$18,MATCH($D30,$AD$14:$AD$18,0)), IF($L30="Market",0,IF($K30="HUD FMR",INDEX('Data - Reference'!$B$31:$G$31,MATCH($D30,'Data - Reference'!$B$9:$G$9,0)),INDEX('Data - Reference'!$B$9:$G$31,MATCH($J30,'Data - Reference'!$B$9:$B$31,0),MATCH($D30,'Data - Reference'!$B$9:$G$9,0))))),0) -> 0 | W30: =IFERROR(IF(INDEX(AF$14:AF$18,MATCH($D30,$AD$14:$AD$18,0))<>0,INDEX(AF$14:AF$18,MATCH($D30,$AD$14:$AD$18,0)), IF($J30="None - Market",0,-INDEX('Data - Reference'!$B$32:$G$32,MATCH($D30,'Data - Reference'!$B$9:$G$9,0)))),0) -> 0 | X30: =ROUND(SUM(V30:W30),0) -> 0 | Y30: =IFERROR(X30/$E30,0) -> 0 | Z30: =X30*$G30*12 -> 0 | AA30: =IF(AND($P30=$S30,$P30>0,$S30>0,$X30>0),MIN($P30,$S30,$X30), IF(AND($P30<$S30,$X30>0),MIN($S30,$X30), $S30)) -> 0 | AB30: =IFERROR(AA30/$E30,0) -> 0 | AC30: =AA30*$G30*12 -> 0 | AD30: =IFERROR(IF(I30="Market","NA",IF(S30=0,"NA",IF(S30>X30,"N","Y"))),"NA") -> NA | AE30: =IFERROR(IF(AG30="Y","Y", IF(AND(AG30="N",AF30="Input Household Income"),"TBD", IF(AND(OR(AH30="1a",AH30="2a"),OR(AF30="Y",AG30="Y")),"Y", IF(AND(OR(AH30="1b",AH30="2b"),AD30="Y"),"Y", IF(AH30="4","Y", IF(AH30="NA","NA", "N")))))),"NA") -> NA | AF30: =IFERROR(IF(OR(F30="N",AC30=0),"NA", IF(L30=0,"Input Household Income", IF(F30="Y",IF(OR(I30="PBV - Income-Restricted",I30="PBRA - Income-Restricted",(S30-W30)<=L30/12*0.3),"Y","N"),"NA"))),"NA") -> NA | AG30: =IFERROR(IF(AC30=0,"NA", IF(F30="Y",IF(AA30/P30-1<=0.05,"Y","N"),"NA")),"NA") -> NA | AH30: =IFERROR(IF(F30="N","NA", (IF(AND(I30="Market",N30>80%),"4", IF(AND(N30<>"NA",OR(N30>120%,N30=">150% AMI")),"3b", IF(AND(N30<=J30,N30<=80%),"1a", IF(AND(N30<=J30,N30>80%,N30<=120%),"1b", IF(AND(N30>J30,N30<=80%),"2a", IF(AND(N30>80%,N30<=120%,N30-J30<=20%),"2b", IF(AND(N30>80%,N30<=120%,N30-J30>20%),"3a", "Other"))))))))),"NA") -> NA | AI30: =IFERROR(INDEX('Legacy Resident Reference'!R:R,MATCH('Unit Summary - Rent Roll'!AH30,'Legacy Resident Reference'!P:P,0)),"NA") -> NA
B31: 6 | C31: <INSERT DESC> | D31: NA | E31: 0 | F31: N | G31: 0 | H31: =E31*G31 -> 0 | I31: NA | J31: NA | K31: NA | L31: 0 | M31: NA | N31: =IF(OR(L31=0,M31="NA"),"NA",IFERROR(INDEX('Data - Reference'!$B$37:$B$52,MATCH('Unit Summary - Rent Roll'!$L31,INDEX('Data - Reference'!$B$37:$J$52,,MATCH('Unit Summary - Rent Roll'!$M31,'Data - Reference'!$B$37:$J$37,0)),-1),1),">120% AMI")) -> NA | O31: N | P31: 0 | Q31: =IFERROR(P31/$E31,0) -> 0 | R31: =IF(F31="Y",P31*$G31*12,0) -> 0 | S31: 0 | T31: =IFERROR(S31/$E31,0) -> 0 | U31: =S31*$G31*12 -> 0 | V31: =IFERROR(IF(INDEX(AE$14:AE$18,MATCH($D31,$AD$14:$AD$18,0))<>0,INDEX(AE$14:AE$18,MATCH($D31,$AD$14:$AD$18,0)), IF($L31="Market",0,IF($K31="HUD FMR",INDEX('Data - Reference'!$B$31:$G$31,MATCH($D31,'Data - Reference'!$B$9:$G$9,0)),INDEX('Data - Reference'!$B$9:$G$31,MATCH($J31,'Data - Reference'!$B$9:$B$31,0),MATCH($D31,'Data - Reference'!$B$9:$G$9,0))))),0) -> 0 | W31: =IFERROR(IF(INDEX(AF$14:AF$18,MATCH($D31,$AD$14:$AD$18,0))<>0,INDEX(AF$14:AF$18,MATCH($D31,$AD$14:$AD$18,0)), IF($J31="None - Market",0,-INDEX('Data - Reference'!$B$32:$G$32,MATCH($D31,'Data - Reference'!$B$9:$G$9,0)))),0) -> 0 | X31: =ROUND(SUM(V31:W31),0) -> 0 | Y31: =IFERROR(X31/$E31,0) -> 0 | Z31: =X31*$G31*12 -> 0 | AA31: =IF(AND($P31=$S31,$P31>0,$S31>0,$X31>0),MIN($P31,$S31,$X31), IF(AND($P31<$S31,$X31>0),MIN($S31,$X31), $S31)) -> 0 | AB31: =IFERROR(AA31/$E31,0) -> 0 | AC31: =AA31*$G31*12 -> 0 | AD31: =IFERROR(IF(I31="Market","NA",IF(S31=0,"NA",IF(S31>X31,"N","Y"))),"NA") -> NA | AE31: =IFERROR(IF(AG31="Y","Y", IF(AND(AG31="N",AF31="Input Household Income"),"TBD", IF(AND(OR(AH31="1a",AH31="2a"),OR(AF31="Y",AG31="Y")),"Y", IF(AND(OR(AH31="1b",AH31="2b"),AD31="Y"),"Y", IF(AH31="4","Y", IF(AH31="NA","NA", "N")))))),"NA") -> NA | AF31: =IFERROR(IF(OR(F31="N",AC31=0),"NA", IF(L31=0,"Input Household Income", IF(F31="Y",IF(OR(I31="PBV - Income-Restricted",I31="PBRA - Income-Restricted",(S31-W31)<=L31/12*0.3),"Y","N"),"NA"))),"NA") -> NA | AG31: =IFERROR(IF(AC31=0,"NA", IF(F31="Y",IF(AA31/P31-1<=0.05,"Y","N"),"NA")),"NA") -> NA | AH31: =IFERROR(IF(F31="N","NA", (IF(AND(I31="Market",N31>80%),"4", IF(AND(N31<>"NA",OR(N31>120%,N31=">150% AMI")),"3b", IF(AND(N31<=J31,N31<=80%),"1a", IF(AND(N31<=J31,N31>80%,N31<=120%),"1b", IF(AND(N31>J31,N31<=80%),"2a", IF(AND(N31>80%,N31<=120%,N31-J31<=20%),"2b", IF(AND(N31>80%,N31<=120%,N31-J31>20%),"3a", "Other"))))))))),"NA") -> NA | AI31: =IFERROR(INDEX('Legacy Resident Reference'!R:R,MATCH('Unit Summary - Rent Roll'!AH31,'Legacy Resident Reference'!P:P,0)),"NA") -> NA
B32: 7 | C32: <INSERT DESC> | D32: NA | E32: 0 | F32: N | G32: 0 | H32: =E32*G32 -> 0 | I32: NA | J32: NA | K32: NA | L32: 0 | M32: NA | N32: =IF(OR(L32=0,M32="NA"),"NA",IFERROR(INDEX('Data - Reference'!$B$37:$B$52,MATCH('Unit Summary - Rent Roll'!$L32,INDEX('Data - Reference'!$B$37:$J$52,,MATCH('Unit Summary - Rent Roll'!$M32,'Data - Reference'!$B$37:$J$37,0)),-1),1),">120% AMI")) -> NA | O32: N | P32: 0 | Q32: =IFERROR(P32/$E32,0) -> 0 | R32: =IF(F32="Y",P32*$G32*12,0) -> 0 | S32: 0 | T32: =IFERROR(S32/$E32,0) -> 0 | U32: =S32*$G32*12 -> 0 | V32: =IFERROR(IF(INDEX(AE$14:AE$18,MATCH($D32,$AD$14:$AD$18,0))<>0,INDEX(AE$14:AE$18,MATCH($D32,$AD$14:$AD$18,0)), IF($L32="Market",0,IF($K32="HUD FMR",INDEX('Data - Reference'!$B$31:$G$31,MATCH($D32,'Data - Reference'!$B$9:$G$9,0)),INDEX('Data - Reference'!$B$9:$G$31,MATCH($J32,'Data - Reference'!$B$9:$B$31,0),MATCH($D32,'Data - Reference'!$B$9:$G$9,0))))),0) -> 0 | W32: =IFERROR(IF(INDEX(AF$14:AF$18,MATCH($D32,$AD$14:$AD$18,0))<>0,INDEX(AF$14:AF$18,MATCH($D32,$AD$14:$AD$18,0)), IF($J32="None - Market",0,-INDEX('Data - Reference'!$B$32:$G$32,MATCH($D32,'Data - Reference'!$B$9:$G$9,0)))),0) -> 0 | X32: =ROUND(SUM(V32:W32),0) -> 0 | Y32: =IFERROR(X32/$E32,0) -> 0 | Z32: =X32*$G32*12 -> 0 | AA32: =IF(AND($P32=$S32,$P32>0,$S32>0,$X32>0),MIN($P32,$S32,$X32), IF(AND($P32<$S32,$X32>0),MIN($S32,$X32), $S32)) -> 0 | AB32: =IFERROR(AA32/$E32,0) -> 0 | AC32: =AA32*$G32*12 -> 0 | AD32: =IFERROR(IF(I32="Market","NA",IF(S32=0,"NA",IF(S32>X32,"N","Y"))),"NA") -> NA | AE32: =IFERROR(IF(AG32="Y","Y", IF(AND(AG32="N",AF32="Input Household Income"),"TBD", IF(AND(OR(AH32="1a",AH32="2a"),OR(AF32="Y",AG32="Y")),"Y", IF(AND(OR(AH32="1b",AH32="2b"),AD32="Y"),"Y", IF(AH32="4","Y", IF(AH32="NA","NA", "N")))))),"NA") -> NA | AF32: =IFERROR(IF(OR(F32="N",AC32=0),"NA", IF(L32=0,"Input Household Income", IF(F32="Y",IF(OR(I32="PBV - Income-Restricted",I32="PBRA - Income-Restricted",(S32-W32)<=L32/12*0.3),"Y","N"),"NA"))),"NA") -> NA | AG32: =IFERROR(IF(AC32=0,"NA", IF(F32="Y",IF(AA32/P32-1<=0.05,"Y","N"),"NA")),"NA") -> NA | AH32: =IFERROR(IF(F32="N","NA", (IF(AND(I32="Market",N32>80%),"4", IF(AND(N32<>"NA",OR(N32>120%,N32=">150% AMI")),"3b", IF(AND(N32<=J32,N32<=80%),"1a", IF(AND(N32<=J32,N32>80%,N32<=120%),"1b", IF(AND(N32>J32,N32<=80%),"2a", IF(AND(N32>80%,N32<=120%,N32-J32<=20%),"2b", IF(AND(N32>80%,N32<=120%,N32-J32>20%),"3a", "Other"))))))))),"NA") -> NA | AI32: =IFERROR(INDEX('Legacy Resident Reference'!R:R,MATCH('Unit Summary - Rent Roll'!AH32,'Legacy Resident Reference'!P:P,0)),"NA") -> NA
B33: 8 | C33: <INSERT DESC> | D33: NA | E33: 0 | F33: N | G33: 0 | H33: =E33*G33 -> 0 | I33: NA | J33: NA | K33: NA | L33: 0 | M33: NA | N33: =IF(OR(L33=0,M33="NA"),"NA",IFERROR(INDEX('Data - Reference'!$B$37:$B$52,MATCH('Unit Summary - Rent Roll'!$L33,INDEX('Data - Reference'!$B$37:$J$52,,MATCH('Unit Summary - Rent Roll'!$M33,'Data - Reference'!$B$37:$J$37,0)),-1),1),">120% AMI")) -> NA | O33: N | P33: 0 | Q33: =IFERROR(P33/$E33,0) -> 0 | R33: =IF(F33="Y",P33*$G33*12,0) -> 0 | S33: 0 | T33: =IFERROR(S33/$E33,0) -> 0 | U33: =S33*$G33*12 -> 0 | V33: =IFERROR(IF(INDEX(AE$14:AE$18,MATCH($D33,$AD$14:$AD$18,0))<>0,INDEX(AE$14:AE$18,MATCH($D33,$AD$14:$AD$18,0)), IF($L33="Market",0,IF($K33="HUD FMR",INDEX('Data - Reference'!$B$31:$G$31,MATCH($D33,'Data - Reference'!$B$9:$G$9,0)),INDEX('Data - Reference'!$B$9:$G$31,MATCH($J33,'Data - Reference'!$B$9:$B$31,0),MATCH($D33,'Data - Reference'!$B$9:$G$9,0))))),0) -> 0 | W33: =IFERROR(IF(INDEX(AF$14:AF$18,MATCH($D33,$AD$14:$AD$18,0))<>0,INDEX(AF$14:AF$18,MATCH($D33,$AD$14:$AD$18,0)), IF($J33="None - Market",0,-INDEX('Data - Reference'!$B$32:$G$32,MATCH($D33,'Data - Reference'!$B$9:$G$9,0)))),0) -> 0 | X33: =ROUND(SUM(V33:W33),0) -> 0 | Y33: =IFERROR(X33/$E33,0) -> 0 | Z33: =X33*$G33*12 -> 0 | AA33: =IF(AND($P33=$S33,$P33>0,$S33>0,$X33>0),MIN($P33,$S33,$X33), IF(AND($P33<$S33,$X33>0),MIN($S33,$X33), $S33)) -> 0 | AB33: =IFERROR(AA33/$E33,0) -> 0 | AC33: =AA33*$G33*12 -> 0 | AD33: =IFERROR(IF(I33="Market","NA",IF(S33=0,"NA",IF(S33>X33,"N","Y"))),"NA") -> NA | AE33: =IFERROR(IF(AG33="Y","Y", IF(AND(AG33="N",AF33="Input Household Income"),"TBD", IF(AND(OR(AH33="1a",AH33="2a"),OR(AF33="Y",AG33="Y")),"Y", IF(AND(OR(AH33="1b",AH33="2b"),AD33="Y"),"Y", IF(AH33="4","Y", IF(AH33="NA","NA", "N")))))),"NA") -> NA | AF33: =IFERROR(IF(OR(F33="N",AC33=0),"NA", IF(L33=0,"Input Household Income", IF(F33="Y",IF(OR(I33="PBV - Income-Restricted",I33="PBRA - Income-Restricted",(S33-W33)<=L33/12*0.3),"Y","N"),"NA"))),"NA") -> NA | AG33: =IFERROR(IF(AC33=0,"NA", IF(F33="Y",IF(AA33/P33-1<=0.05,"Y","N"),"NA")),"NA") -> NA | AH33: =IFERROR(IF(F33="N","NA", (IF(AND(I33="Market",N33>80%),"4", IF(AND(N33<>"NA",OR(N33>120%,N33=">150% AMI")),"3b", IF(AND(N33<=J33,N33<=80%),"1a", IF(AND(N33<=J33,N33>80%,N33<=120%),"1b", IF(AND(N33>J33,N33<=80%),"2a", IF(AND(N33>80%,N33<=120%,N33-J33<=20%),"2b", IF(AND(N33>80%,N33<=120%,N33-J33>20%),"3a", "Other"))))))))),"NA") -> NA | AI33: =IFERROR(INDEX('Legacy Resident Reference'!R:R,MATCH('Unit Summary - Rent Roll'!AH33,'Legacy Resident Reference'!P:P,0)),"NA") -> NA
B34: 9 | C34: <INSERT DESC> | D34: NA | E34: 0 | F34: N | G34: 0 | H34: =E34*G34 -> 0 | I34: NA | J34: NA | K34: NA | L34: 0 | M34: NA | N34: =IF(OR(L34=0,M34="NA"),"NA",IFERROR(INDEX('Data - Reference'!$B$37:$B$52,MATCH('Unit Summary - Rent Roll'!$L34,INDEX('Data - Reference'!$B$37:$J$52,,MATCH('Unit Summary - Rent Roll'!$M34,'Data - Reference'!$B$37:$J$37,0)),-1),1),">120% AMI")) -> NA | O34: N | P34: 0 | Q34: =IFERROR(P34/$E34,0) -> 0 | R34: =IF(F34="Y",P34*$G34*12,0) -> 0 | S34: 0 | T34: =IFERROR(S34/$E34,0) -> 0 | U34: =S34*$G34*12 -> 0 | V34: =IFERROR(IF(INDEX(AE$14:AE$18,MATCH($D34,$AD$14:$AD$18,0))<>0,INDEX(AE$14:AE$18,MATCH($D34,$AD$14:$AD$18,0)), IF($L34="Market",0,IF($K34="HUD FMR",INDEX('Data - Reference'!$B$31:$G$31,MATCH($D34,'Data - Reference'!$B$9:$G$9,0)),INDEX('Data - Reference'!$B$9:$G$31,MATCH($J34,'Data - Reference'!$B$9:$B$31,0),MATCH($D34,'Data - Reference'!$B$9:$G$9,0))))),0) -> 0 | W34: =IFERROR(IF(INDEX(AF$14:AF$18,MATCH($D34,$AD$14:$AD$18,0))<>0,INDEX(AF$14:AF$18,MATCH($D34,$AD$14:$AD$18,0)), IF($J34="None - Market",0,-INDEX('Data - Reference'!$B$32:$G$32,MATCH($D34,'Data - Reference'!$B$9:$G$9,0)))),0) -> 0 | X34: =ROUND(SUM(V34:W34),0) -> 0 | Y34: =IFERROR(X34/$E34,0) -> 0 | Z34: =X34*$G34*12 -> 0 | AA34: =IF(AND($P34=$S34,$P34>0,$S34>0,$X34>0),MIN($P34,$S34,$X34), IF(AND($P34<$S34,$X34>0),MIN($S34,$X34), $S34)) -> 0 | AB34: =IFERROR(AA34/$E34,0) -> 0 | AC34: =AA34*$G34*12 -> 0 | AD34: =IFERROR(IF(I34="Market","NA",IF(S34=0,"NA",IF(S34>X34,"N","Y"))),"NA") -> NA | AE34: =IFERROR(IF(AG34="Y","Y", IF(AND(AG34="N",AF34="Input Household Income"),"TBD", IF(AND(OR(AH34="1a",AH34="2a"),OR(AF34="Y",AG34="Y")),"Y", IF(AND(OR(AH34="1b",AH34="2b"),AD34="Y"),"Y", IF(AH34="4","Y", IF(AH34="NA","NA", "N")))))),"NA") -> NA | AF34: =IFERROR(IF(OR(F34="N",AC34=0),"NA", IF(L34=0,"Input Household Income", IF(F34="Y",IF(OR(I34="PBV - Income-Restricted",I34="PBRA - Income-Restricted",(S34-W34)<=L34/12*0.3),"Y","N"),"NA"))),"NA") -> NA | AG34: =IFERROR(IF(AC34=0,"NA", IF(F34="Y",IF(AA34/P34-1<=0.05,"Y","N"),"NA")),"NA") -> NA | AH34: =IFERROR(IF(F34="N","NA", (IF(AND(I34="Market",N34>80%),"4", IF(AND(N34<>"NA",OR(N34>120%,N34=">150% AMI")),"3b", IF(AND(N34<=J34,N34<=80%),"1a", IF(AND(N34<=J34,N34>80%,N34<=120%),"1b", IF(AND(N34>J34,N34<=80%),"2a", IF(AND(N34>80%,N34<=120%,N34-J34<=20%),"2b", IF(AND(N34>80%,N34<=120%,N34-J34>20%),"3a", "Other"))))))))),"NA") -> NA | AI34: =IFERROR(INDEX('Legacy Resident Reference'!R:R,MATCH('Unit Summary - Rent Roll'!AH34,'Legacy Resident Reference'!P:P,0)),"NA") -> NA
B35: 10 | C35: <INSERT DESC> | D35: NA | E35: 0 | F35: N | G35: 0 | H35: =E35*G35 -> 0 | I35: NA | J35: NA | K35: NA | L35: 0 | M35: NA | N35: =IF(OR(L35=0,M35="NA"),"NA",IFERROR(INDEX('Data - Reference'!$B$37:$B$52,MATCH('Unit Summary - Rent Roll'!$L35,INDEX('Data - Reference'!$B$37:$J$52,,MATCH('Unit Summary - Rent Roll'!$M35,'Data - Reference'!$B$37:$J$37,0)),-1),1),">120% AMI")) -> NA | O35: N | P35: 0 | Q35: =IFERROR(P35/$E35,0) -> 0 | R35: =IF(F35="Y",P35*$G35*12,0) -> 0 | S35: 0 | T35: =IFERROR(S35/$E35,0) -> 0 | U35: =S35*$G35*12 -> 0 | V35: =IFERROR(IF(INDEX(AE$14:AE$18,MATCH($D35,$AD$14:$AD$18,0))<>0,INDEX(AE$14:AE$18,MATCH($D35,$AD$14:$AD$18,0)), IF($L35="Market",0,IF($K35="HUD FMR",INDEX('Data - Reference'!$B$31:$G$31,MATCH($D35,'Data - Reference'!$B$9:$G$9,0)),INDEX('Data - Reference'!$B$9:$G$31,MATCH($J35,'Data - Reference'!$B$9:$B$31,0),MATCH($D35,'Data - Reference'!$B$9:$G$9,0))))),0) -> 0 | W35: =IFERROR(IF(INDEX(AF$14:AF$18,MATCH($D35,$AD$14:$AD$18,0))<>0,INDEX(AF$14:AF$18,MATCH($D35,$AD$14:$AD$18,0)), IF($J35="None - Market",0,-INDEX('Data - Reference'!$B$32:$G$32,MATCH($D35,'Data - Reference'!$B$9:$G$9,0)))),0) -> 0 | X35: =ROUND(SUM(V35:W35),0) -> 0 | Y35: =IFERROR(X35/$E35,0) -> 0 | Z35: =X35*$G35*12 -> 0 | AA35: =IF(AND($P35=$S35,$P35>0,$S35>0,$X35>0),MIN($P35,$S35,$X35), IF(AND($P35<$S35,$X35>0),MIN($S35,$X35), $S35)) -> 0 | AB35: =IFERROR(AA35/$E35,0) -> 0 | AC35: =AA35*$G35*12 -> 0 | AD35: =IFERROR(IF(I35="Market","NA",IF(S35=0,"NA",IF(S35>X35,"N","Y"))),"NA") -> NA | AE35: =IFERROR(IF(AG35="Y","Y", IF(AND(AG35="N",AF35="Input Household Income"),"TBD", IF(AND(OR(AH35="1a",AH35="2a"),OR(AF35="Y",AG35="Y")),"Y", IF(AND(OR(AH35="1b",AH35="2b"),AD35="Y"),"Y", IF(AH35="4","Y", IF(AH35="NA","NA", "N")))))),"NA") -> NA | AF35: =IFERROR(IF(OR(F35="N",AC35=0),"NA", IF(L35=0,"Input Household Income", IF(F35="Y",IF(OR(I35="PBV - Income-Restricted",I35="PBRA - Income-Restricted",(S35-W35)<=L35/12*0.3),"Y","N"),"NA"))),"NA") -> NA | AG35: =IFERROR(IF(AC35=0,"NA", IF(F35="Y",IF(AA35/P35-1<=0.05,"Y","N"),"NA")),"NA") -> NA | AH35: =IFERROR(IF(F35="N","NA", (IF(AND(I35="Market",N35>80%),"4", IF(AND(N35<>"NA",OR(N35>120%,N35=">150% AMI")),"3b", IF(AND(N35<=J35,N35<=80%),"1a", IF(AND(N35<=J35,N35>80%,N35<=120%),"1b", IF(AND(N35>J35,N35<=80%),"2a", IF(AND(N35>80%,N35<=120%,N35-J35<=20%),"2b", IF(AND(N35>80%,N35<=120%,N35-J35>20%),"3a", "Other"))))))))),"NA") -> NA | AI35: =IFERROR(INDEX('Legacy Resident Reference'!R:R,MATCH('Unit Summary - Rent Roll'!AH35,'Legacy Resident Reference'!P:P,0)),"NA") -> NA
B36: 11 | C36: <INSERT DESC> | D36: NA | E36: 0 | F36: N | G36: 0 | H36: =E36*G36 -> 0 | I36: NA | J36: NA | K36: NA | L36: 0 | M36: NA | N36: =IF(OR(L36=0,M36="NA"),"NA",IFERROR(INDEX('Data - Reference'!$B$37:$B$52,MATCH('Unit Summary - Rent Roll'!$L36,INDEX('Data - Reference'!$B$37:$J$52,,MATCH('Unit Summary - Rent Roll'!$M36,'Data - Reference'!$B$37:$J$37,0)),-1),1),">120% AMI")) -> NA | O36: N | P36: 0 | Q36: =IFERROR(P36/$E36,0) -> 0 | R36: =IF(F36="Y",P36*$G36*12,0) -> 0 | S36: 0 | T36: =IFERROR(S36/$E36,0) -> 0 | U36: =S36*$G36*12 -> 0 | V36: =IFERROR(IF(INDEX(AE$14:AE$18,MATCH($D36,$AD$14:$AD$18,0))<>0,INDEX(AE$14:AE$18,MATCH($D36,$AD$14:$AD$18,0)), IF($L36="Market",0,IF($K36="HUD FMR",INDEX('Data - Reference'!$B$31:$G$31,MATCH($D36,'Data - Reference'!$B$9:$G$9,0)),INDEX('Data - Reference'!$B$9:$G$31,MATCH($J36,'Data - Reference'!$B$9:$B$31,0),MATCH($D36,'Data - Reference'!$B$9:$G$9,0))))),0) -> 0 | W36: =IFERROR(IF(INDEX(AF$14:AF$18,MATCH($D36,$AD$14:$AD$18,0))<>0,INDEX(AF$14:AF$18,MATCH($D36,$AD$14:$AD$18,0)), IF($J36="None - Market",0,-INDEX('Data - Reference'!$B$32:$G$32,MATCH($D36,'Data - Reference'!$B$9:$G$9,0)))),0) -> 0 | X36: =ROUND(SUM(V36:W36),0) -> 0 | Y36: =IFERROR(X36/$E36,0) -> 0 | Z36: =X36*$G36*12 -> 0 | AA36: =IF(AND($P36=$S36,$P36>0,$S36>0,$X36>0),MIN($P36,$S36,$X36), IF(AND($P36<$S36,$X36>0),MIN($S36,$X36), $S36)) -> 0 | AB36: =IFERROR(AA36/$E36,0) -> 0 | AC36: =AA36*$G36*12 -> 0 | AD36: =IFERROR(IF(I36="Market","NA",IF(S36=0,"NA",IF(S36>X36,"N","Y"))),"NA") -> NA | AE36: =IFERROR(IF(AG36="Y","Y", IF(AND(AG36="N",AF36="Input Household Income"),"TBD", IF(AND(OR(AH36="1a",AH36="2a"),OR(AF36="Y",AG36="Y")),"Y", IF(AND(OR(AH36="1b",AH36="2b"),AD36="Y"),"Y", IF(AH36="4","Y", IF(AH36="NA","NA", "N")))))),"NA") -> NA | AF36: =IFERROR(IF(OR(F36="N",AC36=0),"NA", IF(L36=0,"Input Household Income", IF(F36="Y",IF(OR(I36="PBV - Income-Restricted",I36="PBRA - Income-Restricted",(S36-W36)<=L36/12*0.3),"Y","N"),"NA"))),"NA") -> NA | AG36: =IFERROR(IF(AC36=0,"NA", IF(F36="Y",IF(AA36/P36-1<=0.05,"Y","N"),"NA")),"NA") -> NA | AH36: =IFERROR(IF(F36="N","NA", (IF(AND(I36="Market",N36>80%),"4", IF(AND(N36<>"NA",OR(N36>120%,N36=">150% AMI")),"3b", IF(AND(N36<=J36,N36<=80%),"1a", IF(AND(N36<=J36,N36>80%,N36<=120%),"1b", IF(AND(N36>J36,N36<=80%),"2a", IF(AND(N36>80%,N36<=120%,N36-J36<=20%),"2b", IF(AND(N36>80%,N36<=120%,N36-J36>20%),"3a", "Other"))))))))),"NA") -> NA | AI36: =IFERROR(INDEX('Legacy Resident Reference'!R:R,MATCH('Unit Summary - Rent Roll'!AH36,'Legacy Resident Reference'!P:P,0)),"NA") -> NA
B37: 12 | C37: <INSERT DESC> | D37: NA | E37: 0 | F37: N | G37: 0 | H37: =E37*G37 -> 0 | I37: NA | J37: NA | K37: NA | L37: 0 | M37: NA | N37: =IF(OR(L37=0,M37="NA"),"NA",IFERROR(INDEX('Data - Reference'!$B$37:$B$52,MATCH('Unit Summary - Rent Roll'!$L37,INDEX('Data - Reference'!$B$37:$J$52,,MATCH('Unit Summary - Rent Roll'!$M37,'Data - Reference'!$B$37:$J$37,0)),-1),1),">120% AMI")) -> NA | O37: N | P37: 0 | Q37: =IFERROR(P37/$E37,0) -> 0 | R37: =IF(F37="Y",P37*$G37*12,0) -> 0 | S37: 0 | T37: =IFERROR(S37/$E37,0) -> 0 | U37: =S37*$G37*12 -> 0 | V37: =IFERROR(IF(INDEX(AE$14:AE$18,MATCH($D37,$AD$14:$AD$18,0))<>0,INDEX(AE$14:AE$18,MATCH($D37,$AD$14:$AD$18,0)), IF($L37="Market",0,IF($K37="HUD FMR",INDEX('Data - Reference'!$B$31:$G$31,MATCH($D37,'Data - Reference'!$B$9:$G$9,0)),INDEX('Data - Reference'!$B$9:$G$31,MATCH($J37,'Data - Reference'!$B$9:$B$31,0),MATCH($D37,'Data - Reference'!$B$9:$G$9,0))))),0) -> 0 | W37: =IFERROR(IF(INDEX(AF$14:AF$18,MATCH($D37,$AD$14:$AD$18,0))<>0,INDEX(AF$14:AF$18,MATCH($D37,$AD$14:$AD$18,0)), IF($J37="None - Market",0,-INDEX('Data - Reference'!$B$32:$G$32,MATCH($D37,'Data - Reference'!$B$9:$G$9,0)))),0) -> 0 | X37: =ROUND(SUM(V37:W37),0) -> 0 | Y37: =IFERROR(X37/$E37,0) -> 0 | Z37: =X37*$G37*12 -> 0 | AA37: =IF(AND($P37=$S37,$P37>0,$S37>0,$X37>0),MIN($P37,$S37,$X37), IF(AND($P37<$S37,$X37>0),MIN($S37,$X37), $S37)) -> 0 | AB37: =IFERROR(AA37/$E37,0) -> 0 | AC37: =AA37*$G37*12 -> 0 | AD37: =IFERROR(IF(I37="Market","NA",IF(S37=0,"NA",IF(S37>X37,"N","Y"))),"NA") -> NA | AE37: =IFERROR(IF(AG37="Y","Y", IF(AND(AG37="N",AF37="Input Household Income"),"TBD", IF(AND(OR(AH37="1a",AH37="2a"),OR(AF37="Y",AG37="Y")),"Y", IF(AND(OR(AH37="1b",AH37="2b"),AD37="Y"),"Y", IF(AH37="4","Y", IF(AH37="NA","NA", "N")))))),"NA") -> NA | AF37: =IFERROR(IF(OR(F37="N",AC37=0),"NA", IF(L37=0,"Input Household Income", IF(F37="Y",IF(OR(I37="PBV - Income-Restricted",I37="PBRA - Income-Restricted",(S37-W37)<=L37/12*0.3),"Y","N"),"NA"))),"NA") -> NA | AG37: =IFERROR(IF(AC37=0,"NA", IF(F37="Y",IF(AA37/P37-1<=0.05,"Y","N"),"NA")),"NA") -> NA | AH37: =IFERROR(IF(F37="N","NA", (IF(AND(I37="Market",N37>80%),"4", IF(AND(N37<>"NA",OR(N37>120%,N37=">150% AMI")),"3b", IF(AND(N37<=J37,N37<=80%),"1a", IF(AND(N37<=J37,N37>80%,N37<=120%),"1b", IF(AND(N37>J37,N37<=80%),"2a", IF(AND(N37>80%,N37<=120%,N37-J37<=20%),"2b", IF(AND(N37>80%,N37<=120%,N37-J37>20%),"3a", "Other"))))))))),"NA") -> NA | AI37: =IFERROR(INDEX('Legacy Resident Reference'!R:R,MATCH('Unit Summary - Rent Roll'!AH37,'Legacy Resident Reference'!P:P,0)),"NA") -> NA
... B125: 100 | C125: <INSERT DESC> | D125: NA | E125: 0 | F125: N | G125: 0 | H125: =E125*G125 -> 0 | I125: NA | J125: NA | K125: NA | L125: 0 | M125: NA | N125: =IF(OR(L125=0,M125="NA"),"NA",IFERROR(INDEX('Data - Reference'!$B$37:$B$52,MATCH('Unit Summary - Rent Roll'!$L125,INDEX('Data - Reference'!$B$37:$J$52,,MATCH('Unit Summary - Rent Roll'!$M125,'Data - Reference'!$B$37:$J$37,0)),-1),1),">120% AMI")) -> NA | O125: N | P125: 0 | Q125: =IFERROR(P125/$E125,0) -> 0 | R125: =IF(F125="Y",P125*$G125*12,0) -> 0 | S125: 0 | T125: =IFERROR(S125/$E125,0) -> 0 | U125: =S125*$G125*12 -> 0 | V125: =IFERROR(IF(INDEX(AE$14:AE$18,MATCH($D125,$AD$14:$AD$18,0))<>0,INDEX(AE$14:AE$18,MATCH($D125,$AD$14:$AD$18,0)), IF($L125="Market",0,IF($K125="HUD FMR",INDEX('Data - Reference'!$B$31:$G$31,MATCH($D125,'Data - Reference'!$B$9:$G$9,0)),INDEX('Data - Reference'!$B$9:$G$31,MATCH($J125,'Data - Reference'!$B$9:$B$31,0),MATCH($D125,'Data - Reference'!$B$9:$G$9,0))))),0) -> 0 | W125: =IFERROR(IF(INDEX(AF$14:AF$18,MATCH($D125,$AD$14:$AD$18,0))<>0,INDEX(AF$14:AF$18,MATCH($D125,$AD$14:$AD$18,0)), IF($J125="None - Market",0,-INDEX('Data - Reference'!$B$32:$G$32,MATCH($D125,'Data - Reference'!$B$9:$G$9,0)))),0) -> 0 | X125: =ROUND(SUM(V125:W125),0) -> 0 | Y125: =IFERROR(X125/$E125,0) -> 0 | Z125: =X125*$G125*12 -> 0 | AA125: =IF(AND($P125=$S125,$P125>0,$S125>0,$X125>0),MIN($P125,$S125,$X125), IF(AND($P125<$S125,$X125>0),MIN($S125,$X125), $S125)) -> 0 | AB125: =IFERROR(AA125/$E125,0) -> 0 | AC125: =AA125*$G125*12 -> 0 | AD125: =IFERROR(IF(I125="Market","NA",IF(S125=0,"NA",IF(S125>X125,"N","Y"))),"NA") -> NA | AE125: =IFERROR(IF(AG125="Y","Y", IF(AND(AG125="N",AF125="Input Household Income"),"TBD", IF(AND(OR(AH125="1a",AH125="2a"),OR(AF125="Y",AG125="Y")),"Y", IF(AND(OR(AH125="1b",AH125="2b"),AD125="Y"),"Y", IF(AH125="4","Y", IF(AH125="NA","NA", "N")))))),"NA") -> NA | AF125: =IFERROR(IF(OR(F125="N",AC125=0),"NA", IF(L125=0,"Input Household Income", IF(F125="Y",IF(OR(I125="PBV - Income-Restricted",I125="PBRA - Income-Restricted",(S125-W125)<=L125/12*0.3),"Y","N"),"NA"))),"NA") -> NA | AG125: =IFERROR(IF(AC125=0,"NA", IF(F125="Y",IF(AA125/P125-1<=0.05,"Y","N"),"NA")),"NA") -> NA | AH125: =IFERROR(IF(F125="N","NA", (IF(AND(I125="Market",N125>80%),"4", IF(AND(N125<>"NA",OR(N125>120%,N125=">150% AMI")),"3b", IF(AND(N125<=J125,N125<=80%),"1a", IF(AND(N125<=J125,N125>80%,N125<=120%),"1b", IF(AND(N125>J125,N125<=80%),"2a", IF(AND(N125>80%,N125<=120%,N125-J125<=20%),"2b", IF(AND(N125>80%,N125<=120%,N125-J125>20%),"3a", "Other"))))))))),"NA") -> NA | AI125: =IFERROR(INDEX('Legacy Resident Reference'!R:R,MATCH('Unit Summary - Rent Roll'!AH125,'Legacy Resident Reference'!P:P,0)),"NA") -> NA
B126: 101 | C126: <INSERT DESC> | D126: NA | E126: 0 | F126: N | G126: 0 | H126: =E126*G126 -> 0 | I126: NA | J126: NA | K126: NA | L126: 0 | M126: NA | N126: =IF(OR(L126=0,M126="NA"),"NA",IFERROR(INDEX('Data - Reference'!$B$37:$B$52,MATCH('Unit Summary - Rent Roll'!$L126,INDEX('Data - Reference'!$B$37:$J$52,,MATCH('Unit Summary - Rent Roll'!$M126,'Data - Reference'!$B$37:$J$37,0)),-1),1),">150% AMI")) -> NA | O126: N | P126: 0 | Q126: =IFERROR(P126/$E126,0) -> 0 | R126: =IF(F126="Y",P126*$G126*12,0) -> 0 | S126: 0 | T126: =IFERROR(S126/$E126,0) -> 0 | U126: =S126*$G126*12 -> 0 | V126: =IFERROR(IF(INDEX(AE$14:AE$18,MATCH($D126,$AD$14:$AD$18,0))<>0,INDEX(AE$14:AE$18,MATCH($D126,$AD$14:$AD$18,0)), IF($L126="Market",0,IF($K126="HUD FMR",INDEX('Data - Reference'!$B$31:$G$31,MATCH($D126,'Data - Reference'!$B$9:$G$9,0)),INDEX('Data - Reference'!$B$9:$G$31,MATCH($J126,'Data - Reference'!$B$9:$B$31,0),MATCH($D126,'Data - Reference'!$B$9:$G$9,0))))),0) -> 0 | W126: =IFERROR(IF(INDEX(AF$14:AF$18,MATCH($D126,$AD$14:$AD$18,0))<>0,INDEX(AF$14:AF$18,MATCH($D126,$AD$14:$AD$18,0)), IF($J126="None - Market",0,-INDEX('Data - Reference'!$B$32:$G$32,MATCH($D126,'Data - Reference'!$B$9:$G$9,0)))),0) -> 0 | X126: =ROUND(SUM(V126:W126),0) -> 0 | Y126: =IFERROR(X126/$E126,0) -> 0 | Z126: =X126*$G126*12 -> 0 | AA126: =IF(AND($P126=$S126,$P126>0,$S126>0,$X126>0),MIN($P126,$S126,$X126), IF(AND($P126<$S126,$X126>0),MIN($S126,$X126), $S126)) -> 0 | AB126: =IFERROR(AA126/$E126,0) -> 0 | AC126: =AA126*$G126*12 -> 0 | AD126: =IFERROR(IF(I126="Market","NA",IF(S126=0,"NA",IF(S126>X126,"N","Y"))),"NA") -> NA | AE126: =IFERROR(IF(AG126="Y","Y", IF(AND(AG126="N",AF126="Input Household Income"),"TBD", IF(AND(OR(AH126="1a",AH126="2a"),OR(AF126="Y",AG126="Y")),"Y", IF(AND(OR(AH126="1b",AH126="2b"),AD126="Y"),"Y", IF(AH126="4","Y", IF(AH126="NA","NA", "N")))))),"NA") -> NA | AF126: =IFERROR(IF(OR(F126="N",AC126=0),"NA", IF(L126=0,"Input Household Income", IF(F126="Y",IF(OR(I126="PBV - Income-Restricted",I126="PBRA - Income-Restricted",(S126-W126)<=L126/12*0.3),"Y","N"),"NA"))),"NA") -> NA | AG126: =IFERROR(IF(AC126=0,"NA", IF(F126="Y",IF(AA126/P126-1<=0.05,"Y","N"),"NA")),"NA") -> NA | AH126: =IFERROR(IF(F126="N","NA", (IF(AND(I126="Market",N126>80%),"4", IF(AND(N126<>"NA",OR(N126>120%,N126=">150% AMI")),"3b", IF(AND(N126<=J126,N126<=80%),"1a", IF(AND(N126<=J126,N126>80%,N126<=120%),"1b", IF(AND(N126>J126,N126<=80%),"2a", IF(AND(N126>80%,N126<=120%,N126-J126<=20%),"2b", IF(AND(N126>80%,N126<=120%,N126-J126>20%),"3a", "Other"))))))))),"NA") -> NA | AI126: =IFERROR(INDEX('Legacy Resident Reference'!R:R,MATCH('Unit Summary - Rent Roll'!AH126,'Legacy Resident Reference'!P:P,0)),"NA") -> NA
B127: 102 | C127: <INSERT DESC> | D127: NA | E127: 0 | F127: N | G127: 0 | H127: =E127*G127 -> 0 | I127: NA | J127: NA | K127: NA | L127: 0 | M127: NA | N127: =IF(OR(L127=0,M127="NA"),"NA",IFERROR(INDEX('Data - Reference'!$B$37:$B$52,MATCH('Unit Summary - Rent Roll'!$L127,INDEX('Data - Reference'!$B$37:$J$52,,MATCH('Unit Summary - Rent Roll'!$M127,'Data - Reference'!$B$37:$J$37,0)),-1),1),">150% AMI")) -> NA | O127: N | P127: 0 | Q127: =IFERROR(P127/$E127,0) -> 0 | R127: =IF(F127="Y",P127*$G127*12,0) -> 0 | S127: 0 | T127: =IFERROR(S127/$E127,0) -> 0 | U127: =S127*$G127*12 -> 0 | V127: =IFERROR(IF(INDEX(AE$14:AE$18,MATCH($D127,$AD$14:$AD$18,0))<>0,INDEX(AE$14:AE$18,MATCH($D127,$AD$14:$AD$18,0)), IF($L127="Market",0,IF($K127="HUD FMR",INDEX('Data - Reference'!$B$31:$G$31,MATCH($D127,'Data - Reference'!$B$9:$G$9,0)),INDEX('Data - Reference'!$B$9:$G$31,MATCH($J127,'Data - Reference'!$B$9:$B$31,0),MATCH($D127,'Data - Reference'!$B$9:$G$9,0))))),0) -> 0 | W127: =IFERROR(IF(INDEX(AF$14:AF$18,MATCH($D127,$AD$14:$AD$18,0))<>0,INDEX(AF$14:AF$18,MATCH($D127,$AD$14:$AD$18,0)), IF($J127="None - Market",0,-INDEX('Data - Reference'!$B$32:$G$32,MATCH($D127,'Data - Reference'!$B$9:$G$9,0)))),0) -> 0 | X127: =ROUND(SUM(V127:W127),0) -> 0 | Y127: =IFERROR(X127/$E127,0) -> 0 | Z127: =X127*$G127*12 -> 0 | AA127: =IF(AND($P127=$S127,$P127>0,$S127>0,$X127>0),MIN($P127,$S127,$X127), IF(AND($P127<$S127,$X127>0),MIN($S127,$X127), $S127)) -> 0 | AB127: =IFERROR(AA127/$E127,0) -> 0 | AC127: =AA127*$G127*12 -> 0 | AD127: =IFERROR(IF(I127="Market","NA",IF(S127=0,"NA",IF(S127>X127,"N","Y"))),"NA") -> NA | AE127: =IFERROR(IF(AG127="Y","Y", IF(AND(AG127="N",AF127="Input Household Income"),"TBD", IF(AND(OR(AH127="1a",AH127="2a"),OR(AF127="Y",AG127="Y")),"Y", IF(AND(OR(AH127="1b",AH127="2b"),AD127="Y"),"Y", IF(AH127="4","Y", IF(AH127="NA","NA", "N")))))),"NA") -> NA | AF127: =IFERROR(IF(OR(F127="N",AC127=0),"NA", IF(L127=0,"Input Household Income", IF(F127="Y",IF(OR(I127="PBV - Income-Restricted",I127="PBRA - Income-Restricted",(S127-W127)<=L127/12*0.3),"Y","N"),"NA"))),"NA") -> NA | AG127: =IFERROR(IF(AC127=0,"NA", IF(F127="Y",IF(AA127/P127-1<=0.05,"Y","N"),"NA")),"NA") -> NA | AH127: =IFERROR(IF(F127="N","NA", (IF(AND(I127="Market",N127>80%),"4", IF(AND(N127<>"NA",OR(N127>120%,N127=">150% AMI")),"3b", IF(AND(N127<=J127,N127<=80%),"1a", IF(AND(N127<=J127,N127>80%,N127<=120%),"1b", IF(AND(N127>J127,N127<=80%),"2a", IF(AND(N127>80%,N127<=120%,N127-J127<=20%),"2b", IF(AND(N127>80%,N127<=120%,N127-J127>20%),"3a", "Other"))))))))),"NA") -> NA | AI127: =IFERROR(INDEX('Legacy Resident Reference'!R:R,MATCH('Unit Summary - Rent Roll'!AH127,'Legacy Resident Reference'!P:P,0)),"NA") -> NA
B128: 103 | C128: <INSERT DESC> | D128: NA | E128: 0 | F128: N | G128: 0 | H128: =E128*G128 -> 0 | I128: NA | J128: NA | K128: NA | L128: 0 | M128: NA | N128: =IF(OR(L128=0,M128="NA"),"NA",IFERROR(INDEX('Data - Reference'!$B$37:$B$52,MATCH('Unit Summary - Rent Roll'!$L128,INDEX('Data - Reference'!$B$37:$J$52,,MATCH('Unit Summary - Rent Roll'!$M128,'Data - Reference'!$B$37:$J$37,0)),-1),1),">150% AMI")) -> NA | O128: N | P128: 0 | Q128: =IFERROR(P128/$E128,0) -> 0 | R128: =IF(F128="Y",P128*$G128*12,0) -> 0 | S128: 0 | T128: =IFERROR(S128/$E128,0) -> 0 | U128: =S128*$G128*12 -> 0 | V128: =IFERROR(IF(INDEX(AE$14:AE$18,MATCH($D128,$AD$14:$AD$18,0))<>0,INDEX(AE$14:AE$18,MATCH($D128,$AD$14:$AD$18,0)), IF($L128="Market",0,IF($K128="HUD FMR",INDEX('Data - Reference'!$B$31:$G$31,MATCH($D128,'Data - Reference'!$B$9:$G$9,0)),INDEX('Data - Reference'!$B$9:$G$31,MATCH($J128,'Data - Reference'!$B$9:$B$31,0),MATCH($D128,'Data - Reference'!$B$9:$G$9,0))))),0) -> 0 | W128: =IFERROR(IF(INDEX(AF$14:AF$18,MATCH($D128,$AD$14:$AD$18,0))<>0,INDEX(AF$14:AF$18,MATCH($D128,$AD$14:$AD$18,0)), IF($J128="None - Market",0,-INDEX('Data - Reference'!$B$32:$G$32,MATCH($D128,'Data - Reference'!$B$9:$G$9,0)))),0) -> 0 | X128: =ROUND(SUM(V128:W128),0) -> 0 | Y128: =IFERROR(X128/$E128,0) -> 0 | Z128: =X128*$G128*12 -> 0 | AA128: =IF(AND($P128=$S128,$P128>0,$S128>0,$X128>0),MIN($P128,$S128,$X128), IF(AND($P128<$S128,$X128>0),MIN($S128,$X128), $S128)) -> 0 | AB128: =IFERROR(AA128/$E128,0) -> 0 | AC128: =AA128*$G128*12 -> 0 | AD128: =IFERROR(IF(I128="Market","NA",IF(S128=0,"NA",IF(S128>X128,"N","Y"))),"NA") -> NA | AE128: =IFERROR(IF(AG128="Y","Y", IF(AND(AG128="N",AF128="Input Household Income"),"TBD", IF(AND(OR(AH128="1a",AH128="2a"),OR(AF128="Y",AG128="Y")),"Y", IF(AND(OR(AH128="1b",AH128="2b"),AD128="Y"),"Y", IF(AH128="4","Y", IF(AH128="NA","NA", "N")))))),"NA") -> NA | AF128: =IFERROR(IF(OR(F128="N",AC128=0),"NA", IF(L128=0,"Input Household Income", IF(F128="Y",IF(OR(I128="PBV - Income-Restricted",I128="PBRA - Income-Restricted",(S128-W128)<=L128/12*0.3),"Y","N"),"NA"))),"NA") -> NA | AG128: =IFERROR(IF(AC128=0,"NA", IF(F128="Y",IF(AA128/P128-1<=0.05,"Y","N"),"NA")),"NA") -> NA | AH128: =IFERROR(IF(F128="N","NA", (IF(AND(I128="Market",N128>80%),"4", IF(AND(N128<>"NA",OR(N128>120%,N128=">150% AMI")),"3b", IF(AND(N128<=J128,N128<=80%),"1a", IF(AND(N128<=J128,N128>80%,N128<=120%),"1b", IF(AND(N128>J128,N128<=80%),"2a", IF(AND(N128>80%,N128<=120%,N128-J128<=20%),"2b", IF(AND(N128>80%,N128<=120%,N128-J128>20%),"3a", "Other"))))))))),"NA") -> NA | AI128: =IFERROR(INDEX('Legacy Resident Reference'!R:R,MATCH('Unit Summary - Rent Roll'!AH128,'Legacy Resident Reference'!P:P,0)),"NA") -> NA
B129: 104 | C129: <INSERT DESC> | D129: NA | E129: 0 | F129: N | G129: 0 | H129: =E129*G129 -> 0 | I129: NA | J129: NA | K129: NA | L129: 0 | M129: NA | N129: =IF(OR(L129=0,M129="NA"),"NA",IFERROR(INDEX('Data - Reference'!$B$37:$B$52,MATCH('Unit Summary - Rent Roll'!$L129,INDEX('Data - Reference'!$B$37:$J$52,,MATCH('Unit Summary - Rent Roll'!$M129,'Data - Reference'!$B$37:$J$37,0)),-1),1),">150% AMI")) -> NA | O129: N | P129: 0 | Q129: =IFERROR(P129/$E129,0) -> 0 | R129: =IF(F129="Y",P129*$G129*12,0) -> 0 | S129: 0 | T129: =IFERROR(S129/$E129,0) -> 0 | U129: =S129*$G129*12 -> 0 | V129: =IFERROR(IF(INDEX(AE$14:AE$18,MATCH($D129,$AD$14:$AD$18,0))<>0,INDEX(AE$14:AE$18,MATCH($D129,$AD$14:$AD$18,0)), IF($L129="Market",0,IF($K129="HUD FMR",INDEX('Data - Reference'!$B$31:$G$31,MATCH($D129,'Data - Reference'!$B$9:$G$9,0)),INDEX('Data - Reference'!$B$9:$G$31,MATCH($J129,'Data - Reference'!$B$9:$B$31,0),MATCH($D129,'Data - Reference'!$B$9:$G$9,0))))),0) -> 0 | W129: =IFERROR(IF(INDEX(AF$14:AF$18,MATCH($D129,$AD$14:$AD$18,0))<>0,INDEX(AF$14:AF$18,MATCH($D129,$AD$14:$AD$18,0)), IF($J129="None - Market",0,-INDEX('Data - Reference'!$B$32:$G$32,MATCH($D129,'Data - Reference'!$B$9:$G$9,0)))),0) -> 0 | X129: =ROUND(SUM(V129:W129),0) -> 0 | Y129: =IFERROR(X129/$E129,0) -> 0 | Z129: =X129*$G129*12 -> 0 | AA129: =IF(AND($P129=$S129,$P129>0,$S129>0,$X129>0),MIN($P129,$S129,$X129), IF(AND($P129<$S129,$X129>0),MIN($S129,$X129), $S129)) -> 0 | AB129: =IFERROR(AA129/$E129,0) -> 0 | AC129: =AA129*$G129*12 -> 0 | AD129: =IFERROR(IF(I129="Market","NA",IF(S129=0,"NA",IF(S129>X129,"N","Y"))),"NA") -> NA | AE129: =IFERROR(IF(AG129="Y","Y", IF(AND(AG129="N",AF129="Input Household Income"),"TBD", IF(AND(OR(AH129="1a",AH129="2a"),OR(AF129="Y",AG129="Y")),"Y", IF(AND(OR(AH129="1b",AH129="2b"),AD129="Y"),"Y", IF(AH129="4","Y", IF(AH129="NA","NA", "N")))))),"NA") -> NA | AF129: =IFERROR(IF(OR(F129="N",AC129=0),"NA", IF(L129=0,"Input Household Income", IF(F129="Y",IF(OR(I129="PBV - Income-Restricted",I129="PBRA - Income-Restricted",(S129-W129)<=L129/12*0.3),"Y","N"),"NA"))),"NA") -> NA | AG129: =IFERROR(IF(AC129=0,"NA", IF(F129="Y",IF(AA129/P129-1<=0.05,"Y","N"),"NA")),"NA") -> NA | AH129: =IFERROR(IF(F129="N","NA", (IF(AND(I129="Market",N129>80%),"4", IF(AND(N129<>"NA",OR(N129>120%,N129=">150% AMI")),"3b", IF(AND(N129<=J129,N129<=80%),"1a", IF(AND(N129<=J129,N129>80%,N129<=120%),"1b", IF(AND(N129>J129,N129<=80%),"2a", IF(AND(N129>80%,N129<=120%,N129-J129<=20%),"2b", IF(AND(N129>80%,N129<=120%,N129-J129>20%),"3a", "Other"))))))))),"NA") -> NA | AI129: =IFERROR(INDEX('Legacy Resident Reference'!R:R,MATCH('Unit Summary - Rent Roll'!AH129,'Legacy Resident Reference'!P:P,0)),"NA") -> NA
B130: 105 | C130: <INSERT DESC> | D130: NA | E130: 0 | F130: N | G130: 0 | H130: =E130*G130 -> 0 | I130: NA | J130: NA | K130: NA | L130: 0 | M130: NA | N130: =IF(OR(L130=0,M130="NA"),"NA",IFERROR(INDEX('Data - Reference'!$B$37:$B$52,MATCH('Unit Summary - Rent Roll'!$L130,INDEX('Data - Reference'!$B$37:$J$52,,MATCH('Unit Summary - Rent Roll'!$M130,'Data - Reference'!$B$37:$J$37,0)),-1),1),">150% AMI")) -> NA | O130: N | P130: 0 | Q130: =IFERROR(P130/$E130,0) -> 0 | R130: =IF(F130="Y",P130*$G130*12,0) -> 0 | S130: 0 | T130: =IFERROR(S130/$E130,0) -> 0 | U130: =S130*$G130*12 -> 0 | V130: =IFERROR(IF(INDEX(AE$14:AE$18,MATCH($D130,$AD$14:$AD$18,0))<>0,INDEX(AE$14:AE$18,MATCH($D130,$AD$14:$AD$18,0)), IF($L130="Market",0,IF($K130="HUD FMR",INDEX('Data - Reference'!$B$31:$G$31,MATCH($D130,'Data - Reference'!$B$9:$G$9,0)),INDEX('Data - Reference'!$B$9:$G$31,MATCH($J130,'Data - Reference'!$B$9:$B$31,0),MATCH($D130,'Data - Reference'!$B$9:$G$9,0))))),0) -> 0 | W130: =IFERROR(IF(INDEX(AF$14:AF$18,MATCH($D130,$AD$14:$AD$18,0))<>0,INDEX(AF$14:AF$18,MATCH($D130,$AD$14:$AD$18,0)), IF($J130="None - Market",0,-INDEX('Data - Reference'!$B$32:$G$32,MATCH($D130,'Data - Reference'!$B$9:$G$9,0)))),0) -> 0 | X130: =ROUND(SUM(V130:W130),0) -> 0 | Y130: =IFERROR(X130/$E130,0) -> 0 | Z130: =X130*$G130*12 -> 0 | AA130: =IF(AND($P130=$S130,$P130>0,$S130>0,$X130>0),MIN($P130,$S130,$X130), IF(AND($P130<$S130,$X130>0),MIN($S130,$X130), $S130)) -> 0 | AB130: =IFERROR(AA130/$E130,0) -> 0 | AC130: =AA130*$G130*12 -> 0 | AD130: =IFERROR(IF(I130="Market","NA",IF(S130=0,"NA",IF(S130>X130,"N","Y"))),"NA") -> NA | AE130: =IFERROR(IF(AG130="Y","Y", IF(AND(AG130="N",AF130="Input Household Income"),"TBD", IF(AND(OR(AH130="1a",AH130="2a"),OR(AF130="Y",AG130="Y")),"Y", IF(AND(OR(AH130="1b",AH130="2b"),AD130="Y"),"Y", IF(AH130="4","Y", IF(AH130="NA","NA", "N")))))),"NA") -> NA | AF130: =IFERROR(IF(OR(F130="N",AC130=0),"NA", IF(L130=0,"Input Household Income", IF(F130="Y",IF(OR(I130="PBV - Income-Restricted",I130="PBRA - Income-Restricted",(S130-W130)<=L130/12*0.3),"Y","N"),"NA"))),"NA") -> NA | AG130: =IFERROR(IF(AC130=0,"NA", IF(F130="Y",IF(AA130/P130-1<=0.05,"Y","N"),"NA")),"NA") -> NA | AH130: =IFERROR(IF(F130="N","NA", (IF(AND(I130="Market",N130>80%),"4", IF(AND(N130<>"NA",OR(N130>120%,N130=">150% AMI")),"3b", IF(AND(N130<=J130,N130<=80%),"1a", IF(AND(N130<=J130,N130>80%,N130<=120%),"1b", IF(AND(N130>J130,N130<=80%),"2a", IF(AND(N130>80%,N130<=120%,N130-J130<=20%),"2b", IF(AND(N130>80%,N130<=120%,N130-J130>20%),"3a", "Other"))))))))),"NA") -> NA | AI130: =IFERROR(INDEX('Legacy Resident Reference'!R:R,MATCH('Unit Summary - Rent Roll'!AH130,'Legacy Resident Reference'!P:P,0)),"NA") -> NA
B131: 106 | C131: <INSERT DESC> | D131: NA | E131: 0 | F131: N | G131: 0 | H131: =E131*G131 -> 0 | I131: NA | J131: NA | K131: NA | L131: 0 | M131: NA | N131: =IF(OR(L131=0,M131="NA"),"NA",IFERROR(INDEX('Data - Reference'!$B$37:$B$52,MATCH('Unit Summary - Rent Roll'!$L131,INDEX('Data - Reference'!$B$37:$J$52,,MATCH('Unit Summary - Rent Roll'!$M131,'Data - Reference'!$B$37:$J$37,0)),-1),1),">150% AMI")) -> NA | O131: N | P131: 0 | Q131: =IFERROR(P131/$E131,0) -> 0 | R131: =IF(F131="Y",P131*$G131*12,0) -> 0 | S131: 0 | T131: =IFERROR(S131/$E131,0) -> 0 | U131: =S131*$G131*12 -> 0 | V131: =IFERROR(IF(INDEX(AE$14:AE$18,MATCH($D131,$AD$14:$AD$18,0))<>0,INDEX(AE$14:AE$18,MATCH($D131,$AD$14:$AD$18,0)), IF($L131="Market",0,IF($K131="HUD FMR",INDEX('Data - Reference'!$B$31:$G$31,MATCH($D131,'Data - Reference'!$B$9:$G$9,0)),INDEX('Data - Reference'!$B$9:$G$31,MATCH($J131,'Data - Reference'!$B$9:$B$31,0),MATCH($D131,'Data - Reference'!$B$9:$G$9,0))))),0) -> 0 | W131: =IFERROR(IF(INDEX(AF$14:AF$18,MATCH($D131,$AD$14:$AD$18,0))<>0,INDEX(AF$14:AF$18,MATCH($D131,$AD$14:$AD$18,0)), IF($J131="None - Market",0,-INDEX('Data - Reference'!$B$32:$G$32,MATCH($D131,'Data - Reference'!$B$9:$G$9,0)))),0) -> 0 | X131: =ROUND(SUM(V131:W131),0) -> 0 | Y131: =IFERROR(X131/$E131,0) -> 0 | Z131: =X131*$G131*12 -> 0 | AA131: =IF(AND($P131=$S131,$P131>0,$S131>0,$X131>0),MIN($P131,$S131,$X131), IF(AND($P131<$S131,$X131>0),MIN($S131,$X131), $S131)) -> 0 | AB131: =IFERROR(AA131/$E131,0) -> 0 | AC131: =AA131*$G131*12 -> 0 | AD131: =IFERROR(IF(I131="Market","NA",IF(S131=0,"NA",IF(S131>X131,"N","Y"))),"NA") -> NA | AE131: =IFERROR(IF(AG131="Y","Y", IF(AND(AG131="N",AF131="Input Household Income"),"TBD", IF(AND(OR(AH131="1a",AH131="2a"),OR(AF131="Y",AG131="Y")),"Y", IF(AND(OR(AH131="1b",AH131="2b"),AD131="Y"),"Y", IF(AH131="4","Y", IF(AH131="NA","NA", "N")))))),"NA") -> NA | AF131: =IFERROR(IF(OR(F131="N",AC131=0),"NA", IF(L131=0,"Input Household Income", IF(F131="Y",IF(OR(I131="PBV - Income-Restricted",I131="PBRA - Income-Restricted",(S131-W131)<=L131/12*0.3),"Y","N"),"NA"))),"NA") -> NA | AG131: =IFERROR(IF(AC131=0,"NA", IF(F131="Y",IF(AA131/P131-1<=0.05,"Y","N"),"NA")),"NA") -> NA | AH131: =IFERROR(IF(F131="N","NA", (IF(AND(I131="Market",N131>80%),"4", IF(AND(N131<>"NA",OR(N131>120%,N131=">150% AMI")),"3b", IF(AND(N131<=J131,N131<=80%),"1a", IF(AND(N131<=J131,N131>80%,N131<=120%),"1b", IF(AND(N131>J131,N131<=80%),"2a", IF(AND(N131>80%,N131<=120%,N131-J131<=20%),"2b", IF(AND(N131>80%,N131<=120%,N131-J131>20%),"3a", "Other"))))))))),"NA") -> NA | AI131: =IFERROR(INDEX('Legacy Resident Reference'!R:R,MATCH('Unit Summary - Rent Roll'!AH131,'Legacy Resident Reference'!P:P,0)),"NA") -> NA
B132: 107 | C132: <INSERT DESC> | D132: NA | E132: 0 | F132: N | G132: 0 | H132: =E132*G132 -> 0 | I132: NA | J132: NA | K132: NA | L132: 0 | M132: NA | N132: =IF(OR(L132=0,M132="NA"),"NA",IFERROR(INDEX('Data - Reference'!$B$37:$B$52,MATCH('Unit Summary - Rent Roll'!$L132,INDEX('Data - Reference'!$B$37:$J$52,,MATCH('Unit Summary - Rent Roll'!$M132,'Data - Reference'!$B$37:$J$37,0)),-1),1),">150% AMI")) -> NA | O132: N | P132: 0 | Q132: =IFERROR(P132/$E132,0) -> 0 | R132: =IF(F132="Y",P132*$G132*12,0) -> 0 | S132: 0 | T132: =IFERROR(S132/$E132,0) -> 0 | U132: =S132*$G132*12 -> 0 | V132: =IFERROR(IF(INDEX(AE$14:AE$18,MATCH($D132,$AD$14:$AD$18,0))<>0,INDEX(AE$14:AE$18,MATCH($D132,$AD$14:$AD$18,0)), IF($L132="Market",0,IF($K132="HUD FMR",INDEX('Data - Reference'!$B$31:$G$31,MATCH($D132,'Data - Reference'!$B$9:$G$9,0)),INDEX('Data - Reference'!$B$9:$G$31,MATCH($J132,'Data - Reference'!$B$9:$B$31,0),MATCH($D132,'Data - Reference'!$B$9:$G$9,0))))),0) -> 0 | W132: =IFERROR(IF(INDEX(AF$14:AF$18,MATCH($D132,$AD$14:$AD$18,0))<>0,INDEX(AF$14:AF$18,MATCH($D132,$AD$14:$AD$18,0)), IF($J132="None - Market",0,-INDEX('Data - Reference'!$B$32:$G$32,MATCH($D132,'Data - Reference'!$B$9:$G$9,0)))),0) -> 0 | X132: =ROUND(SUM(V132:W132),0) -> 0 | Y132: =IFERROR(X132/$E132,0) -> 0 | Z132: =X132*$G132*12 -> 0 | AA132: =IF(AND($P132=$S132,$P132>0,$S132>0,$X132>0),MIN($P132,$S132,$X132), IF(AND($P132<$S132,$X132>0),MIN($S132,$X132), $S132)) -> 0 | AB132: =IFERROR(AA132/$E132,0) -> 0 | AC132: =AA132*$G132*12 -> 0 | AD132: =IFERROR(IF(I132="Market","NA",IF(S132=0,"NA",IF(S132>X132,"N","Y"))),"NA") -> NA | AE132: =IFERROR(IF(AG132="Y","Y", IF(AND(AG132="N",AF132="Input Household Income"),"TBD", IF(AND(OR(AH132="1a",AH132="2a"),OR(AF132="Y",AG132="Y")),"Y", IF(AND(OR(AH132="1b",AH132="2b"),AD132="Y"),"Y", IF(AH132="4","Y", IF(AH132="NA","NA", "N")))))),"NA") -> NA | AF132: =IFERROR(IF(OR(F132="N",AC132=0),"NA", IF(L132=0,"Input Household Income", IF(F132="Y",IF(OR(I132="PBV - Income-Restricted",I132="PBRA - Income-Restricted",(S132-W132)<=L132/12*0.3),"Y","N"),"NA"))),"NA") -> NA | AG132: =IFERROR(IF(AC132=0,"NA", IF(F132="Y",IF(AA132/P132-1<=0.05,"Y","N"),"NA")),"NA") -> NA | AH132: =IFERROR(IF(F132="N","NA", (IF(AND(I132="Market",N132>80%),"4", IF(AND(N132<>"NA",OR(N132>120%,N132=">150% AMI")),"3b", IF(AND(N132<=J132,N132<=80%),"1a", IF(AND(N132<=J132,N132>80%,N132<=120%),"1b", IF(AND(N132>J132,N132<=80%),"2a", IF(AND(N132>80%,N132<=120%,N132-J132<=20%),"2b", IF(AND(N132>80%,N132<=120%,N132-J132>20%),"3a", "Other"))))))))),"NA") -> NA | AI132: =IFERROR(INDEX('Legacy Resident Reference'!R:R,MATCH('Unit Summary - Rent Roll'!AH132,'Legacy Resident Reference'!P:P,0)),"NA") -> NA
B133: 108 | C133: <INSERT DESC> | D133: NA | E133: 0 | F133: N | G133: 0 | H133: =E133*G133 -> 0 | I133: NA | J133: NA | K133: NA | L133: 0 | M133: NA | N133: =IF(OR(L133=0,M133="NA"),"NA",IFERROR(INDEX('Data - Reference'!$B$37:$B$52,MATCH('Unit Summary - Rent Roll'!$L133,INDEX('Data - Reference'!$B$37:$J$52,,MATCH('Unit Summary - Rent Roll'!$M133,'Data - Reference'!$B$37:$J$37,0)),-1),1),">150% AMI")) -> NA | O133: N | P133: 0 | Q133: =IFERROR(P133/$E133,0) -> 0 | R133: =IF(F133="Y",P133*$G133*12,0) -> 0 | S133: 0 | T133: =IFERROR(S133/$E133,0) -> 0 | U133: =S133*$G133*12 -> 0 | V133: =IFERROR(IF(INDEX(AE$14:AE$18,MATCH($D133,$AD$14:$AD$18,0))<>0,INDEX(AE$14:AE$18,MATCH($D133,$AD$14:$AD$18,0)), IF($L133="Market",0,IF($K133="HUD FMR",INDEX('Data - Reference'!$B$31:$G$31,MATCH($D133,'Data - Reference'!$B$9:$G$9,0)),INDEX('Data - Reference'!$B$9:$G$31,MATCH($J133,'Data - Reference'!$B$9:$B$31,0),MATCH($D133,'Data - Reference'!$B$9:$G$9,0))))),0) -> 0 | W133: =IFERROR(IF(INDEX(AF$14:AF$18,MATCH($D133,$AD$14:$AD$18,0))<>0,INDEX(AF$14:AF$18,MATCH($D133,$AD$14:$AD$18,0)), IF($J133="None - Market",0,-INDEX('Data - Reference'!$B$32:$G$32,MATCH($D133,'Data - Reference'!$B$9:$G$9,0)))),0) -> 0 | X133: =ROUND(SUM(V133:W133),0) -> 0 | Y133: =IFERROR(X133/$E133,0) -> 0 | Z133: =X133*$G133*12 -> 0 | AA133: =IF(AND($P133=$S133,$P133>0,$S133>0,$X133>0),MIN($P133,$S133,$X133), IF(AND($P133<$S133,$X133>0),MIN($S133,$X133), $S133)) -> 0 | AB133: =IFERROR(AA133/$E133,0) -> 0 | AC133: =AA133*$G133*12 -> 0 | AD133: =IFERROR(IF(I133="Market","NA",IF(S133=0,"NA",IF(S133>X133,"N","Y"))),"NA") -> NA | AE133: =IFERROR(IF(AG133="Y","Y", IF(AND(AG133="N",AF133="Input Household Income"),"TBD", IF(AND(OR(AH133="1a",AH133="2a"),OR(AF133="Y",AG133="Y")),"Y", IF(AND(OR(AH133="1b",AH133="2b"),AD133="Y"),"Y", IF(AH133="4","Y", IF(AH133="NA","NA", "N")))))),"NA") -> NA | AF133: =IFERROR(IF(OR(F133="N",AC133=0),"NA", IF(L133=0,"Input Household Income", IF(F133="Y",IF(OR(I133="PBV - Income-Restricted",I133="PBRA - Income-Restricted",(S133-W133)<=L133/12*0.3),"Y","N"),"NA"))),"NA") -> NA | AG133: =IFERROR(IF(AC133=0,"NA", IF(F133="Y",IF(AA133/P133-1<=0.05,"Y","N"),"NA")),"NA") -> NA | AH133: =IFERROR(IF(F133="N","NA", (IF(AND(I133="Market",N133>80%),"4", IF(AND(N133<>"NA",OR(N133>120%,N133=">150% AMI")),"3b", IF(AND(N133<=J133,N133<=80%),"1a", IF(AND(N133<=J133,N133>80%,N133<=120%),"1b", IF(AND(N133>J133,N133<=80%),"2a", IF(AND(N133>80%,N133<=120%,N133-J133<=20%),"2b", IF(AND(N133>80%,N133<=120%,N133-J133>20%),"3a", "Other"))))))))),"NA") -> NA | AI133: =IFERROR(INDEX('Legacy Resident Reference'!R:R,MATCH('Unit Summary - Rent Roll'!AH133,'Legacy Resident Reference'!P:P,0)),"NA") -> NA
B134: 109 | C134: <INSERT DESC> | D134: NA | E134: 0 | F134: N | G134: 0 | H134: =E134*G134 -> 0 | I134: NA | J134: NA | K134: NA | L134: 0 | M134: NA | N134: =IF(OR(L134=0,M134="NA"),"NA",IFERROR(INDEX('Data - Reference'!$B$37:$B$52,MATCH('Unit Summary - Rent Roll'!$L134,INDEX('Data - Reference'!$B$37:$J$52,,MATCH('Unit Summary - Rent Roll'!$M134,'Data - Reference'!$B$37:$J$37,0)),-1),1),">150% AMI")) -> NA | O134: N | P134: 0 | Q134: =IFERROR(P134/$E134,0) -> 0 | R134: =IF(F134="Y",P134*$G134*12,0) -> 0 | S134: 0 | T134: =IFERROR(S134/$E134,0) -> 0 | U134: =S134*$G134*12 -> 0 | V134: =IFERROR(IF(INDEX(AE$14:AE$18,MATCH($D134,$AD$14:$AD$18,0))<>0,INDEX(AE$14:AE$18,MATCH($D134,$AD$14:$AD$18,0)), IF($L134="Market",0,IF($K134="HUD FMR",INDEX('Data - Reference'!$B$31:$G$31,MATCH($D134,'Data - Reference'!$B$9:$G$9,0)),INDEX('Data - Reference'!$B$9:$G$31,MATCH($J134,'Data - Reference'!$B$9:$B$31,0),MATCH($D134,'Data - Reference'!$B$9:$G$9,0))))),0) -> 0 | W134: =IFERROR(IF(INDEX(AF$14:AF$18,MATCH($D134,$AD$14:$AD$18,0))<>0,INDEX(AF$14:AF$18,MATCH($D134,$AD$14:$AD$18,0)), IF($J134="None - Market",0,-INDEX('Data - Reference'!$B$32:$G$32,MATCH($D134,'Data - Reference'!$B$9:$G$9,0)))),0) -> 0 | X134: =ROUND(SUM(V134:W134),0) -> 0 | Y134: =IFERROR(X134/$E134,0) -> 0 | Z134: =X134*$G134*12 -> 0 | AA134: =IF(AND($P134=$S134,$P134>0,$S134>0,$X134>0),MIN($P134,$S134,$X134), IF(AND($P134<$S134,$X134>0),MIN($S134,$X134), $S134)) -> 0 | AB134: =IFERROR(AA134/$E134,0) -> 0 | AC134: =AA134*$G134*12 -> 0 | AD134: =IFERROR(IF(I134="Market","NA",IF(S134=0,"NA",IF(S134>X134,"N","Y"))),"NA") -> NA | AE134: =IFERROR(IF(AG134="Y","Y", IF(AND(AG134="N",AF134="Input Household Income"),"TBD", IF(AND(OR(AH134="1a",AH134="2a"),OR(AF134="Y",AG134="Y")),"Y", IF(AND(OR(AH134="1b",AH134="2b"),AD134="Y"),"Y", IF(AH134="4","Y", IF(AH134="NA","NA", "N")))))),"NA") -> NA | AF134: =IFERROR(IF(OR(F134="N",AC134=0),"NA", IF(L134=0,"Input Household Income", IF(F134="Y",IF(OR(I134="PBV - Income-Restricted",I134="PBRA - Income-Restricted",(S134-W134)<=L134/12*0.3),"Y","N"),"NA"))),"NA") -> NA | AG134: =IFERROR(IF(AC134=0,"NA", IF(F134="Y",IF(AA134/P134-1<=0.05,"Y","N"),"NA")),"NA") -> NA | AH134: =IFERROR(IF(F134="N","NA", (IF(AND(I134="Market",N134>80%),"4", IF(AND(N134<>"NA",OR(N134>120%,N134=">150% AMI")),"3b", IF(AND(N134<=J134,N134<=80%),"1a", IF(AND(N134<=J134,N134>80%,N134<=120%),"1b", IF(AND(N134>J134,N134<=80%),"2a", IF(AND(N134>80%,N134<=120%,N134-J134<=20%),"2b", IF(AND(N134>80%,N134<=120%,N134-J134>20%),"3a", "Other"))))))))),"NA") -> NA | AI134: =IFERROR(INDEX('Legacy Resident Reference'!R:R,MATCH('Unit Summary - Rent Roll'!AH134,'Legacy Resident Reference'!P:P,0)),"NA") -> NA
B135: 110 | C135: <INSERT DESC> | D135: NA | E135: 0 | F135: N | G135: 0 | H135: =E135*G135 -> 0 | I135: NA | J135: NA | K135: NA | L135: 0 | M135: NA | N135: =IF(OR(L135=0,M135="NA"),"NA",IFERROR(INDEX('Data - Reference'!$B$37:$B$52,MATCH('Unit Summary - Rent Roll'!$L135,INDEX('Data - Reference'!$B$37:$J$52,,MATCH('Unit Summary - Rent Roll'!$M135,'Data - Reference'!$B$37:$J$37,0)),-1),1),">150% AMI")) -> NA | O135: N | P135: 0 | Q135: =IFERROR(P135/$E135,0) -> 0 | R135: =IF(F135="Y",P135*$G135*12,0) -> 0 | S135: 0 | T135: =IFERROR(S135/$E135,0) -> 0 | U135: =S135*$G135*12 -> 0 | V135: =IFERROR(IF(INDEX(AE$14:AE$18,MATCH($D135,$AD$14:$AD$18,0))<>0,INDEX(AE$14:AE$18,MATCH($D135,$AD$14:$AD$18,0)), IF($L135="Market",0,IF($K135="HUD FMR",INDEX('Data - Reference'!$B$31:$G$31,MATCH($D135,'Data - Reference'!$B$9:$G$9,0)),INDEX('Data - Reference'!$B$9:$G$31,MATCH($J135,'Data - Reference'!$B$9:$B$31,0),MATCH($D135,'Data - Reference'!$B$9:$G$9,0))))),0) -> 0 | W135: =IFERROR(IF(INDEX(AF$14:AF$18,MATCH($D135,$AD$14:$AD$18,0))<>0,INDEX(AF$14:AF$18,MATCH($D135,$AD$14:$AD$18,0)), IF($J135="None - Market",0,-INDEX('Data - Reference'!$B$32:$G$32,MATCH($D135,'Data - Reference'!$B$9:$G$9,0)))),0) -> 0 | X135: =ROUND(SUM(V135:W135),0) -> 0 | Y135: =IFERROR(X135/$E135,0) -> 0 | Z135: =X135*$G135*12 -> 0 | AA135: =IF(AND($P135=$S135,$P135>0,$S135>0,$X135>0),MIN($P135,$S135,$X135), IF(AND($P135<$S135,$X135>0),MIN($S135,$X135), $S135)) -> 0 | AB135: =IFERROR(AA135/$E135,0) -> 0 | AC135: =AA135*$G135*12 -> 0 | AD135: =IFERROR(IF(I135="Market","NA",IF(S135=0,"NA",IF(S135>X135,"N","Y"))),"NA") -> NA | AE135: =IFERROR(IF(AG135="Y","Y", IF(AND(AG135="N",AF135="Input Household Income"),"TBD", IF(AND(OR(AH135="1a",AH135="2a"),OR(AF135="Y",AG135="Y")),"Y", IF(AND(OR(AH135="1b",AH135="2b"),AD135="Y"),"Y", IF(AH135="4","Y", IF(AH135="NA","NA", "N")))))),"NA") -> NA | AF135: =IFERROR(IF(OR(F135="N",AC135=0),"NA", IF(L135=0,"Input Household Income", IF(F135="Y",IF(OR(I135="PBV - Income-Restricted",I135="PBRA - Income-Restricted",(S135-W135)<=L135/12*0.3),"Y","N"),"NA"))),"NA") -> NA | AG135: =IFERROR(IF(AC135=0,"NA", IF(F135="Y",IF(AA135/P135-1<=0.05,"Y","N"),"NA")),"NA") -> NA | AH135: =IFERROR(IF(F135="N","NA", (IF(AND(I135="Market",N135>80%),"4", IF(AND(N135<>"NA",OR(N135>120%,N135=">150% AMI")),"3b", IF(AND(N135<=J135,N135<=80%),"1a", IF(AND(N135<=J135,N135>80%,N135<=120%),"1b", IF(AND(N135>J135,N135<=80%),"2a", IF(AND(N135>80%,N135<=120%,N135-J135<=20%),"2b", IF(AND(N135>80%,N135<=120%,N135-J135>20%),"3a", "Other"))))))))),"NA") -> NA | AI135: =IFERROR(INDEX('Legacy Resident Reference'!R:R,MATCH('Unit Summary - Rent Roll'!AH135,'Legacy Resident Reference'!P:P,0)),"NA") -> NA
B136: 111 | C136: <INSERT DESC> | D136: NA | E136: 0 | F136: N | G136: 0 | H136: =E136*G136 -> 0 | I136: NA | J136: NA | K136: NA | L136: 0 | M136: NA | N136: =IF(OR(L136=0,M136="NA"),"NA",IFERROR(INDEX('Data - Reference'!$B$37:$B$52,MATCH('Unit Summary - Rent Roll'!$L136,INDEX('Data - Reference'!$B$37:$J$52,,MATCH('Unit Summary - Rent Roll'!$M136,'Data - Reference'!$B$37:$J$37,0)),-1),1),">150% AMI")) -> NA | O136: N | P136: 0 | Q136: =IFERROR(P136/$E136,0) -> 0 | R136: =IF(F136="Y",P136*$G136*12,0) -> 0 | S136: 0 | T136: =IFERROR(S136/$E136,0) -> 0 | U136: =S136*$G136*12 -> 0 | V136: =IFERROR(IF(INDEX(AE$14:AE$18,MATCH($D136,$AD$14:$AD$18,0))<>0,INDEX(AE$14:AE$18,MATCH($D136,$AD$14:$AD$18,0)), IF($L136="Market",0,IF($K136="HUD FMR",INDEX('Data - Reference'!$B$31:$G$31,MATCH($D136,'Data - Reference'!$B$9:$G$9,0)),INDEX('Data - Reference'!$B$9:$G$31,MATCH($J136,'Data - Reference'!$B$9:$B$31,0),MATCH($D136,'Data - Reference'!$B$9:$G$9,0))))),0) -> 0 | W136: =IFERROR(IF(INDEX(AF$14:AF$18,MATCH($D136,$AD$14:$AD$18,0))<>0,INDEX(AF$14:AF$18,MATCH($D136,$AD$14:$AD$18,0)), IF($J136="None - Market",0,-INDEX('Data - Reference'!$B$32:$G$32,MATCH($D136,'Data - Reference'!$B$9:$G$9,0)))),0) -> 0 | X136: =ROUND(SUM(V136:W136),0) -> 0 | Y136: =IFERROR(X136/$E136,0) -> 0 | Z136: =X136*$G136*12 -> 0 | AA136: =IF(AND($P136=$S136,$P136>0,$S136>0,$X136>0),MIN($P136,$S136,$X136), IF(AND($P136<$S136,$X136>0),MIN($S136,$X136), $S136)) -> 0 | AB136: =IFERROR(AA136/$E136,0) -> 0 | AC136: =AA136*$G136*12 -> 0 | AD136: =IFERROR(IF(I136="Market","NA",IF(S136=0,"NA",IF(S136>X136,"N","Y"))),"NA") -> NA | AE136: =IFERROR(IF(AG136="Y","Y", IF(AND(AG136="N",AF136="Input Household Income"),"TBD", IF(AND(OR(AH136="1a",AH136="2a"),OR(AF136="Y",AG136="Y")),"Y", IF(AND(OR(AH136="1b",AH136="2b"),AD136="Y"),"Y", IF(AH136="4","Y", IF(AH136="NA","NA", "N")))))),"NA") -> NA | AF136: =IFERROR(IF(OR(F136="N",AC136=0),"NA", IF(L136=0,"Input Household Income", IF(F136="Y",IF(OR(I136="PBV - Income-Restricted",I136="PBRA - Income-Restricted",(S136-W136)<=L136/12*0.3),"Y","N"),"NA"))),"NA") -> NA | AG136: =IFERROR(IF(AC136=0,"NA", IF(F136="Y",IF(AA136/P136-1<=0.05,"Y","N"),"NA")),"NA") -> NA | AH136: =IFERROR(IF(F136="N","NA", (IF(AND(I136="Market",N136>80%),"4", IF(AND(N136<>"NA",OR(N136>120%,N136=">150% AMI")),"3b", IF(AND(N136<=J136,N136<=80%),"1a", IF(AND(N136<=J136,N136>80%,N136<=120%),"1b", IF(AND(N136>J136,N136<=80%),"2a", IF(AND(N136>80%,N136<=120%,N136-J136<=20%),"2b", IF(AND(N136>80%,N136<=120%,N136-J136>20%),"3a", "Other"))))))))),"NA") -> NA | AI136: =IFERROR(INDEX('Legacy Resident Reference'!R:R,MATCH('Unit Summary - Rent Roll'!AH136,'Legacy Resident Reference'!P:P,0)),"NA") -> NA
B137: 112 | C137: <INSERT DESC> | D137: NA | E137: 0 | F137: N | G137: 0 | H137: =E137*G137 -> 0 | I137: NA | J137: NA | K137: NA | L137: 0 | M137: NA | N137: =IF(OR(L137=0,M137="NA"),"NA",IFERROR(INDEX('Data - Reference'!$B$37:$B$52,MATCH('Unit Summary - Rent Roll'!$L137,INDEX('Data - Reference'!$B$37:$J$52,,MATCH('Unit Summary - Rent Roll'!$M137,'Data - Reference'!$B$37:$J$37,0)),-1),1),">150% AMI")) -> NA | O137: N | P137: 0 | Q137: =IFERROR(P137/$E137,0) -> 0 | R137: =IF(F137="Y",P137*$G137*12,0) -> 0 | S137: 0 | T137: =IFERROR(S137/$E137,0) -> 0 | U137: =S137*$G137*12 -> 0 | V137: =IFERROR(IF(INDEX(AE$14:AE$18,MATCH($D137,$AD$14:$AD$18,0))<>0,INDEX(AE$14:AE$18,MATCH($D137,$AD$14:$AD$18,0)), IF($L137="Market",0,IF($K137="HUD FMR",INDEX('Data - Reference'!$B$31:$G$31,MATCH($D137,'Data - Reference'!$B$9:$G$9,0)),INDEX('Data - Reference'!$B$9:$G$31,MATCH($J137,'Data - Reference'!$B$9:$B$31,0),MATCH($D137,'Data - Reference'!$B$9:$G$9,0))))),0) -> 0 | W137: =IFERROR(IF(INDEX(AF$14:AF$18,MATCH($D137,$AD$14:$AD$18,0))<>0,INDEX(AF$14:AF$18,MATCH($D137,$AD$14:$AD$18,0)), IF($J137="None - Market",0,-INDEX('Data - Reference'!$B$32:$G$32,MATCH($D137,'Data - Reference'!$B$9:$G$9,0)))),0) -> 0 | X137: =ROUND(SUM(V137:W137),0) -> 0 | Y137: =IFERROR(X137/$E137,0) -> 0 | Z137: =X137*$G137*12 -> 0 | AA137: =IF(AND($P137=$S137,$P137>0,$S137>0,$X137>0),MIN($P137,$S137,$X137), IF(AND($P137<$S137,$X137>0),MIN($S137,$X137), $S137)) -> 0 | AB137: =IFERROR(AA137/$E137,0) -> 0 | AC137: =AA137*$G137*12 -> 0 | AD137: =IFERROR(IF(I137="Market","NA",IF(S137=0,"NA",IF(S137>X137,"N","Y"))),"NA") -> NA | AE137: =IFERROR(IF(AG137="Y","Y", IF(AND(AG137="N",AF137="Input Household Income"),"TBD", IF(AND(OR(AH137="1a",AH137="2a"),OR(AF137="Y",AG137="Y")),"Y", IF(AND(OR(AH137="1b",AH137="2b"),AD137="Y"),"Y", IF(AH137="4","Y", IF(AH137="NA","NA", "N")))))),"NA") -> NA | AF137: =IFERROR(IF(OR(F137="N",AC137=0),"NA", IF(L137=0,"Input Household Income", IF(F137="Y",IF(OR(I137="PBV - Income-Restricted",I137="PBRA - Income-Restricted",(S137-W137)<=L137/12*0.3),"Y","N"),"NA"))),"NA") -> NA | AG137: =IFERROR(IF(AC137=0,"NA", IF(F137="Y",IF(AA137/P137-1<=0.05,"Y","N"),"NA")),"NA") -> NA | AH137: =IFERROR(IF(F137="N","NA", (IF(AND(I137="Market",N137>80%),"4", IF(AND(N137<>"NA",OR(N137>120%,N137=">150% AMI")),"3b", IF(AND(N137<=J137,N137<=80%),"1a", IF(AND(N137<=J137,N137>80%,N137<=120%),"1b", IF(AND(N137>J137,N137<=80%),"2a", IF(AND(N137>80%,N137<=120%,N137-J137<=20%),"2b", IF(AND(N137>80%,N137<=120%,N137-J137>20%),"3a", "Other"))))))))),"NA") -> NA | AI137: =IFERROR(INDEX('Legacy Resident Reference'!R:R,MATCH('Unit Summary - Rent Roll'!AH137,'Legacy Resident Reference'!P:P,0)),"NA") -> NA
... B325: 300 | C325: <INSERT DESC> | D325: NA | E325: 0 | F325: N | G325: 0 | H325: =E325*G325 -> 0 | I325: NA | J325: NA | K325: NA | L325: 0 | M325: NA | N325: =IF(OR(L325=0,M325="NA"),"NA",IFERROR(INDEX('Data - Reference'!$B$37:$B$52,MATCH('Unit Summary - Rent Roll'!$L325,INDEX('Data - Reference'!$B$37:$J$52,,MATCH('Unit Summary - Rent Roll'!$M325,'Data - Reference'!$B$37:$J$37,0)),-1),1),">150% AMI")) -> NA | O325: N | P325: 0 | Q325: =IFERROR(P325/$E325,0) -> 0 | R325: =IF(F325="Y",P325*$G325*12,0) -> 0 | S325: 0 | T325: =IFERROR(S325/$E325,0) -> 0 | U325: =S325*$G325*12 -> 0 | V325: =IFERROR(IF(INDEX(AE$14:AE$18,MATCH($D325,$AD$14:$AD$18,0))<>0,INDEX(AE$14:AE$18,MATCH($D325,$AD$14:$AD$18,0)), IF($L325="Market",0,IF($K325="HUD FMR",INDEX('Data - Reference'!$B$31:$G$31,MATCH($D325,'Data - Reference'!$B$9:$G$9,0)),INDEX('Data - Reference'!$B$9:$G$31,MATCH($J325,'Data - Reference'!$B$9:$B$31,0),MATCH($D325,'Data - Reference'!$B$9:$G$9,0))))),0) -> 0 | W325: =IFERROR(IF(INDEX(AF$14:AF$18,MATCH($D325,$AD$14:$AD$18,0))<>0,INDEX(AF$14:AF$18,MATCH($D325,$AD$14:$AD$18,0)), IF($J325="None - Market",0,-INDEX('Data - Reference'!$B$32:$G$32,MATCH($D325,'Data - Reference'!$B$9:$G$9,0)))),0) -> 0 | X325: =ROUND(SUM(V325:W325),0) -> 0 | Y325: =IFERROR(X325/$E325,0) -> 0 | Z325: =X325*$G325*12 -> 0 | AA325: =IF(AND($P325=$S325,$P325>0,$S325>0,$X325>0),MIN($P325,$S325,$X325), IF(AND($P325<$S325,$X325>0),MIN($S325,$X325), $S325)) -> 0 | AB325: =IFERROR(AA325/$E325,0) -> 0 | AC325: =AA325*$G325*12 -> 0 | AD325: =IFERROR(IF(I325="Market","NA",IF(S325=0,"NA",IF(S325>X325,"N","Y"))),"NA") -> NA | AE325: =IFERROR(IF(AG325="Y","Y", IF(AND(AG325="N",AF325="Input Household Income"),"TBD", IF(AND(OR(AH325="1a",AH325="2a"),OR(AF325="Y",AG325="Y")),"Y", IF(AND(OR(AH325="1b",AH325="2b"),AD325="Y"),"Y", IF(AH325="4","Y", IF(AH325="NA","NA", "N")))))),"NA") -> NA | AF325: =IFERROR(IF(OR(F325="N",AC325=0),"NA", IF(L325=0,"Input Household Income", IF(F325="Y",IF(OR(I325="PBV - Income-Restricted",I325="PBRA - Income-Restricted",(S325-W325)<=L325/12*0.3),"Y","N"),"NA"))),"NA") -> NA | AG325: =IFERROR(IF(AC325=0,"NA", IF(F325="Y",IF(AA325/P325-1<=0.05,"Y","N"),"NA")),"NA") -> NA | AH325: =IFERROR(IF(F325="N","NA", (IF(AND(I325="Market",N325>80%),"4", IF(AND(N325<>"NA",OR(N325>120%,N325=">150% AMI")),"3b", IF(AND(N325<=J325,N325<=80%),"1a", IF(AND(N325<=J325,N325>80%,N325<=120%),"1b", IF(AND(N325>J325,N325<=80%),"2a", IF(AND(N325>80%,N325<=120%,N325-J325<=20%),"2b", IF(AND(N325>80%,N325<=120%,N325-J325>20%),"3a", "Other"))))))))),"NA") -> NA | AI325: =IFERROR(INDEX('Legacy Resident Reference'!R:R,MATCH('Unit Summary - Rent Roll'!AH325,'Legacy Resident Reference'!P:P,0)),"NA") -> NA
C326: Total / Average | E326: =IFERROR(AVERAGEIFS(E26:E325,$E$26:$E$325,">0"),0) -> 0 | F326: =SUMIFS($G$26:$G$325,$F$26:$F$325,"Y") -> 0 | G326: =SUM(G26:G325) -> 0 | H326: =SUM(H26:H325) -> 0 | J326: =IF(G326=0,"NA",IF(SUMIFS(OFFSET($G$25,1,0):OFFSET($G$326,-1,0),OFFSET($J$25,1,0):OFFSET($J$326,-1,0),"PSH")=G326,"NA - All PSH",IFERROR(SUMPRODUCT(OFFSET($G$25,1,0):OFFSET($G$326,-1,0),OFFSET(J$25,1,0):OFFSET(J$326,-1,0))/SUMIFS(OFFSET($G$25,1,0):OFFSET($G$326,-1,0),OFFSET(J$25,1,0):OFFSET(J$326,-1,0),">0"),0))) -> NA | N326: =IFERROR(ROUNDUP(SUMPRODUCT(OFFSET($G$25,1,0):OFFSET($G$326,-1,0),OFFSET(N$25,1,0):OFFSET(N$326,-1,0))/SUMIFS(OFFSET($G$25,1,0):OFFSET($G$326,-1,0),OFFSET(N$25,1,0):OFFSET(N$326,-1,0),">0"),2),0) -> 0 | P326: =IFERROR(SUMPRODUCT(OFFSET($G$25,1,0):OFFSET($G$326,-1,0),OFFSET(P$25,1,0):OFFSET(P$326,-1,0))/$F326,0) -> 0 | Q326: =IFERROR(P326/$E326,0) -> 0 | R326: =SUM(OFFSET(R$25,1,0):OFFSET(R$326,-1,0)) -> 0 | S326: =IFERROR(SUMPRODUCT(OFFSET($G$25,1,0):OFFSET($G$326,-1,0),OFFSET(S$25,1,0):OFFSET(S$326,-1,0))/$G326,0) -> 0 | T326: =IFERROR(S326/$E326,0) -> 0 | U326: =SUM(OFFSET(U$25,1,0):OFFSET(U$326,-1,0)) -> 0 | V326: =IFERROR(SUMPRODUCT(OFFSET($G$25,1,0):OFFSET($G$326,-1,0),OFFSET(V$25,1,0):OFFSET(V$326,-1,0))/$G326,0) -> 0 | W326: =IFERROR(SUMPRODUCT(OFFSET($G$25,1,0):OFFSET($G$326,-1,0),OFFSET(W$25,1,0):OFFSET(W$326,-1,0))/$G326,0) -> 0 | X326: =IFERROR(SUMPRODUCT(OFFSET($G$25,1,0):OFFSET($G$326,-1,0),OFFSET(X$25,1,0):OFFSET(X$326,-1,0))/$G326,0) -> 0 | Y326: =IFERROR(X326/$E326,0) -> 0 | Z326: =SUM(OFFSET(Z$25,1,0):OFFSET(Z$326,-1,0)) -> 0 | AA326: =IFERROR(SUMPRODUCT(OFFSET($G$25,1,0):OFFSET($G$326,-1,0),OFFSET(AA$25,1,0):OFFSET(AA$326,-1,0))/$G326,0) -> 0 | AB326: =IFERROR(AA326/$E326,0) -> 0 | AC326: =SUM(OFFSET(AC$25,1,0):OFFSET(AC$326,-1,0)) -> 0
F327: =IFERROR(F326/G326,0) -> 0 | J327: =IF(G326=0,"NA",IF(SUMIFS(OFFSET($G$25,1,0):OFFSET($G$326,-1,0),OFFSET($J$25,1,0):OFFSET($J$326,-1,0),"PSH")=G326,"NA - All PSH",SUMIFS(OFFSET($G$25,1,0):OFFSET($G$326,-1,0),OFFSET(J$25,1,0):OFFSET(J$326,-1,0),">0")/$G$326)) -> NA | N327: =IFERROR(SUMIFS(OFFSET($G$25,1,0):OFFSET($G$326,-1,0),OFFSET(N$25,1,0):OFFSET(N$326,-1,0),">0")/$G$326,0) -> 0

Sheet Financials-FTHP & GAHP
B1: City of Detroit Housing & Revitalization Department
B2: FTHP/GAHP Project Financials
B4: Instructions: ONLY FILL OUT THIS TAB IF APPLYING FOR FTHP or GAHP -All projects must complete one of two "financials" tabs. This tab is applicable to projects eligible for the Fast Track Housing Project (FTHP) or the Government Assisted Housing Project (GAHP) as indicated on the Overview Tab. Enter development budget and sources & uses for the project. Note: Total Hard costs (M57) should match Part A of the Neighborly application. Notify City HRD staff if a change to that field is needed. -This sheet also calculates estimated PILOT service charge under the three different rental revenue calculation methods. 1) Net Shelter Rent - calculated by taking gross receipts less vacancy less utilities, and audited financial statements will need to be submitted annually. Rental Revenue pulls from "Assumed Rent" on the Rent Roll tab, please input your expected vacancy and utility expenses. 2) Utility Adjusted Gross Potential Rent - calculated by taking gross potential rent before utility allowances less utilities, and owner utility bills will need to be submitted annually. Rental Revenue pulls from "Gross Potential Rent" on the Rent Roll tab, please input your expected utility expenses. 3) Gross Potential Rent - calculated by taking gross potential rent less MSHDA standard utility allowances. Rental Revenue pulls from "Gross Potential Rent" on the Rent Roll tab.
B12: Color Index: | C12: Blue = Input | D12: Green = Lookup | E12: Black = Calculation
B15: Development Budget | K15: Sources & Uses
B16: Item | F16: $ Amount | G16: $ / Unit | H16: $ / GSF | I16: % of Total | K16: Item | M16: $ Amount | N16: $ / Unit | O16: $ / GSF | P16: % of Total
B17: Acquisition Costs | K17: Construction Period Sources
B18: Land | F18: 0 | G18: =IFERROR($F18/Overview!$C$34,0) -> 0 | H18: =IFERROR($F18/Overview!$C$33,0) -> 0 | I18: =IFERROR($F18/$F$118,0) -> 0 | K18: Senior Construction Loan | M18: 0 | N18: =IFERROR($M18/Overview!$C$34,0) -> 0 | O18: =IFERROR($M18/Overview!$C$33,0) -> 0 | P18: =IFERROR($M18/$M$59,0) -> 0
B19: Existing Buildings | F19: 0 | G19: =IFERROR($F19/Overview!$C$34,0) -> 0 | H19: =IFERROR($F19/Overview!$C$33,0) -> 0 | I19: =IFERROR($F19/$F$118,0) -> 0 | K19: Mezzanine Loan A | M19: 0 | N19: =IFERROR($M19/Overview!$C$34,0) -> 0 | O19: =IFERROR($M19/Overview!$C$33,0) -> 0 | P19: =IFERROR($M19/$M$59,0) -> 0
B20: Other Acquisition Costs: | F20: 0 | G20: =IFERROR($F20/Overview!$C$34,0) -> 0 | H20: =IFERROR($F20/Overview!$C$33,0) -> 0 | I20: =IFERROR($F20/$F$118,0) -> 0 | K20: Mezzanine Loan B | M20: 0 | N20: =IFERROR($M20/Overview!$C$34,0) -> 0 | O20: =IFERROR($M20/Overview!$C$33,0) -> 0 | P20: =IFERROR($M20/$M$59,0) -> 0
B21: Total Acqusition Costs | F21: =SUM(F18:F20) -> 0 | G21: =IFERROR($F21/Overview!$C$34,0) -> 0 | H21: =IFERROR($F21/Overview!$C$33,0) -> 0 | I21: =IFERROR($F21/$F$118,0) -> 0 | K21: Mezzanine Loan C | M21: 0 | N21: =IFERROR($M21/Overview!$C$34,0) -> 0 | O21: =IFERROR($M21/Overview!$C$33,0) -> 0 | P21: =IFERROR($M21/$M$59,0) -> 0
K22: Grant Funds A | M22: 0 | N22: =IFERROR($M22/Overview!$C$34,0) -> 0 | O22: =IFERROR($M22/Overview!$C$33,0) -> 0 | P22: =IFERROR($M22/$M$59,0) -> 0
B23: Hard Costs | K23: Grant Funds B | M23: 0 | N23: =IFERROR($M23/Overview!$C$34,0) -> 0 | O23: =IFERROR($M23/Overview!$C$33,0) -> 0 | P23: =IFERROR($M23/$M$59,0) -> 0
B24: Direct Trades | K24: Grant Funds C | M24: 0 | N24: =IFERROR($M24/Overview!$C$34,0) -> 0 | O24: =IFERROR($M24/Overview!$C$33,0) -> 0 | P24: =IFERROR($M24/$M$59,0) -> 0
B25: Off-Site Improvements | F25: 0 | G25: =IFERROR($F25/Overview!$C$34,0) -> 0 | H25: =IFERROR($F25/Overview!$C$33,0) -> 0 | I25: =IFERROR($F25/$F$118,0) -> 0 | K25: LIHTC Bridge Loan | M25: 0 | N25: =IFERROR($M25/Overview!$C$34,0) -> 0 | O25: =IFERROR($M25/Overview!$C$33,0) -> 0 | P25: =IFERROR($M25/$M$59,0) -> 0
B26: On-Site Improvements | F26: 0 | G26: =IFERROR($F26/Overview!$C$34,0) -> 0 | H26: =IFERROR($F26/Overview!$C$33,0) -> 0 | I26: =IFERROR($F26/$F$118,0) -> 0 | K26: HTC Bridge Loan | M26: 0 | N26: =IFERROR($M26/Overview!$C$34,0) -> 0 | O26: =IFERROR($M26/Overview!$C$33,0) -> 0 | P26: =IFERROR($M26/$M$59,0) -> 0
B27: Landscaping & Irrigation | F27: 0 | G27: =IFERROR($F27/Overview!$C$34,0) -> 0 | H27: =IFERROR($F27/Overview!$C$33,0) -> 0 | I27: =IFERROR($F27/$F$118,0) -> 0 | K27: Upfront LIHTC Equity | M27: 0 | N27: =IFERROR($M27/Overview!$C$34,0) -> 0 | O27: =IFERROR($M27/Overview!$C$33,0) -> 0 | P27: =IFERROR($M27/$M$59,0) -> 0
B28: Structures | F28: 0 | G28: =IFERROR($F28/Overview!$C$34,0) -> 0 | H28: =IFERROR($F28/Overview!$C$33,0) -> 0 | I28: =IFERROR($F28/$F$118,0) -> 0 | K28: Upfront HTC Equity | M28: 0 | N28: =IFERROR($M28/Overview!$C$34,0) -> 0 | O28: =IFERROR($M28/Overview!$C$33,0) -> 0 | P28: =IFERROR($M28/$M$59,0) -> 0
B29: Community Building / Maintenance Facility | F29: 0 | G29: =IFERROR($F29/Overview!$C$34,0) -> 0 | H29: =IFERROR($F29/Overview!$C$33,0) -> 0 | I29: =IFERROR($F29/$F$118,0) -> 0 | K29: Deferred Developer Fee | M29: 0 | N29: =IFERROR($M29/Overview!$C$34,0) -> 0 | O29: =IFERROR($M29/Overview!$C$33,0) -> 0 | P29: =IFERROR($M29/$M$59,0) -> 0
B30: Construction Not in Basis (Carports & Commercial Space) | F30: 0 | G30: =IFERROR($F30/Overview!$C$34,0) -> 0 | H30: =IFERROR($F30/Overview!$C$33,0) -> 0 | I30: =IFERROR($F30/$F$118,0) -> 0 | K30: Sponsor Loan | M30: 0 | N30: =IFERROR($M30/Overview!$C$34,0) -> 0 | O30: =IFERROR($M30/Overview!$C$33,0) -> 0 | P30: =IFERROR($M30/$M$59,0) -> 0
B31: Other Direct Trades: | F31: 0 | G31: =IFERROR($F31/Overview!$C$34,0) -> 0 | H31: =IFERROR($F31/Overview!$C$33,0) -> 0 | I31: =IFERROR($F31/$F$118,0) -> 0 | K31: Cash Equity | M31: 0 | N31: =IFERROR($M31/Overview!$C$34,0) -> 0 | O31: =IFERROR($M31/Overview!$C$33,0) -> 0 | P31: =IFERROR($M31/$M$59,0) -> 0
B32: Subtotal Direct Trades | F32: =SUM(F24:F31) -> 0 | G32: =IFERROR($F32/Overview!$C$34,0) -> 0 | H32: =IFERROR($F32/Overview!$C$33,0) -> 0 | I32: =IFERROR($F32/$F$118,0) -> 0 | K32: Gap In Financing | M32: =$M$59-SUM($M$18:$M$31,$M$33:$M$34) -> 0 | N32: =IFERROR($M32/Overview!$C$34,0) -> 0 | O32: =IFERROR($M32/Overview!$C$33,0) -> 0 | P32: =IFERROR($M32/$M$59,0) -> 0
K33: Other Construction Sources: | M33: 0 | N33: =IFERROR($M33/Overview!$C$34,0) -> 0 | O33: =IFERROR($M33/Overview!$C$33,0) -> 0 | P33: =IFERROR($M33/$M$59,0) -> 0
B34: Indirect Trades | K34: Other Construction Sources: | M34: 0 | N34: =IFERROR($M34/Overview!$C$34,0) -> 0 | O34: =IFERROR($M34/Overview!$C$33,0) -> 0 | P34: =IFERROR($M34/$M$59,0) -> 0
B35: General Conditions / General Requirements | E35: 0 | F35: =$E35*SUM(F$32:F34) -> 0 | G35: =IFERROR($F35/Overview!$C$34,0) -> 0 | H35: =IFERROR($F35/Overview!$C$33,0) -> 0 | I35: =IFERROR($F35/$F$118,0) -> 0 | K35: Total Construction Period Sources | M35: =SUM(M18:M34) -> 0 | N35: =IFERROR($M35/Overview!$C$34,0) -> 0 | O35: =IFERROR($M35/Overview!$C$33,0) -> 0 | P35: =IFERROR($M35/$M$59,0) -> 0
B36: Builders Overhead | E36: 0 | F36: =$E36*SUM(F$32:F35) -> 0 | G36: =IFERROR($F36/Overview!$C$34,0) -> 0 | H36: =IFERROR($F36/Overview!$C$33,0) -> 0 | I36: =IFERROR($F36/$F$118,0) -> 0 | M36: =M35=$M$59 -> TRUE
B37: Builders Profit | E37: 0 | F37: =$E37*SUM(F$32:F36) -> 0 | G37: =IFERROR($F37/Overview!$C$34,0) -> 0 | H37: =IFERROR($F37/Overview!$C$33,0) -> 0 | I37: =IFERROR($F37/$F$118,0) -> 0 | K37: Permanent Sources
B38: Builders Contingency | E38: 0 | F38: =$E38*SUM(F$32:F37) -> 0 | G38: =IFERROR($F38/Overview!$C$34,0) -> 0 | H38: =IFERROR($F38/Overview!$C$33,0) -> 0 | I38: =IFERROR($F38/$F$118,0) -> 0 | K38: Senior Permanent Loan | M38: 0 | N38: =IFERROR($M38/Overview!$C$34,0) -> 0 | O38: =IFERROR($M38/Overview!$C$33,0) -> 0 | P38: =IFERROR($M38/$M$59,0) -> 0
B39: Building Permit | E39: 0 | F39: =$E39*SUM(F$32:F38) -> 0 | G39: =IFERROR($F39/Overview!$C$34,0) -> 0 | H39: =IFERROR($F39/Overview!$C$33,0) -> 0 | I39: =IFERROR($F39/$F$118,0) -> 0 | K39: Mezzanine Loan A | M39: 0 | N39: =IFERROR($M39/Overview!$C$34,0) -> 0 | O39: =IFERROR($M39/Overview!$C$33,0) -> 0 | P39: =IFERROR($M39/$M$59,0) -> 0
B40: Builders Payment & Performance Bond | E40: 0 | F40: =$E40*SUM(F$32:F39) -> 0 | G40: =IFERROR($F40/Overview!$C$34,0) -> 0 | H40: =IFERROR($F40/Overview!$C$33,0) -> 0 | I40: =IFERROR($F40/$F$118,0) -> 0 | K40: Mezzanine Loan B | M40: 0 | N40: =IFERROR($M40/Overview!$C$34,0) -> 0 | O40: =IFERROR($M40/Overview!$C$33,0) -> 0 | P40: =IFERROR($M40/$M$59,0) -> 0
B41: Builders Risk & General Liability Insurance | E41: 0 | F41: =$E41*SUM(F$32:F40) -> 0 | G41: =IFERROR($F41/Overview!$C$34,0) -> 0 | H41: =IFERROR($F41/Overview!$C$33,0) -> 0 | I41: =IFERROR($F41/$F$118,0) -> 0 | K41: Mezzanine Loan C | M41: 0 | N41: =IFERROR($M41/Overview!$C$34,0) -> 0 | O41: =IFERROR($M41/Overview!$C$33,0) -> 0 | P41: =IFERROR($M41/$M$59,0) -> 0
B42: Bond Premium, Tap Fees, Cost Cert. | F42: 0 | G42: =IFERROR($F42/Overview!$C$34,0) -> 0 | H42: =IFERROR($F42/Overview!$C$33,0) -> 0 | I42: =IFERROR($F42/$F$118,0) -> 0 | K42: Grant Funds A | M42: 0 | N42: =IFERROR($M42/Overview!$C$34,0) -> 0 | O42: =IFERROR($M42/Overview!$C$33,0) -> 0 | P42: =IFERROR($M42/$M$59,0) -> 0
B43: Other Indirect Trades: | F43: 0 | G43: =IFERROR($F43/Overview!$C$34,0) -> 0 | H43: =IFERROR($F43/Overview!$C$33,0) -> 0 | I43: =IFERROR($F43/$F$118,0) -> 0 | K43: Grant Funds B | M43: 0 | N43: =IFERROR($M43/Overview!$C$34,0) -> 0 | O43: =IFERROR($M43/Overview!$C$33,0) -> 0 | P43: =IFERROR($M43/$M$59,0) -> 0
B44: Subtotal Indirect Trades | F44: =SUM(F35:F43) -> 0 | G44: =IFERROR($F44/Overview!$C$34,0) -> 0 | H44: =IFERROR($F44/Overview!$C$33,0) -> 0 | I44: =IFERROR($F44/$F$118,0) -> 0 | K44: Grant Funds C | M44: 0 | N44: =IFERROR($M44/Overview!$C$34,0) -> 0 | O44: =IFERROR($M44/Overview!$C$33,0) -> 0 | P44: =IFERROR($M44/$M$59,0) -> 0
K45: LIHTC Equity | M45: 0 | N45: =IFERROR($M45/Overview!$C$34,0) -> 0 | O45: =IFERROR($M45/Overview!$C$33,0) -> 0 | P45: =IFERROR($M45/$M$59,0) -> 0
B46: Total Hard Costs | E46: =IF(F46=0,"NA",IF(Overview!C12="Occupied Rehab",$G$46>=5000,$G$46>=15000)) -> NA | F46: =SUM(F44,F32) -> 0 | G46: =IFERROR($F46/Overview!$C$34,0) -> 0 | H46: =IFERROR($F46/Overview!$C$33,0) -> 0 | I46: =IFERROR($F46/$F$118,0) -> 0 | K46: HTC Equity | M46: 0 | N46: =IFERROR($M46/Overview!$C$34,0) -> 0 | O46: =IFERROR($M46/Overview!$C$33,0) -> 0 | P46: =IFERROR($M46/$M$59,0) -> 0
K47: Deferred Developer Fee | M47: 0 | N47: =IFERROR($M47/Overview!$C$34,0) -> 0 | O47: =IFERROR($M47/Overview!$C$33,0) -> 0 | P47: =IFERROR($M47/$M$59,0) -> 0
B48: Soft Costs | K48: Sponsor Loan | M48: 0 | N48: =IFERROR($M48/Overview!$C$34,0) -> 0 | O48: =IFERROR($M48/Overview!$C$33,0) -> 0 | P48: =IFERROR($M48/$M$59,0) -> 0
B49: Professional Fees | K49: Cash Equity | M49: 0 | N49: =IFERROR($M49/Overview!$C$34,0) -> 0 | O49: =IFERROR($M49/Overview!$C$33,0) -> 0 | P49: =IFERROR($M49/$M$59,0) -> 0
B50: Design Architect Fees | F50: 0 | G50: =IFERROR($F50/Overview!$C$34,0) -> 0 | H50: =IFERROR($F50/Overview!$C$33,0) -> 0 | I50: =IFERROR($F50/$F$118,0) -> 0 | K50: Gap In Financing | M50: =$M$59-SUM($M$38:$M$49,$M$51:$M$52) -> 0 | N50: =IFERROR($M50/Overview!$C$34,0) -> 0 | O50: =IFERROR($M50/Overview!$C$33,0) -> 0 | P50: =IFERROR($M50/$M$59,0) -> 0
B51: Supervisory Architect Fees | F51: 0 | G51: =IFERROR($F51/Overview!$C$34,0) -> 0 | H51: =IFERROR($F51/Overview!$C$33,0) -> 0 | I51: =IFERROR($F51/$F$118,0) -> 0 | K51: Other Permanent Sources: | M51: 0 | N51: =IFERROR($M51/Overview!$C$34,0) -> 0 | O51: =IFERROR($M51/Overview!$C$33,0) -> 0 | P51: =IFERROR($M51/$M$59,0) -> 0
B52: Landscape Architect Fees | F52: 0 | G52: =IFERROR($F52/Overview!$C$34,0) -> 0 | H52: =IFERROR($F52/Overview!$C$33,0) -> 0 | I52: =IFERROR($F52/$F$118,0) -> 0 | K52: Other Permanent Sources: | M52: 0 | N52: =IFERROR($M52/Overview!$C$34,0) -> 0 | O52: =IFERROR($M52/Overview!$C$33,0) -> 0 | P52: =IFERROR($M52/$M$59,0) -> 0
B53: Engineering/Survey | F53: 0 | G53: =IFERROR($F53/Overview!$C$34,0) -> 0 | H53: =IFERROR($F53/Overview!$C$33,0) -> 0 | I53: =IFERROR($F53/$F$118,0) -> 0 | K53: Total Permanent Sources | M53: =SUM(M38:M52) -> 0 | N53: =IFERROR($M53/Overview!$C$34,0) -> 0 | O53: =IFERROR($M53/Overview!$C$33,0) -> 0 | P53: =IFERROR($M53/$M$59,0) -> 0
B54: Legal Fees | F54: 0 | G54: =IFERROR($F54/Overview!$C$34,0) -> 0 | H54: =IFERROR($F54/Overview!$C$33,0) -> 0 | I54: =IFERROR($F54/$F$118,0) -> 0 | M54: =M53=$M$59 -> TRUE
B55: Interior Design Fees | F55: 0 | G55: =IFERROR($F55/Overview!$C$34,0) -> 0 | H55: =IFERROR($F55/Overview!$C$33,0) -> 0 | I55: =IFERROR($F55/$F$118,0) -> 0 | K55: Uses
B56: Other Professional Fees: | F56: 0 | G56: =IFERROR($F56/Overview!$C$34,0) -> 0 | H56: =IFERROR($F56/Overview!$C$33,0) -> 0 | I56: =IFERROR($F56/$F$118,0) -> 0 | K56: Acqusition Costs | M56: =$F$21 -> 0 | N56: =IFERROR($M56/Overview!$C$34,0) -> 0 | O56: =IFERROR($M56/Overview!$C$33,0) -> 0 | P56: =IFERROR($M56/$M$59,0) -> 0
B57: Subtotal Professional Fees | F57: =SUM(F50:F56) -> 0 | G57: =IFERROR($F57/Overview!$C$34,0) -> 0 | H57: =IFERROR($F57/Overview!$C$33,0) -> 0 | I57: =IFERROR($F57/$F$118,0) -> 0 | K57: Hard Costs | M57: =$F$46 -> 0 | N57: =IFERROR($M57/Overview!$C$34,0) -> 0 | O57: =IFERROR($M57/Overview!$C$33,0) -> 0 | P57: =IFERROR($M57/$M$59,0) -> 0
K58: Soft Costs | M58: =$F$116 -> 0 | N58: =IFERROR($M58/Overview!$C$34,0) -> 0 | O58: =IFERROR($M58/Overview!$C$33,0) -> 0 | P58: =IFERROR($M58/$M$59,0) -> 0
B59: Interim Construction Costs | K59: Total Uses | M59: =SUM(M56:M58) -> 0 | N59: =IFERROR($M59/Overview!$C$34,0) -> 0 | O59: =IFERROR($M59/Overview!$C$33,0) -> 0 | P59: =IFERROR($M59/$M$59,0) -> 0
B60: Property & Casualty Insurance | F60: 0 | G60: =IFERROR($F60/Overview!$C$34,0) -> 0 | H60: =IFERROR($F60/Overview!$C$33,0) -> 0 | I60: =IFERROR($F60/$F$118,0) -> 0
B61: Construction Loan Interest | F61: 0 | G61: =IFERROR($F61/Overview!$C$34,0) -> 0 | H61: =IFERROR($F61/Overview!$C$33,0) -> 0 | I61: =IFERROR($F61/$F$118,0) -> 0
B62: Title Work | F62: 0 | G62: =IFERROR($F62/Overview!$C$34,0) -> 0 | H62: =IFERROR($F62/Overview!$C$33,0) -> 0 | I62: =IFERROR($F62/$F$118,0) -> 0
B63: Construction Taxes | F63: 0 | G63: =IFERROR($F63/Overview!$C$34,0) -> 0 | H63: =IFERROR($F63/Overview!$C$33,0) -> 0 | I63: =IFERROR($F63/$F$118,0) -> 0 | K63: Estimated PILOT Tax Liability Analysis (For Developer Reference)
B64: Permits | F64: 0 | G64: =IFERROR($F64/Overview!$C$34,0) -> 0 | H64: =IFERROR($F64/Overview!$C$33,0) -> 0 | I64: =IFERROR($F64/$F$118,0) -> 0 | K64: Item | M64: Net Shelter Rent | N64: Utility Adjusted Gross Potential Rent | O64: Gross Potential Rent
B65: Other Interim Construction Costs: | F65: 0 | G65: =IFERROR($F65/Overview!$C$34,0) -> 0 | H65: =IFERROR($F65/Overview!$C$33,0) -> 0 | I65: =IFERROR($F65/$F$118,0) -> 0
B66: Subtotal Interim Construction Costs | F66: =SUM(F60:F65) -> 0 | G66: =IFERROR($F66/Overview!$C$34,0) -> 0 | H66: =IFERROR($F66/Overview!$C$33,0) -> 0 | I66: =IFERROR($F66/$F$118,0) -> 0
K67: Assumptions
B68: Permanent Financing | K68: PILOT Type | M68: =IF(Overview!$C$12="Long Term Vacant Rehab","Vacant",INDEX(List!$M$5:$M$9,MATCH(Overview!$C$16,List!$L$5:$L$9,0))) -> #N/A | N68: =IF(Overview!$C$12="Long Term Vacant Rehab","Vacant",INDEX(List!$M$5:$M$9,MATCH(Overview!$C$16,List!$L$5:$L$9,0))) -> #N/A | O68: =IF(Overview!$C$12="Long Term Vacant Rehab","Vacant",INDEX(List!$M$5:$M$9,MATCH(Overview!$C$16,List!$L$5:$L$9,0))) -> #N/A
B69: Loan Commitment Fee | F69: 0 | G69: =IFERROR($F69/Overview!$C$34,0) -> 0 | H69: =IFERROR($F69/Overview!$C$33,0) -> 0 | I69: =IFERROR($F69/$F$118,0) -> 0 | K69: % PILOT Rate | M69: =IFERROR(SUMIFS(INDIRECT(_xlfn.CONCAT("'Data - Reference'!",ADDRESS(41,MATCH(M$68,'Data - Reference'!40:40,0),1),":",ADDRESS(51,MATCH(M$68,'Data - Reference'!40:40,0),1))),'Data - Reference'!$L$41:$L$51,ROUNDUP('Unit Summary - Rent Roll'!$J$326,1)),"NA") -> NA | N69: =IFERROR(SUMIFS(INDIRECT(_xlfn.CONCAT("'Data - Reference'!",ADDRESS(41,MATCH(N$68,'Data - Reference'!40:40,0),1),":",ADDRESS(51,MATCH(N$68,'Data - Reference'!40:40,0),1))),'Data - Reference'!$L$41:$L$51,ROUNDUP('Unit Summary - Rent Roll'!$J$326,1)),"NA") -> NA | O69: =IFERROR(SUMIFS(INDIRECT(_xlfn.CONCAT("'Data - Reference'!",ADDRESS(41,MATCH(O$68,'Data - Reference'!40:40,0),1),":",ADDRESS(51,MATCH(O$68,'Data - Reference'!40:40,0),1))),'Data - Reference'!$L$41:$L$51,ROUNDUP('Unit Summary - Rent Roll'!$J$326,1)),"NA") -> NA
B70: Other Permanent Financing: | F70: 0 | G70: =IFERROR($F70/Overview!$C$34,0) -> 0 | H70: =IFERROR($F70/Overview!$C$33,0) -> 0 | I70: =IFERROR($F70/$F$118,0) -> 0 | K70: Reporting Requirement | M70: Audit | N70: Owner Utility Bills | O70: NA
B71: Subtotal Permanent Financing | F71: =SUM(F69:F70) -> 0 | G71: =IFERROR($F71/Overview!$C$34,0) -> 0 | H71: =IFERROR($F71/Overview!$C$33,0) -> 0 | I71: =IFERROR($F71/$F$118,0) -> 0
K72: PILOT Calculation
B73: Other Costs (In Basis) | K73: Rental Revenue | M73: ='Unit Summary - Rent Roll'!$AC$326 -> 0 | N73: ='Unit Summary - Rent Roll'!$Z$326 -> 0 | O73: ='Unit Summary - Rent Roll'!$Z$326 -> 0
B74: Application Fee | F74: 0 | G74: =IFERROR($F74/Overview!$C$34,0) -> 0 | H74: =IFERROR($F74/Overview!$C$33,0) -> 0 | I74: =IFERROR($F74/$F$118,0) -> 0 | K74: Vacancy Factor | L74: 0 | M74: =-L74*M73 -> 0 | N74: NA | O74: NA
B75: Market Study | F75: 0 | G75: =IFERROR($F75/Overview!$C$34,0) -> 0 | H75: =IFERROR($F75/Overview!$C$33,0) -> 0 | I75: =IFERROR($F75/$F$118,0) -> 0 | K75: Utilities | L75: 0 | M75: =-$L$75*'Unit Summary - Rent Roll'!$G$326 -> 0 | N75: =-$L$75*'Unit Summary - Rent Roll'!$G$326 -> 0 | O75: NA
B76: Environmental Studies | F76: 0 | G76: =IFERROR($F76/Overview!$C$34,0) -> 0 | H76: =IFERROR($F76/Overview!$C$33,0) -> 0 | I76: =IFERROR($F76/$F$118,0) -> 0 | K76: PILOT Tax Basis Rent | M76: =SUM(M73:M75) -> 0 | N76: =SUM(N73:N75) -> 0 | O76: =SUM(O73:O75) -> 0
B77: Cost Certification | F77: 0 | G77: =IFERROR($F77/Overview!$C$34,0) -> 0 | H77: =IFERROR($F77/Overview!$C$33,0) -> 0 | I77: =IFERROR($F77/$F$118,0) -> 0
B78: Equipment & Furnishings | F78: 0 | G78: =IFERROR($F78/Overview!$C$34,0) -> 0 | H78: =IFERROR($F78/Overview!$C$33,0) -> 0 | I78: =IFERROR($F78/$F$118,0) -> 0 | K78: Annual Tax Liability
B79: Temporary Tenant Relocation | F79: 0 | G79: =IFERROR($F79/Overview!$C$34,0) -> 0 | H79: =IFERROR($F79/Overview!$C$33,0) -> 0 | I79: =IFERROR($F79/$F$118,0) -> 0 | K79: PILOT Taxes | M79: =IFERROR(M$69*M$76,0) -> 0 | N79: =IFERROR(N$69*N$76,0) -> 0 | O79: =IFERROR(O$69*O$76,0) -> 0
B80: Construction Contingency | F80: 0 | G80: =IFERROR($F80/Overview!$C$34,0) -> 0 | H80: =IFERROR($F80/Overview!$C$33,0) -> 0 | I80: =IFERROR($F80/$F$118,0) -> 0 | K80: Taxes / Unit | M80: =IFERROR(M$79/Overview!$C$34,0) -> 0 | N80: =IFERROR(N$79/Overview!$C$34,0) -> 0 | O80: =IFERROR(O$79/Overview!$C$34,0) -> 0
B81: Appraisal & C.N.A. | F81: 0 | G81: =IFERROR($F81/Overview!$C$34,0) -> 0 | H81: =IFERROR($F81/Overview!$C$33,0) -> 0 | I81: =IFERROR($F81/$F$118,0) -> 0
B82: Other: | F82: 0 | G82: =IFERROR($F82/Overview!$C$34,0) -> 0 | H82: =IFERROR($F82/Overview!$C$33,0) -> 0 | I82: =IFERROR($F82/$F$118,0) -> 0
B83: Subtotal Other Costs (In Basis) | F83: =SUM(F74:F82) -> 0 | G83: =IFERROR($F83/Overview!$C$34,0) -> 0 | H83: =IFERROR($F83/Overview!$C$33,0) -> 0 | I83: =IFERROR($F83/$F$118,0) -> 0
B85: Other Costs (Not In Basis)
B86: Start-up & Organization | F86: 0 | G86: =IFERROR($F86/Overview!$C$34,0) -> 0 | H86: =IFERROR($F86/Overview!$C$33,0) -> 0 | I86: =IFERROR($F86/$F$118,0) -> 0
B87: Tax Credit Fees | F87: 0 | G87: =IFERROR($F87/Overview!$C$34,0) -> 0 | H87: =IFERROR($F87/Overview!$C$33,0) -> 0 | I87: =IFERROR($F87/$F$118,0) -> 0
B88: Compliance Monitoring Fee | F88: 0 | G88: =IFERROR($F88/Overview!$C$34,0) -> 0 | H88: =IFERROR($F88/Overview!$C$33,0) -> 0 | I88: =IFERROR($F88/$F$118,0) -> 0
B89: Marketing Expense | F89: 0 | G89: =IFERROR($F89/Overview!$C$34,0) -> 0 | H89: =IFERROR($F89/Overview!$C$33,0) -> 0 | I89: =IFERROR($F89/$F$118,0) -> 0
B90: Syndication Legal Fees | F90: 0 | G90: =IFERROR($F90/Overview!$C$34,0) -> 0 | H90: =IFERROR($F90/Overview!$C$33,0) -> 0 | I90: =IFERROR($F90/$F$118,0) -> 0
B91: Rent Up Allowance | F91: 0 | G91: =IFERROR($F91/Overview!$C$34,0) -> 0 | H91: =IFERROR($F91/Overview!$C$33,0) -> 0 | I91: =IFERROR($F91/$F$118,0) -> 0
B92: Other: | F92: 0 | G92: =IFERROR($F92/Overview!$C$34,0) -> 0 | H92: =IFERROR($F92/Overview!$C$33,0) -> 0 | I92: =IFERROR($F92/$F$118,0) -> 0
B93: Subtotal Other Costs (Not In Basis) | F93: =SUM(F86:F92) -> 0 | G93: =IFERROR($F93/Overview!$C$34,0) -> 0 | H93: =IFERROR($F93/Overview!$C$33,0) -> 0 | I93: =IFERROR($F93/$F$118,0) -> 0
B95: Project Reserves
B96: Operating Assurance Reserve | F96: 0 | G96: =IFERROR($F96/Overview!$C$34,0) -> 0 | H96: =IFERROR($F96/Overview!$C$33,0) -> 0 | I96: =IFERROR($F96/$F$118,0) -> 0
B97: Replacement Reserve | F97: 0 | G97: =IFERROR($F97/Overview!$C$34,0) -> 0 | H97: =IFERROR($F97/Overview!$C$33,0) -> 0 | I97: =IFERROR($F97/$F$118,0) -> 0
B98: Operating Deficit Reserve | F98: 0 | G98: =IFERROR($F98/Overview!$C$34,0) -> 0 | H98: =IFERROR($F98/Overview!$C$33,0) -> 0 | I98: =IFERROR($F98/$F$118,0) -> 0
B99: Rent Subsidy Reserve | F99: 0 | G99: =IFERROR($F99/Overview!$C$34,0) -> 0 | H99: =IFERROR($F99/Overview!$C$33,0) -> 0 | I99: =IFERROR($F99/$F$118,0) -> 0
B100: Sydnicator Held Reserve | F100: 0 | G100: =IFERROR($F100/Overview!$C$34,0) -> 0 | H100: =IFERROR($F100/Overview!$C$33,0) -> 0 | I100: =IFERROR($F100/$F$118,0) -> 0
B101: Rent Lag Escrow | F101: 0 | G101: =IFERROR($F101/Overview!$C$34,0) -> 0 | H101: =IFERROR($F101/Overview!$C$33,0) -> 0 | I101: =IFERROR($F101/$F$118,0) -> 0
B102: Tax & Insurance Escrows | F102: 0 | G102: =IFERROR($F102/Overview!$C$34,0) -> 0 | H102: =IFERROR($F102/Overview!$C$33,0) -> 0 | I102: =IFERROR($F102/$F$118,0) -> 0
B103: Other Project Reserves: | F103: 0 | G103: =IFERROR($F103/Overview!$C$34,0) -> 0 | H103: =IFERROR($F103/Overview!$C$33,0) -> 0 | I103: =IFERROR($F103/$F$118,0) -> 0
B104: Other Project Reserves: | F104: 0 | G104: =IFERROR($F104/Overview!$C$34,0) -> 0 | H104: =IFERROR($F104/Overview!$C$33,0) -> 0 | I104: =IFERROR($F104/$F$118,0) -> 0
B105: Subtotal Project Reserves | F105: =SUM(F96:F104) -> 0 | G105: =IFERROR($F105/Overview!$C$34,0) -> 0 | H105: =IFERROR($F105/Overview!$C$33,0) -> 0 | I105: =IFERROR($F105/$F$118,0) -> 0
B107: Miscellaneous
B108: Deposit to Development Operating Account (1MGRP) | F108: 0 | G108: =IFERROR($F108/Overview!$C$34,0) -> 0 | H108: =IFERROR($F108/Overview!$C$33,0) -> 0 | I108: =IFERROR($F108/$F$118,0) -> 0
B109: Other (Not In Basis): | F109: 0 | G109: =IFERROR($F109/Overview!$C$34,0) -> 0 | H109: =IFERROR($F109/Overview!$C$33,0) -> 0 | I109: =IFERROR($F109/$F$118,0) -> 0
B110: Other (In Basis): | F110: 0 | G110: =IFERROR($F110/Overview!$C$34,0) -> 0 | H110: =IFERROR($F110/Overview!$C$33,0) -> 0 | I110: =IFERROR($F110/$F$118,0) -> 0
B111: Other (In Basis): | F111: 0 | G111: =IFERROR($F111/Overview!$C$34,0) -> 0 | H111: =IFERROR($F111/Overview!$C$33,0) -> 0 | I111: =IFERROR($F111/$F$118,0) -> 0
B112: Subtotal Miscellaneous | F112: =SUM(F108:F111) -> 0 | G112: =IFERROR($F112/Overview!$C$34,0) -> 0 | H112: =IFERROR($F112/Overview!$C$33,0) -> 0 | I112: =IFERROR($F112/$F$118,0) -> 0
B114: Developer Fees | F114: 0 | G114: =IFERROR($F114/Overview!$C$34,0) -> 0 | H114: =IFERROR($F114/Overview!$C$33,0) -> 0 | I114: =IFERROR($F114/$F$118,0) -> 0
...

Sheet Financials- SWHP
B1: City of Detroit Housing & Revitalization Department
B2: SWHP Project Financials
B4: Instructions: ONLY FILL OUT THIS TAB IF APPLYING FOR SWHP -All projects must complete one of two "financials" tabs. This tab is applicable to projects applying as Standard Workforce Housing Projects (SWHP) as indicated on the Overview Tab. Enter all applicable fields for development budget, sources & use, stabilized income and expenses, current and future inflaction factors, and parcel information. Note total Hard costs (P56) should match Part A of the Neighborly application. Notify City HRD staff if a change to that field is needed. -This sheet also estimates tax liabilities under a variety of scenarios including different PILOT rates.
B11: Color Index: | C11: Blue = Input | D11: Green = Lookup | E11: Black = Calculation
B14: Development Budget | K14: Sources & Uses | U14: Stabilized Income Statement | AC14: 15-Year Cash Flow
B15: Item | F15: $ Amount | G15: $ / Unit | H15: $ / GSF | I15: % of Total | K15: Item | M15: Financing Assumptions (Third-Party Loans Only) | P15: $ Amount | Q15: $ / Unit | R15: $ / GSF | S15: % of Total | U15: Item | X15: $ Amount | Y15: $ / Unit | Z15: $ / GSF | AA15: % of Total | AC15: Item | AF15: Current Inflation | AG15: Future Inflation | AH15: Future Inflation Start Year | AI15: 1 | AJ15: =AI15+1 -> 2 | AK15: =AJ15+1 -> 3 | AL15: =AK15+1 -> 4 | AM15: =AL15+1 -> 5 | AN15: =AM15+1 -> 6 | AO15: =AN15+1 -> 7 | AP15: =AO15+1 -> 8 | AQ15: =AP15+1 -> 9 | ... AW15: =AV15+1 -> 15
B16: Acquisition Costs | K16: Construction Period Sources | M16: Loan Type | N16: Interest Rate | O16: Amortization (Yrs) | U16: Revenue | AC16: =IF(U16=0,"",U16) -> Revenue
B17: Land | F17: 0 | G17: =IFERROR($F17/Overview!$C$34,0) -> 0 | H17: =IFERROR($F17/Overview!$C$33,0) -> 0 | I17: =IFERROR($F17/$F$117,0) -> 0 | K17: Senior Construction Loan | M17: NA | N17: NA | O17: NA | P17: 0 | Q17: =IFERROR($P17/Overview!$C$34,0) -> 0 | R17: =IFERROR($P17/Overview!$C$33,0) -> 0 | S17: =IFERROR($P17/$P$58,0) -> 0 | U17: Assumed Annual Residential Revenue | X17: ='Unit Summary - Rent Roll'!$AC$326 -> 0 | Y17: =IFERROR($X17/Overview!$C$34,0) -> 0 | Z17: =IFERROR($X17/Overview!$C$33,0) -> 0 | AA17: =IFERROR($X17/$X$20,0) -> 0 | AC17: =IF(U17=0,"",U17) -> Assumed Annual Residential Revenue | AF17: 0 | AG17: 0 | AI17: =X17 -> 0 | AJ17: =IF(AJ$15<$AH17,AI17*(1+$AF17),AI17*(1+$AG17)) -> 0 | AK17: =IF(AK$15<$AH17,AJ17*(1+$AF17),AJ17*(1+$AG17)) -> 0 | AL17: =IF(AL$15<$AH17,AK17*(1+$AF17),AK17*(1+$AG17)) -> 0 | AM17: =IF(AM$15<$AH17,AL17*(1+$AF17),AL17*(1+$AG17)) -> 0 | AN17: =IF(AN$15<$AH17,AM17*(1+$AF17),AM17*(1+$AG17)) -> 0 | AO17: =IF(AO$15<$AH17,AN17*(1+$AF17),AN17*(1+$AG17)) -> 0 | AP17: =IF(AP$15<$AH17,AO17*(1+$AF17),AO17*(1+$AG17)) -> 0 | AQ17: =IF(AQ$15<$AH17,AP17*(1+$AF17),AP17*(1+$AG17)) -> 0 | ... AW17: =IF(AW$15<$AH17,AV17*(1+$AF17),AV17*(1+$AG17)) -> 0
B18: Existing Buildings | F18: 0 | G18: =IFERROR($F18/Overview!$C$34,0) -> 0 | H18: =IFERROR($F18/Overview!$C$33,0) -> 0 | I18: =IFERROR($F18/$F$117,0) -> 0 | K18: Mezzanine Loan A | M18: NA | N18: NA | O18: NA | P18: 0 | Q18: =IFERROR($P18/Overview!$C$34,0) -> 0 | R18: =IFERROR($P18/Overview!$C$33,0) -> 0 | S18: =IFERROR($P18/$P$58,0) -> 0 | U18: Assumed Annual Commercial Revenue | X18: 0 | Y18: =IFERROR($X18/Overview!$C$34,0) -> 0 | Z18: =IFERROR($X18/Overview!$C$33,0) -> 0 | AA18: =IFERROR($X18/$X$20,0) -> 0 | AC18: =IF(U18=0,"",U18) -> Assumed Annual Commercial Revenue | AF18: 0 | AG18: 0 | AI18: =X18 -> 0 | AJ18: =IF(AJ$15<$AH18,AI18*(1+$AF18),AI18*(1+$AG18)) -> 0 | AK18: =IF(AK$15<$AH18,AJ18*(1+$AF18),AJ18*(1+$AG18)) -> 0 | AL18: =IF(AL$15<$AH18,AK18*(1+$AF18),AK18*(1+$AG18)) -> 0 | AM18: =IF(AM$15<$AH18,AL18*(1+$AF18),AL18*(1+$AG18)) -> 0 | AN18: =IF(AN$15<$AH18,AM18*(1+$AF18),AM18*(1+$AG18)) -> 0 | AO18: =IF(AO$15<$AH18,AN18*(1+$AF18),AN18*(1+$AG18)) -> 0 | AP18: =IF(AP$15<$AH18,AO18*(1+$AF18),AO18*(1+$AG18)) -> 0 | AQ18: =IF(AQ$15<$AH18,AP18*(1+$AF18),AP18*(1+$AG18)) -> 0 | ... AW18: =IF(AW$15<$AH18,AV18*(1+$AF18),AV18*(1+$AG18)) -> 0
B19: Other Acquisition Costs: | F19: 0 | G19: =IFERROR($F19/Overview!$C$34,0) -> 0 | H19: =IFERROR($F19/Overview!$C$33,0) -> 0 | I19: =IFERROR($F19/$F$117,0) -> 0 | K19: Mezzanine Loan B | M19: NA | N19: NA | O19: NA | P19: 0 | Q19: =IFERROR($P19/Overview!$C$34,0) -> 0 | R19: =IFERROR($P19/Overview!$C$33,0) -> 0 | S19: =IFERROR($P19/$P$58,0) -> 0 | U19: Other Revenue | X19: 0 | Y19: =IFERROR($X19/Overview!$C$34,0) -> 0 | Z19: =IFERROR($X19/Overview!$C$33,0) -> 0 | AA19: =IFERROR($X19/$X$20,0) -> 0 | AC19: =IF(U19=0,"",U19) -> Other Revenue | AF19: 0 | AG19: 0 | AI19: =X19 -> 0 | AJ19: =IF(AJ$15<$AH19,AI19*(1+$AF19),AI19*(1+$AG19)) -> 0 | AK19: =IF(AK$15<$AH19,AJ19*(1+$AF19),AJ19*(1+$AG19)) -> 0 | AL19: =IF(AL$15<$AH19,AK19*(1+$AF19),AK19*(1+$AG19)) -> 0 | AM19: =IF(AM$15<$AH19,AL19*(1+$AF19),AL19*(1+$AG19)) -> 0 | AN19: =IF(AN$15<$AH19,AM19*(1+$AF19),AM19*(1+$AG19)) -> 0 | AO19: =IF(AO$15<$AH19,AN19*(1+$AF19),AN19*(1+$AG19)) -> 0 | AP19: =IF(AP$15<$AH19,AO19*(1+$AF19),AO19*(1+$AG19)) -> 0 | AQ19: =IF(AQ$15<$AH19,AP19*(1+$AF19),AP19*(1+$AG19)) -> 0 | ... AW19: =IF(AW$15<$AH19,AV19*(1+$AF19),AV19*(1+$AG19)) -> 0
B20: Total Acqusition Costs | F20: =SUM(F17:F19) -> 0 | G20: =IFERROR($F20/Overview!$C$34,0) -> 0 | H20: =IFERROR($F20/Overview!$C$33,0) -> 0 | I20: =IFERROR($F20/$F$117,0) -> 0 | K20: Mezzanine Loan C | M20: NA | N20: NA | O20: NA | P20: 0 | Q20: =IFERROR($P20/Overview!$C$34,0) -> 0 | R20: =IFERROR($P20/Overview!$C$33,0) -> 0 | S20: =IFERROR($P20/$P$58,0) -> 0 | U20: Gross Revenue | X20: =SUM(X17:X19) -> 0 | Y20: =IFERROR($X20/Overview!$C$34,0) -> 0 | Z20: =IFERROR($X20/Overview!$C$33,0) -> 0 | AA20: =IFERROR($X20/$X$20,0) -> 0 | AC20: =IF(U20=0,"",U20) -> Gross Revenue | AI20: =SUM(AI17:AI19) -> 0 | AJ20: =SUM(AJ17:AJ19) -> 0 | AK20: =SUM(AK17:AK19) -> 0 | AL20: =SUM(AL17:AL19) -> 0 | AM20: =SUM(AM17:AM19) -> 0 | AN20: =SUM(AN17:AN19) -> 0 | AO20: =SUM(AO17:AO19) -> 0 | AP20: =SUM(AP17:AP19) -> 0 | ... AW20: =SUM(AW17:AW19) -> 0
K21: Grant Funds A | P21: 0 | Q21: =IFERROR($P21/Overview!$C$34,0) -> 0 | R21: =IFERROR($P21/Overview!$C$33,0) -> 0 | S21: =IFERROR($P21/$P$58,0) -> 0 | AC21: =IF(U21=0,"",U21)
B22: Hard Costs | K22: Grant Funds B | P22: 0 | Q22: =IFERROR($P22/Overview!$C$34,0) -> 0 | R22: =IFERROR($P22/Overview!$C$33,0) -> 0 | S22: =IFERROR($P22/$P$58,0) -> 0 | U22: Operating Expenses | AC22: =IF(U22=0,"",U22) -> Operating Expenses
B23: Direct Trades | K23: Grant Funds C | P23: 0 | Q23: =IFERROR($P23/Overview!$C$34,0) -> 0 | R23: =IFERROR($P23/Overview!$C$33,0) -> 0 | S23: =IFERROR($P23/$P$58,0) -> 0 | U23: Vacancy & Credit Loss | W23: 0 | X23: =$W23*$X$20 -> 0 | Y23: =IFERROR($X23/Overview!$C$34,0) -> 0 | Z23: =IFERROR($X23/Overview!$C$33,0) -> 0 | AA23: =IFERROR($X23/$X$20,0) -> 0 | AC23: =IF(U23=0,"",U23) -> Vacancy & Credit Loss | AI23: =$W$23*AI20 -> 0 | AJ23: =$W$23*AJ20 -> 0 | AK23: =$W$23*AK20 -> 0 | AL23: =$W$23*AL20 -> 0 | AM23: =$W$23*AM20 -> 0 | AN23: =$W$23*AN20 -> 0 | AO23: =$W$23*AO20 -> 0 | AP23: =$W$23*AP20 -> 0 | ... AW23: =$W$23*AW20 -> 0
B24: Off-Site Improvements | F24: 0 | G24: =IFERROR($F24/Overview!$C$34,0) -> 0 | H24: =IFERROR($F24/Overview!$C$33,0) -> 0 | I24: =IFERROR($F24/$F$117,0) -> 0 | K24: LIHTC Bridge Loan | P24: 0 | Q24: =IFERROR($P24/Overview!$C$34,0) -> 0 | R24: =IFERROR($P24/Overview!$C$33,0) -> 0 | S24: =IFERROR($P24/$P$58,0) -> 0 | U24: Administration / Payroll | X24: =1000*Overview!$C$34 -> 0 | Y24: =IFERROR($X24/Overview!$C$34,0) -> 0 | Z24: =IFERROR($X24/Overview!$C$33,0) -> 0 | AA24: =IFERROR($X24/$X$20,0) -> 0 | AC24: =IF(U24=0,"",U24) -> Administration / Payroll | AF24: 0 | AG24: 0 | AI24: =X24 -> 0 | AJ24: =IF(AJ$15<$AH24,AI24*(1+$AF24),AI24*(1+$AG24)) -> 0 | AK24: =IF(AK$15<$AH24,AJ24*(1+$AF24),AJ24*(1+$AG24)) -> 0 | AL24: =IF(AL$15<$AH24,AK24*(1+$AF24),AK24*(1+$AG24)) -> 0 | AM24: =IF(AM$15<$AH24,AL24*(1+$AF24),AL24*(1+$AG24)) -> 0 | AN24: =IF(AN$15<$AH24,AM24*(1+$AF24),AM24*(1+$AG24)) -> 0 | AO24: =IF(AO$15<$AH24,AN24*(1+$AF24),AN24*(1+$AG24)) -> 0 | AP24: =IF(AP$15<$AH24,AO24*(1+$AF24),AO24*(1+$AG24)) -> 0 | AQ24: =IF(AQ$15<$AH24,AP24*(1+$AF24),AP24*(1+$AG24)) -> 0 | ... AW24: =IF(AW$15<$AH24,AV24*(1+$AF24),AV24*(1+$AG24)) -> 0
B25: On-Site Improvements | F25: 0 | G25: =IFERROR($F25/Overview!$C$34,0) -> 0 | H25: =IFERROR($F25/Overview!$C$33,0) -> 0 | I25: =IFERROR($F25/$F$117,0) -> 0 | K25: HTC Bridge Loan | P25: 0 | Q25: =IFERROR($P25/Overview!$C$34,0) -> 0 | R25: =IFERROR($P25/Overview!$C$33,0) -> 0 | S25: =IFERROR($P25/$P$58,0) -> 0 | U25: Gas | X25: =150*Overview!$C$34 -> 0 | Y25: =IFERROR($X25/Overview!$C$34,0) -> 0 | Z25: =IFERROR($X25/Overview!$C$33,0) -> 0 | AA25: =IFERROR($X25/$X$20,0) -> 0 | AC25: =IF(U25=0,"",U25) -> Gas | AF25: 0 | AG25: 0 | AI25: =X25 -> 0 | AJ25: =IF(AJ$15<$AH25,AI25*(1+$AF25),AI25*(1+$AG25)) -> 0 | AK25: =IF(AK$15<$AH25,AJ25*(1+$AF25),AJ25*(1+$AG25)) -> 0 | AL25: =IF(AL$15<$AH25,AK25*(1+$AF25),AK25*(1+$AG25)) -> 0 | AM25: =IF(AM$15<$AH25,AL25*(1+$AF25),AL25*(1+$AG25)) -> 0 | AN25: =IF(AN$15<$AH25,AM25*(1+$AF25),AM25*(1+$AG25)) -> 0 | AO25: =IF(AO$15<$AH25,AN25*(1+$AF25),AN25*(1+$AG25)) -> 0 | AP25: =IF(AP$15<$AH25,AO25*(1+$AF25),AO25*(1+$AG25)) -> 0 | AQ25: =IF(AQ$15<$AH25,AP25*(1+$AF25),AP25*(1+$AG25)) -> 0 | ... AW25: =IF(AW$15<$AH25,AV25*(1+$AF25),AV25*(1+$AG25)) -> 0
B26: Landscaping & Irrigation | F26: 0 | G26: =IFERROR($F26/Overview!$C$34,0) -> 0 | H26: =IFERROR($F26/Overview!$C$33,0) -> 0 | I26: =IFERROR($F26/$F$117,0) -> 0 | K26: Upfront LIHTC Equity | P26: 0 | Q26: =IFERROR($P26/Overview!$C$34,0) -> 0 | R26: =IFERROR($P26/Overview!$C$33,0) -> 0 | S26: =IFERROR($P26/$P$58,0) -> 0 | U26: Electric | X26: =350*Overview!$C$34 -> 0 | Y26: =IFERROR($X26/Overview!$C$34,0) -> 0 | Z26: =IFERROR($X26/Overview!$C$33,0) -> 0 | AA26: =IFERROR($X26/$X$20,0) -> 0 | AC26: =IF(U26=0,"",U26) -> Electric | AF26: 0 | AG26: 0 | AI26: =X26 -> 0 | AJ26: =IF(AJ$15<$AH26,AI26*(1+$AF26),AI26*(1+$AG26)) -> 0 | AK26: =IF(AK$15<$AH26,AJ26*(1+$AF26),AJ26*(1+$AG26)) -> 0 | AL26: =IF(AL$15<$AH26,AK26*(1+$AF26),AK26*(1+$AG26)) -> 0 | AM26: =IF(AM$15<$AH26,AL26*(1+$AF26),AL26*(1+$AG26)) -> 0 | AN26: =IF(AN$15<$AH26,AM26*(1+$AF26),AM26*(1+$AG26)) -> 0 | AO26: =IF(AO$15<$AH26,AN26*(1+$AF26),AN26*(1+$AG26)) -> 0 | AP26: =IF(AP$15<$AH26,AO26*(1+$AF26),AO26*(1+$AG26)) -> 0 | AQ26: =IF(AQ$15<$AH26,AP26*(1+$AF26),AP26*(1+$AG26)) -> 0 | ... AW26: =IF(AW$15<$AH26,AV26*(1+$AF26),AV26*(1+$AG26)) -> 0
B27: Structures | F27: 0 | G27: =IFERROR($F27/Overview!$C$34,0) -> 0 | H27: =IFERROR($F27/Overview!$C$33,0) -> 0 | I27: =IFERROR($F27/$F$117,0) -> 0 | K27: Upfront HTC Equity | P27: 0 | Q27: =IFERROR($P27/Overview!$C$34,0) -> 0 | R27: =IFERROR($P27/Overview!$C$33,0) -> 0 | S27: =IFERROR($P27/$P$58,0) -> 0 | U27: Water & Sewer | X27: =450*Overview!$C$34 -> 0 | Y27: =IFERROR($X27/Overview!$C$34,0) -> 0 | Z27: =IFERROR($X27/Overview!$C$33,0) -> 0 | AA27: =IFERROR($X27/$X$20,0) -> 0 | AC27: =IF(U27=0,"",U27) -> Water & Sewer | AF27: 0 | AG27: 0 | AI27: =X27 -> 0 | AJ27: =IF(AJ$15<$AH27,AI27*(1+$AF27),AI27*(1+$AG27)) -> 0 | AK27: =IF(AK$15<$AH27,AJ27*(1+$AF27),AJ27*(1+$AG27)) -> 0 | AL27: =IF(AL$15<$AH27,AK27*(1+$AF27),AK27*(1+$AG27)) -> 0 | AM27: =IF(AM$15<$AH27,AL27*(1+$AF27),AL27*(1+$AG27)) -> 0 | AN27: =IF(AN$15<$AH27,AM27*(1+$AF27),AM27*(1+$AG27)) -> 0 | AO27: =IF(AO$15<$AH27,AN27*(1+$AF27),AN27*(1+$AG27)) -> 0 | AP27: =IF(AP$15<$AH27,AO27*(1+$AF27),AO27*(1+$AG27)) -> 0 | AQ27: =IF(AQ$15<$AH27,AP27*(1+$AF27),AP27*(1+$AG27)) -> 0 | ... AW27: =IF(AW$15<$AH27,AV27*(1+$AF27),AV27*(1+$AG27)) -> 0
B28: Community Building / Maintenance Facility | F28: 0 | G28: =IFERROR($F28/Overview!$C$34,0) -> 0 | H28: =IFERROR($F28/Overview!$C$33,0) -> 0 | I28: =IFERROR($F28/$F$117,0) -> 0 | K28: Deferred Developer Fee | P28: 0 | Q28: =IFERROR($P28/Overview!$C$34,0) -> 0 | R28: =IFERROR($P28/Overview!$C$33,0) -> 0 | S28: =IFERROR($P28/$P$58,0) -> 0 | U28: Trash | X28: =30*Overview!$C$34 -> 0 | Y28: =IFERROR($X28/Overview!$C$34,0) -> 0 | Z28: =IFERROR($X28/Overview!$C$33,0) -> 0 | AA28: =IFERROR($X28/$X$20,0) -> 0 | AC28: =IF(U28=0,"",U28) -> Trash | AF28: 0 | AG28: 0 | AI28: =X28 -> 0 | AJ28: =IF(AJ$15<$AH28,AI28*(1+$AF28),AI28*(1+$AG28)) -> 0 | AK28: =IF(AK$15<$AH28,AJ28*(1+$AF28),AJ28*(1+$AG28)) -> 0 | AL28: =IF(AL$15<$AH28,AK28*(1+$AF28),AK28*(1+$AG28)) -> 0 | AM28: =IF(AM$15<$AH28,AL28*(1+$AF28),AL28*(1+$AG28)) -> 0 | AN28: =IF(AN$15<$AH28,AM28*(1+$AF28),AM28*(1+$AG28)) -> 0 | AO28: =IF(AO$15<$AH28,AN28*(1+$AF28),AN28*(1+$AG28)) -> 0 | AP28: =IF(AP$15<$AH28,AO28*(1+$AF28),AO28*(1+$AG28)) -> 0 | AQ28: =IF(AQ$15<$AH28,AP28*(1+$AF28),AP28*(1+$AG28)) -> 0 | ... AW28: =IF(AW$15<$AH28,AV28*(1+$AF28),AV28*(1+$AG28)) -> 0
B29: Construction Not in Basis (Carports & Commercial Space) | F29: 0 | G29: =IFERROR($F29/Overview!$C$34,0) -> 0 | H29: =IFERROR($F29/Overview!$C$33,0) -> 0 | I29: =IFERROR($F29/$F$117,0) -> 0 | K29: Sponsor Loan | P29: 0 | Q29: =IFERROR($P29/Overview!$C$34,0) -> 0 | R29: =IFERROR($P29/Overview!$C$33,0) -> 0 | S29: =IFERROR($P29/$P$58,0) -> 0 | U29: Advertising / Marketing | X29: =200*Overview!$C$34 -> 0 | Y29: =IFERROR($X29/Overview!$C$34,0) -> 0 | Z29: =IFERROR($X29/Overview!$C$33,0) -> 0 | AA29: =IFERROR($X29/$X$20,0) -> 0 | AC29: =IF(U29=0,"",U29) -> Advertising / Marketing | AF29: 0 | AG29: 0 | AI29: =X29 -> 0 | AJ29: =IF(AJ$15<$AH29,AI29*(1+$AF29),AI29*(1+$AG29)) -> 0 | AK29: =IF(AK$15<$AH29,AJ29*(1+$AF29),AJ29*(1+$AG29)) -> 0 | AL29: =IF(AL$15<$AH29,AK29*(1+$AF29),AK29*(1+$AG29)) -> 0 | AM29: =IF(AM$15<$AH29,AL29*(1+$AF29),AL29*(1+$AG29)) -> 0 | AN29: =IF(AN$15<$AH29,AM29*(1+$AF29),AM29*(1+$AG29)) -> 0 | AO29: =IF(AO$15<$AH29,AN29*(1+$AF29),AN29*(1+$AG29)) -> 0 | AP29: =IF(AP$15<$AH29,AO29*(1+$AF29),AO29*(1+$AG29)) -> 0 | AQ29: =IF(AQ$15<$AH29,AP29*(1+$AF29),AP29*(1+$AG29)) -> 0 | ... AW29: =IF(AW$15<$AH29,AV29*(1+$AF29),AV29*(1+$AG29)) -> 0
B30: Other Direct Trades: | F30: 0 | G30: =IFERROR($F30/Overview!$C$34,0) -> 0 | H30: =IFERROR($F30/Overview!$C$33,0) -> 0 | I30: =IFERROR($F30/$F$117,0) -> 0 | K30: Cash Equity | P30: 0 | Q30: =IFERROR($P30/Overview!$C$34,0) -> 0 | R30: =IFERROR($P30/Overview!$C$33,0) -> 0 | S30: =IFERROR($P30/$P$58,0) -> 0 | U30: Janitorial / Security / Grounds Maintenance | X30: =500*Overview!$C$34 -> 0 | Y30: =IFERROR($X30/Overview!$C$34,0) -> 0 | Z30: =IFERROR($X30/Overview!$C$33,0) -> 0 | AA30: =IFERROR($X30/$X$20,0) -> 0 | AC30: =IF(U30=0,"",U30) -> Janitorial / Security / Grounds Maintenance | AF30: 0 | AG30: 0 | AI30: =X30 -> 0 | AJ30: =IF(AJ$15<$AH30,AI30*(1+$AF30),AI30*(1+$AG30)) -> 0 | AK30: =IF(AK$15<$AH30,AJ30*(1+$AF30),AJ30*(1+$AG30)) -> 0 | AL30: =IF(AL$15<$AH30,AK30*(1+$AF30),AK30*(1+$AG30)) -> 0 | AM30: =IF(AM$15<$AH30,AL30*(1+$AF30),AL30*(1+$AG30)) -> 0 | AN30: =IF(AN$15<$AH30,AM30*(1+$AF30),AM30*(1+$AG30)) -> 0 | AO30: =IF(AO$15<$AH30,AN30*(1+$AF30),AN30*(1+$AG30)) -> 0 | AP30: =IF(AP$15<$AH30,AO30*(1+$AF30),AO30*(1+$AG30)) -> 0 | AQ30: =IF(AQ$15<$AH30,AP30*(1+$AF30),AP30*(1+$AG30)) -> 0 | ... AW30: =IF(AW$15<$AH30,AV30*(1+$AF30),AV30*(1+$AG30)) -> 0
B31: Subtotal Direct Trades | F31: =SUM(F23:F30) -> 0 | G31: =IFERROR($F31/Overview!$C$34,0) -> 0 | H31: =IFERROR($F31/Overview!$C$33,0) -> 0 | I31: =IFERROR($F31/$F$117,0) -> 0 | K31: Gap In Financing | P31: =$P$58-SUM($P$17:$P$30,$P$32:$P$33) -> 0 | Q31: =IFERROR($P31/Overview!$C$34,0) -> 0 | R31: =IFERROR($P31/Overview!$C$33,0) -> 0 | S31: =IFERROR($P31/$P$58,0) -> 0 | U31: Repairs & Maintenance | X31: =700*Overview!$C$34 -> 0 | Y31: =IFERROR($X31/Overview!$C$34,0) -> 0 | Z31: =IFERROR($X31/Overview!$C$33,0) -> 0 | AA31: =IFERROR($X31/$X$20,0) -> 0 | AC31: =IF(U31=0,"",U31) -> Repairs & Maintenance | AF31: 0 | AG31: 0 | AI31: =X31 -> 0 | AJ31: =IF(AJ$15<$AH31,AI31*(1+$AF31),AI31*(1+$AG31)) -> 0 | AK31: =IF(AK$15<$AH31,AJ31*(1+$AF31),AJ31*(1+$AG31)) -> 0 | AL31: =IF(AL$15<$AH31,AK31*(1+$AF31),AK31*(1+$AG31)) -> 0 | AM31: =IF(AM$15<$AH31,AL31*(1+$AF31),AL31*(1+$AG31)) -> 0 | AN31: =IF(AN$15<$AH31,AM31*(1+$AF31),AM31*(1+$AG31)) -> 0 | AO31: =IF(AO$15<$AH31,AN31*(1+$AF31),AN31*(1+$AG31)) -> 0 | AP31: =IF(AP$15<$AH31,AO31*(1+$AF31),AO31*(1+$AG31)) -> 0 | AQ31: =IF(AQ$15<$AH31,AP31*(1+$AF31),AP31*(1+$AG31)) -> 0 | ... AW31: =IF(AW$15<$AH31,AV31*(1+$AF31),AV31*(1+$AG31)) -> 0
K32: Other Construction Sources: | P32: 0 | Q32: =IFERROR($P32/Overview!$C$34,0) -> 0 | R32: =IFERROR($P32/Overview!$C$33,0) -> 0 | S32: =IFERROR($P32/$P$58,0) -> 0 | U32: Real Estate Taxes | X32: =IF(Overview!$C$31="Gross Potential Rent",Overview!$C$18*('Financials- SWHP'!X20-'Financials- SWHP'!X18),IF(Overview!$C$31="Net Shelter Rent",Overview!$C$18*('Financials- SWHP'!X20-'Financials- SWHP'!X18-'Financials- SWHP'!X23-'Financials- SWHP'!X25-'Financials- SWHP'!X26-'Financials- SWHP'!X27-'Financials- SWHP'!X28),0)) -> 0 | Y32: =IFERROR($X32/Overview!$C$34,0) -> 0 | Z32: =IFERROR($X32/Overview!$C$33,0) -> 0 | AA32: =IFERROR($X32/$X$20,0) -> 0 | AC32: =IF(U32=0,"",U32) -> Real Estate Taxes | AF32: =AF17 -> 0 | AG32: =AG17 -> 0 | AI32: =IFERROR(X32,0) -> 0 | AJ32: =IFERROR(IF(AJ$15<$AH32,AI32*(1+$AF32),AI32*(1+$AG32)),0) -> 0 | AK32: =IFERROR(IF(AK$15<$AH32,AJ32*(1+$AF32),AJ32*(1+$AG32)),0) -> 0 | AL32: =IFERROR(IF(AL$15<$AH32,AK32*(1+$AF32),AK32*(1+$AG32)),0) -> 0 | AM32: =IFERROR(IF(AM$15<$AH32,AL32*(1+$AF32),AL32*(1+$AG32)),0) -> 0 | AN32: =IFERROR(IF(AN$15<$AH32,AM32*(1+$AF32),AM32*(1+$AG32)),0) -> 0 | AO32: =IFERROR(IF(AO$15<$AH32,AN32*(1+$AF32),AN32*(1+$AG32)),0) -> 0 | AP32: =IFERROR(IF(AP$15<$AH32,AO32*(1+$AF32),AO32*(1+$AG32)),0) -> 0 | AQ32: =IFERROR(IF(AQ$15<$AH32,AP32*(1+$AF32),AP32*(1+$AG32)),0) -> 0 | ... AW32: =IFERROR(IF(AW$15<$AH32,AV32*(1+$AF32),AV32*(1+$AG32)),0) -> 0
B33: Indirect Trades | K33: Other Construction Sources: | P33: 0 | Q33: =IFERROR($P33/Overview!$C$34,0) -> 0 | R33: =IFERROR($P33/Overview!$C$33,0) -> 0 | S33: =IFERROR($P33/$P$58,0) -> 0 | U33: Insurance | X33: =1000*Overview!$C$34 -> 0 | Y33: =IFERROR($X33/Overview!$C$34,0) -> 0 | Z33: =IFERROR($X33/Overview!$C$33,0) -> 0 | AA33: =IFERROR($X33/$X$20,0) -> 0 | AC33: =IF(U33=0,"",U33) -> Insurance | AF33: 0 | AG33: 0 | AI33: =X33 -> 0 | AJ33: =IF(AJ$15<$AH33,AI33*(1+$AF33),AI33*(1+$AG33)) -> 0 | AK33: =IF(AK$15<$AH33,AJ33*(1+$AF33),AJ33*(1+$AG33)) -> 0 | AL33: =IF(AL$15<$AH33,AK33*(1+$AF33),AK33*(1+$AG33)) -> 0 | AM33: =IF(AM$15<$AH33,AL33*(1+$AF33),AL33*(1+$AG33)) -> 0 | AN33: =IF(AN$15<$AH33,AM33*(1+$AF33),AM33*(1+$AG33)) -> 0 | AO33: =IF(AO$15<$AH33,AN33*(1+$AF33),AN33*(1+$AG33)) -> 0 | AP33: =IF(AP$15<$AH33,AO33*(1+$AF33),AO33*(1+$AG33)) -> 0 | AQ33: =IF(AQ$15<$AH33,AP33*(1+$AF33),AP33*(1+$AG33)) -> 0 | ... AW33: =IF(AW$15<$AH33,AV33*(1+$AF33),AV33*(1+$AG33)) -> 0
B34: General Conditions / General Requirements | E34: 0 | F34: =$E34*SUM(F$31:F33) -> 0 | G34: =IFERROR($F34/Overview!$C$34,0) -> 0 | H34: =IFERROR($F34/Overview!$C$33,0) -> 0 | I34: =IFERROR($F34/$F$117,0) -> 0 | K34: Total Construction Period Sources | P34: =SUM(P17:P33) -> 0 | Q34: =IFERROR($P34/Overview!$C$34,0) -> 0 | R34: =IFERROR($P34/Overview!$C$33,0) -> 0 | S34: =IFERROR($P34/$P$58,0) -> 0 | U34: Replacement Reserve | X34: =300*Overview!$C$34 -> 0 | Y34: =IFERROR($X34/Overview!$C$34,0) -> 0 | Z34: =IFERROR($X34/Overview!$C$33,0) -> 0 | AA34: =IFERROR($X34/$X$20,0) -> 0 | AC34: =IF(U34=0,"",U34) -> Replacement Reserve | AF34: 0 | AG34: 0 | AI34: =X34 -> 0 | AJ34: =IF(AJ$15<$AH34,AI34*(1+$AF34),AI34*(1+$AG34)) -> 0 | AK34: =IF(AK$15<$AH34,AJ34*(1+$AF34),AJ34*(1+$AG34)) -> 0 | AL34: =IF(AL$15<$AH34,AK34*(1+$AF34),AK34*(1+$AG34)) -> 0 | AM34: =IF(AM$15<$AH34,AL34*(1+$AF34),AL34*(1+$AG34)) -> 0 | AN34: =IF(AN$15<$AH34,AM34*(1+$AF34),AM34*(1+$AG34)) -> 0 | AO34: =IF(AO$15<$AH34,AN34*(1+$AF34),AN34*(1+$AG34)) -> 0 | AP34: =IF(AP$15<$AH34,AO34*(1+$AF34),AO34*(1+$AG34)) -> 0 | AQ34: =IF(AQ$15<$AH34,AP34*(1+$AF34),AP34*(1+$AG34)) -> 0 | ... AW34: =IF(AW$15<$AH34,AV34*(1+$AF34),AV34*(1+$AG34)) -> 0
B35: Builders Overhead | E35: 0 | F35: =$E35*SUM(F$31:F34) -> 0 | G35: =IFERROR($F35/Overview!$C$34,0) -> 0 | H35: =IFERROR($F35/Overview!$C$33,0) -> 0 | I35: =IFERROR($F35/$F$117,0) -> 0 | P35: =P34=$P$58 -> TRUE | U35: Other Expense Item: | X35: 0 | Y35: =IFERROR($X35/Overview!$C$34,0) -> 0 | Z35: =IFERROR($X35/Overview!$C$33,0) -> 0 | AA35: =IFERROR($X35/$X$20,0) -> 0 | AC35: =IF(U35=0,"",U35) -> Other Expense Item: | AF35: 0 | AG35: 0 | AI35: =X35 -> 0 | AJ35: =IF(AJ$15<$AH35,AI35*(1+$AF35),AI35*(1+$AG35)) -> 0 | AK35: =IF(AK$15<$AH35,AJ35*(1+$AF35),AJ35*(1+$AG35)) -> 0 | AL35: =IF(AL$15<$AH35,AK35*(1+$AF35),AK35*(1+$AG35)) -> 0 | AM35: =IF(AM$15<$AH35,AL35*(1+$AF35),AL35*(1+$AG35)) -> 0 | AN35: =IF(AN$15<$AH35,AM35*(1+$AF35),AM35*(1+$AG35)) -> 0 | AO35: =IF(AO$15<$AH35,AN35*(1+$AF35),AN35*(1+$AG35)) -> 0 | AP35: =IF(AP$15<$AH35,AO35*(1+$AF35),AO35*(1+$AG35)) -> 0 | AQ35: =IF(AQ$15<$AH35,AP35*(1+$AF35),AP35*(1+$AG35)) -> 0 | ... AW35: =IF(AW$15<$AH35,AV35*(1+$AF35),AV35*(1+$AG35)) -> 0
B36: Builders Profit | E36: 0 | F36: =$E36*SUM(F$31:F35) -> 0 | G36: =IFERROR($F36/Overview!$C$34,0) -> 0 | H36: =IFERROR($F36/Overview!$C$33,0) -> 0 | I36: =IFERROR($F36/$F$117,0) -> 0 | K36: Permanent Sources | M36: Loan Type | N36: Interest Rate | O36: Amortization (Yrs) | U36: Other Expense Item: | X36: 0 | Y36: =IFERROR($X36/Overview!$C$34,0) -> 0 | Z36: =IFERROR($X36/Overview!$C$33,0) -> 0 | AA36: =IFERROR($X36/$X$20,0) -> 0 | AC36: =IF(U36=0,"",U36) -> Other Expense Item: | AF36: 0 | AG36: 0 | AI36: =X36 -> 0 | AJ36: =IF(AJ$15<$AH36,AI36*(1+$AF36),AI36*(1+$AG36)) -> 0 | AK36: =IF(AK$15<$AH36,AJ36*(1+$AF36),AJ36*(1+$AG36)) -> 0 | AL36: =IF(AL$15<$AH36,AK36*(1+$AF36),AK36*(1+$AG36)) -> 0 | AM36: =IF(AM$15<$AH36,AL36*(1+$AF36),AL36*(1+$AG36)) -> 0 | AN36: =IF(AN$15<$AH36,AM36*(1+$AF36),AM36*(1+$AG36)) -> 0 | AO36: =IF(AO$15<$AH36,AN36*(1+$AF36),AN36*(1+$AG36)) -> 0 | AP36: =IF(AP$15<$AH36,AO36*(1+$AF36),AO36*(1+$AG36)) -> 0 | AQ36: =IF(AQ$15<$AH36,AP36*(1+$AF36),AP36*(1+$AG36)) -> 0 | ... AW36: =IF(AW$15<$AH36,AV36*(1+$AF36),AV36*(1+$AG36)) -> 0
B37: Builders Contingency | E37: 0 | F37: =$E37*SUM(F$31:F36) -> 0 | G37: =IFERROR($F37/Overview!$C$34,0) -> 0 | H37: =IFERROR($F37/Overview!$C$33,0) -> 0 | I37: =IFERROR($F37/$F$117,0) -> 0 | K37: Senior Permanent Loan | M37: NA | N37: NA | O37: NA | P37: 0 | Q37: =IFERROR($P37/Overview!$C$34,0) -> 0 | R37: =IFERROR($P37/Overview!$C$33,0) -> 0 | S37: =IFERROR($P37/$P$58,0) -> 0 | U37: Other Expense Item: | X37: 0 | Y37: =IFERROR($X37/Overview!$C$34,0) -> 0 | Z37: =IFERROR($X37/Overview!$C$33,0) -> 0 | AA37: =IFERROR($X37/$X$20,0) -> 0 | AC37: =IF(U37=0,"",U37) -> Other Expense Item: | AF37: 0 | AG37: 0 | AI37: =X37 -> 0 | AJ37: =IF(AJ$15<$AH37,AI37*(1+$AF37),AI37*(1+$AG37)) -> 0 | AK37: =IF(AK$15<$AH37,AJ37*(1+$AF37),AJ37*(1+$AG37)) -> 0 | AL37: =IF(AL$15<$AH37,AK37*(1+$AF37),AK37*(1+$AG37)) -> 0 | AM37: =IF(AM$15<$AH37,AL37*(1+$AF37),AL37*(1+$AG37)) -> 0 | AN37: =IF(AN$15<$AH37,AM37*(1+$AF37),AM37*(1+$AG37)) -> 0 | AO37: =IF(AO$15<$AH37,AN37*(1+$AF37),AN37*(1+$AG37)) -> 0 | AP37: =IF(AP$15<$AH37,AO37*(1+$AF37),AO37*(1+$AG37)) -> 0 | AQ37: =IF(AQ$15<$AH37,AP37*(1+$AF37),AP37*(1+$AG37)) -> 0 | ... AW37: =IF(AW$15<$AH37,AV37*(1+$AF37),AV37*(1+$AG37)) -> 0
B38: Building Permit | E38: 0 | F38: =$E38*SUM(F$31:F37) -> 0 | G38: =IFERROR($F38/Overview!$C$34,0) -> 0 | H38: =IFERROR($F38/Overview!$C$33,0) -> 0 | I38: =IFERROR($F38/$F$117,0) -> 0 | K38: Mezzanine Loan A | M38: NA | N38: NA | O38: NA | P38: 0 | Q38: =IFERROR($P38/Overview!$C$34,0) -> 0 | R38: =IFERROR($P38/Overview!$C$33,0) -> 0 | S38: =IFERROR($P38/$P$58,0) -> 0 | U38: Other Expense Item: | X38: 0 | Y38: =IFERROR($X38/Overview!$C$34,0) -> 0 | Z38: =IFERROR($X38/Overview!$C$33,0) -> 0 | AA38: =IFERROR($X38/$X$20,0) -> 0 | AC38: =IF(U38=0,"",U38) -> Other Expense Item: | AF38: 0 | AG38: 0 | AI38: =X38 -> 0 | AJ38: =IF(AJ$15<$AH38,AI38*(1+$AF38),AI38*(1+$AG38)) -> 0 | AK38: =IF(AK$15<$AH38,AJ38*(1+$AF38),AJ38*(1+$AG38)) -> 0 | AL38: =IF(AL$15<$AH38,AK38*(1+$AF38),AK38*(1+$AG38)) -> 0 | AM38: =IF(AM$15<$AH38,AL38*(1+$AF38),AL38*(1+$AG38)) -> 0 | AN38: =IF(AN$15<$AH38,AM38*(1+$AF38),AM38*(1+$AG38)) -> 0 | AO38: =IF(AO$15<$AH38,AN38*(1+$AF38),AN38*(1+$AG38)) -> 0 | AP38: =IF(AP$15<$AH38,AO38*(1+$AF38),AO38*(1+$AG38)) -> 0 | AQ38: =IF(AQ$15<$AH38,AP38*(1+$AF38),AP38*(1+$AG38)) -> 0 | ... AW38: =IF(AW$15<$AH38,AV38*(1+$AF38),AV38*(1+$AG38)) -> 0
B39: Builders Payment & Performance Bond | E39: 0 | F39: =$E39*SUM(F$31:F38) -> 0 | G39: =IFERROR($F39/Overview!$C$34,0) -> 0 | H39: =IFERROR($F39/Overview!$C$33,0) -> 0 | I39: =IFERROR($F39/$F$117,0) -> 0 | K39: Mezzanine Loan B | M39: NA | N39: NA | O39: NA | P39: 0 | Q39: =IFERROR($P39/Overview!$C$34,0) -> 0 | R39: =IFERROR($P39/Overview!$C$33,0) -> 0 | S39: =IFERROR($P39/$P$58,0) -> 0 | U39: Management Fee | W39: 0 | X39: =$W39*SUM($X$20,-$X$23) -> 0 | Y39: =IFERROR($X39/Overview!$C$34,0) -> 0 | Z39: =IFERROR($X39/Overview!$C$33,0) -> 0 | AA39: =IFERROR($X39/$X$20,0) -> 0 | AC39: =IF(U39=0,"",U39) -> Management Fee | AI39: =$W39*SUM(AI$20,-AI$23) -> 0 | AJ39: =$W39*SUM(AJ$20,-AJ$23) -> 0 | AK39: =$W39*SUM(AK$20,-AK$23) -> 0 | AL39: =$W39*SUM(AL$20,-AL$23) -> 0 | AM39: =$W39*SUM(AM$20,-AM$23) -> 0 | AN39: =$W39*SUM(AN$20,-AN$23) -> 0 | AO39: =$W39*SUM(AO$20,-AO$23) -> 0 | AP39: =$W39*SUM(AP$20,-AP$23) -> 0 | ... AW39: =$W39*SUM(AW$20,-AW$23) -> 0
B40: Builders Risk & General Liability Insurance | E40: 0 | F40: =$E40*SUM(F$31:F39) -> 0 | G40: =IFERROR($F40/Overview!$C$34,0) -> 0 | H40: =IFERROR($F40/Overview!$C$33,0) -> 0 | I40: =IFERROR($F40/$F$117,0) -> 0 | K40: Mezzanine Loan C | M40: NA | N40: NA | O40: NA | P40: 0 | Q40: =IFERROR($P40/Overview!$C$34,0) -> 0 | R40: =IFERROR($P40/Overview!$C$33,0) -> 0 | S40: =IFERROR($P40/$P$58,0) -> 0 | U40: Total Operating Expenses | X40: =IFERROR(SUM(X23:X39),0) -> 0 | Y40: =IFERROR($X40/Overview!$C$34,0) -> 0 | Z40: =IFERROR($X40/Overview!$C$33,0) -> 0 | AA40: =IFERROR($X40/$X$20,0) -> 0 | AC40: =IF(U40=0,"",U40) -> Total Operating Expenses | AI40: =SUM(AI23:AI39) -> 0 | AJ40: =SUM(AJ23:AJ39) -> 0 | AK40: =SUM(AK23:AK39) -> 0 | AL40: =SUM(AL23:AL39) -> 0 | AM40: =SUM(AM23:AM39) -> 0 | AN40: =SUM(AN23:AN39) -> 0 | AO40: =SUM(AO23:AO39) -> 0 | AP40: =SUM(AP23:AP39) -> 0 | ... AW40: =SUM(AW23:AW39) -> 0
B41: Bond Premium, Tap Fees, Cost Cert. | F41: 0 | G41: =IFERROR($F41/Overview!$C$34,0) -> 0 | H41: =IFERROR($F41/Overview!$C$33,0) -> 0 | I41: =IFERROR($F41/$F$117,0) -> 0 | K41: Grant Funds A | P41: 0 | Q41: =IFERROR($P41/Overview!$C$34,0) -> 0 | R41: =IFERROR($P41/Overview!$C$33,0) -> 0 | S41: =IFERROR($P41/$P$58,0) -> 0 | AC41: =IF(U41=0,"",U41)
B42: Other Indirect Trades: | F42: 0 | G42: =IFERROR($F42/Overview!$C$34,0) -> 0 | H42: =IFERROR($F42/Overview!$C$33,0) -> 0 | I42: =IFERROR($F42/$F$117,0) -> 0 | K42: Grant Funds B | P42: 0 | Q42: =IFERROR($P42/Overview!$C$34,0) -> 0 | R42: =IFERROR($P42/Overview!$C$33,0) -> 0 | S42: =IFERROR($P42/$P$58,0) -> 0 | U42: Net Operating Income | X42: =IFERROR(X20-X40,0) -> 0 | Y42: =IFERROR($X42/Overview!$C$34,0) -> 0 | Z42: =IFERROR($X42/Overview!$C$33,0) -> 0 | AA42: =IFERROR($X42/$X$20,0) -> 0 | AC42: =IF(U42=0,"",U42) -> Net Operating Income | AI42: =AI20-AI40 -> 0 | AJ42: =AJ20-AJ40 -> 0 | AK42: =AK20-AK40 -> 0 | AL42: =AL20-AL40 -> 0 | AM42: =AM20-AM40 -> 0 | AN42: =AN20-AN40 -> 0 | AO42: =AO20-AO40 -> 0 | AP42: =AP20-AP40 -> 0 | ... AW42: =AW20-AW40 -> 0
B43: Subtotal Indirect Trades | F43: =SUM(F34:F42) -> 0 | G43: =IFERROR($F43/Overview!$C$34,0) -> 0 | H43: =IFERROR($F43/Overview!$C$33,0) -> 0 | I43: =IFERROR($F43/$F$117,0) -> 0 | K43: Grant Funds C | P43: 0 | Q43: =IFERROR($P43/Overview!$C$34,0) -> 0 | R43: =IFERROR($P43/Overview!$C$33,0) -> 0 | S43: =IFERROR($P43/$P$58,0) -> 0 | U43: Debt Service Coverage Ratio | X43: =IFERROR(X42/X50,0) -> 0 | AC43: =IF(U43=0,"",U43) -> Debt Service Coverage Ratio | AI43: =IFERROR(AI42/AI50,0) -> 0 | AJ43: =IFERROR(AJ42/AJ50,0) -> 0 | AK43: =IFERROR(AK42/AK50,0) -> 0 | AL43: =IFERROR(AL42/AL50,0) -> 0 | AM43: =IFERROR(AM42/AM50,0) -> 0 | AN43: =IFERROR(AN42/AN50,0) -> 0 | AO43: =IFERROR(AO42/AO50,0) -> 0 | AP43: =IFERROR(AP42/AP50,0) -> 0 | ... AW43: =IFERROR(AW42/AW50,0) -> 0
K44: LIHTC Equity | P44: 0 | Q44: =IFERROR($P44/Overview!$C$34,0) -> 0 | R44: =IFERROR($P44/Overview!$C$33,0) -> 0 | S44: =IFERROR($P44/$P$58,0) -> 0 | AC44: =IF(U44=0,"",U44)
B45: Total Hard Costs | E45: =IFERROR(IF(Overview!#REF!="Occupied Rehab",$G$45>=5000,$G$45>=15000),"NA") -> NA | F45: =SUM(F43,F31) -> 0 | G45: =IFERROR($F45/Overview!$C$34,0) -> 0 | H45: =IFERROR($F45/Overview!$C$33,0) -> 0 | I45: =IFERROR($F45/$F$117,0) -> 0 | K45: HTC Equity | P45: 0 | Q45: =IFERROR($P45/Overview!$C$34,0) -> 0 | R45: =IFERROR($P45/Overview!$C$33,0) -> 0 | S45: =IFERROR($P45/$P$58,0) -> 0 | U45: Debt Services | AC45: =IF(U45=0,"",U45) -> Debt Services
K46: Deferred Developer Fee | P46: 0 | Q46: =IFERROR($P46/Overview!$C$34,0) -> 0 | R46: =IFERROR($P46/Overview!$C$33,0) -> 0 | S46: =IFERROR($P46/$P$58,0) -> 0 | U46: =$K37 -> Senior Permanent Loan | X46: =IF($M37="Amortizing",-PMT($N37/12,$O37*12,$P37)*12, IF($M37="Interest-Only",$P37*$N37,0)) -> 0 | Y46: =IFERROR($X46/Overview!$C$34,0) -> 0 | Z46: =IFERROR($X46/Overview!$C$33,0) -> 0 | AA46: =IFERROR($X46/$X$20,0) -> 0 | AC46: =IF(U46=0,"",U46) -> Senior Permanent Loan | AI46: =$X46 -> 0 | AJ46: =$X46 -> 0 | AK46: =$X46 -> 0 | AL46: =$X46 -> 0 | AM46: =$X46 -> 0 | AN46: =$X46 -> 0 | AO46: =$X46 -> 0 | AP46: =$X46 -> 0 | ... AW46: =$X46 -> 0
B47: Soft Costs | K47: Sponsor Loan | P47: 0 | Q47: =IFERROR($P47/Overview!$C$34,0) -> 0 | R47: =IFERROR($P47/Overview!$C$33,0) -> 0 | S47: =IFERROR($P47/$P$58,0) -> 0 | U47: =$K38 -> Mezzanine Loan A | X47: =IF($M38="Amortizing",-PMT($N38/12,$O38*12,$P38)*12, IF($M38="Interest-Only",$P38*$N38,0)) -> 0 | Y47: =IFERROR($X47/Overview!$C$34,0) -> 0 | Z47: =IFERROR($X47/Overview!$C$33,0) -> 0 | AA47: =IFERROR($X47/$X$20,0) -> 0 | AC47: =IF(U47=0,"",U47) -> Mezzanine Loan A | AI47: =$X47 -> 0 | AJ47: =$X47 -> 0 | AK47: =$X47 -> 0 | AL47: =$X47 -> 0 | AM47: =$X47 -> 0 | AN47: =$X47 -> 0 | AO47: =$X47 -> 0 | AP47: =$X47 -> 0 | ... AW47: =$X47 -> 0
B48: Professional Fees | K48: Cash Equity | P48: 0 | Q48: =IFERROR($P48/Overview!$C$34,0) -> 0 | R48: =IFERROR($P48/Overview!$C$33,0) -> 0 | S48: =IFERROR($P48/$P$58,0) -> 0 | U48: =$K39 -> Mezzanine Loan B | X48: =IF($M39="Amortizing",-PMT($N39/12,$O39*12,$P39)*12, IF($M39="Interest-Only",$P39*$N39,0)) -> 0 | Y48: =IFERROR($X48/Overview!$C$34,0) -> 0 | Z48: =IFERROR($X48/Overview!$C$33,0) -> 0 | AA48: =IFERROR($X48/$X$20,0) -> 0 | AC48: =IF(U48=0,"",U48) -> Mezzanine Loan B | AI48: =$X48 -> 0 | AJ48: =$X48 -> 0 | AK48: =$X48 -> 0 | AL48: =$X48 -> 0 | AM48: =$X48 -> 0 | AN48: =$X48 -> 0 | AO48: =$X48 -> 0 | AP48: =$X48 -> 0 | ... AW48: =$X48 -> 0
B49: Design Architect Fees | F49: 0 | G49: =IFERROR($F49/Overview!$C$34,0) -> 0 | H49: =IFERROR($F49/Overview!$C$33,0) -> 0 | I49: =IFERROR($F49/$F$117,0) -> 0 | K49: Gap In Financing | P49: =$P$58-SUM($P$37:$P$48,$P$50:$P$51) -> 0 | Q49: =IFERROR($P49/Overview!$C$34,0) -> 0 | R49: =IFERROR($P49/Overview!$C$33,0) -> 0 | S49: =IFERROR($P49/$P$58,0) -> 0 | U49: =$K40 -> Mezzanine Loan C | X49: =IF($M40="Amortizing",-PMT($N40/12,$O40*12,$P40)*12, IF($M40="Interest-Only",$P40*$N40,0)) -> 0 | Y49: =IFERROR($X49/Overview!$C$34,0) -> 0 | Z49: =IFERROR($X49/Overview!$C$33,0) -> 0 | AA49: =IFERROR($X49/$X$20,0) -> 0 | AC49: =IF(U49=0,"",U49) -> Mezzanine Loan C | AI49: =$X49 -> 0 | AJ49: =$X49 -> 0 | AK49: =$X49 -> 0 | AL49: =$X49 -> 0 | AM49: =$X49 -> 0 | AN49: =$X49 -> 0 | AO49: =$X49 -> 0 | AP49: =$X49 -> 0 | ... AW49: =$X49 -> 0
B50: Supervisory Architect Fees | F50: 0 | G50: =IFERROR($F50/Overview!$C$34,0) -> 0 | H50: =IFERROR($F50/Overview!$C$33,0) -> 0 | I50: =IFERROR($F50/$F$117,0) -> 0 | K50: Other Permanent Sources: | P50: 0 | Q50: =IFERROR($P50/Overview!$C$34,0) -> 0 | R50: =IFERROR($P50/Overview!$C$33,0) -> 0 | S50: =IFERROR($P50/$P$58,0) -> 0 | U50: Total Debt Service | X50: =SUM(X46:X49) -> 0 | Y50: =IFERROR($X50/Overview!$C$34,0) -> 0 | Z50: =IFERROR($X50/Overview!$C$33,0) -> 0 | AA50: =IFERROR($X50/$X$20,0) -> 0 | AC50: =IF(U50=0,"",U50) -> Total Debt Service | AI50: =SUM(AI46:AI49) -> 0 | AJ50: =SUM(AJ46:AJ49) -> 0 | AK50: =SUM(AK46:AK49) -> 0 | AL50: =SUM(AL46:AL49) -> 0 | AM50: =SUM(AM46:AM49) -> 0 | AN50: =SUM(AN46:AN49) -> 0 | AO50: =SUM(AO46:AO49) -> 0 | AP50: =SUM(AP46:AP49) -> 0 | ... AW50: =SUM(AW46:AW49) -> 0
B51: Landscape Architect Fees | F51: 0 | G51: =IFERROR($F51/Overview!$C$34,0) -> 0 | H51: =IFERROR($F51/Overview!$C$33,0) -> 0 | I51: =IFERROR($F51/$F$117,0) -> 0 | K51: Other Permanent Sources: | P51: 0 | Q51: =IFERROR($P51/Overview!$C$34,0) -> 0 | R51: =IFERROR($P51/Overview!$C$33,0) -> 0 | S51: =IFERROR($P51/$P$58,0) -> 0 | AC51: =IF(U51=0,"",U51)
B52: Engineering/Survey | F52: 0 | G52: =IFERROR($F52/Overview!$C$34,0) -> 0 | H52: =IFERROR($F52/Overview!$C$33,0) -> 0 | I52: =IFERROR($F52/$F$117,0) -> 0 | K52: Total Permanent Sources | P52: =SUM(P37:P51) -> 0 | Q52: =IFERROR($P52/Overview!$C$34,0) -> 0 | R52: =IFERROR($P52/Overview!$C$33,0) -> 0 | S52: =IFERROR($P52/$P$58,0) -> 0 | U52: Cash Flow After Debt Service | X52: =IFERROR(X42-X50,0) -> 0 | Y52: =IFERROR($X52/Overview!$C$34,0) -> 0 | Z52: =IFERROR($X52/Overview!$C$33,0) -> 0 | AA52: =IFERROR($X52/$X$20,0) -> 0 | AC52: =IF(U52=0,"",U52) -> Cash Flow After Debt Service | AI52: =AI42-AI50 -> 0 | AJ52: =AJ42-AJ50 -> 0 | AK52: =AK42-AK50 -> 0 | AL52: =AL42-AL50 -> 0 | AM52: =AM42-AM50 -> 0 | AN52: =AN42-AN50 -> 0 | AO52: =AO42-AO50 -> 0 | AP52: =AP42-AP50 -> 0 | ... AW52: =AW42-AW50 -> 0
B53: Legal Fees | F53: 0 | G53: =IFERROR($F53/Overview!$C$34,0) -> 0 | H53: =IFERROR($F53/Overview!$C$33,0) -> 0 | I53: =IFERROR($F53/$F$117,0) -> 0 | P53: =P52=$P$58 -> TRUE | AC53: =IF(U53=0,"",U53)
B54: Interior Design Fees | F54: 0 | G54: =IFERROR($F54/Overview!$C$34,0) -> 0 | H54: =IFERROR($F54/Overview!$C$33,0) -> 0 | I54: =IFERROR($F54/$F$117,0) -> 0 | K54: Uses | U54: Return Metrics | AC54: =IF(U54=0,"",U54) -> Return Metrics | AF54: Average
B55: Other Professional Fees: | F55: 0 | G55: =IFERROR($F55/Overview!$C$34,0) -> 0 | H55: =IFERROR($F55/Overview!$C$33,0) -> 0 | I55: =IFERROR($F55/$F$117,0) -> 0 | K55: Acqusition Costs | P55: =$F$20 -> 0 | Q55: =IFERROR($P55/Overview!$C$34,0) -> 0 | R55: =IFERROR($P55/Overview!$C$33,0) -> 0 | S55: =IFERROR($P55/$P$58,0) -> 0 | U55: Yield-to-Cost (NOI / Total Cost) | X55: =IFERROR($X$42/$P$58,"NA") -> NA | AC55: Yield-to-Cost (NOI / Total Cost) | AF55: =IFERROR(AVERAGE(AH55:AV55),0) -> 0 | AI55: =IFERROR(AI$42/$P$58,"NA") -> NA | AJ55: =IFERROR(AJ$42/$P$58,"NA") -> NA | AK55: =IFERROR(AK$42/$P$58,"NA") -> NA | AL55: =IFERROR(AL$42/$P$58,"NA") -> NA | AM55: =IFERROR(AM$42/$P$58,"NA") -> NA | AN55: =IFERROR(AN$42/$P$58,"NA") -> NA | AO55: =IFERROR(AO$42/$P$58,"NA") -> NA | AP55: =IFERROR(AP$42/$P$58,"NA") -> NA | ... AW55: =IFERROR(AW$42/$P$58,"NA") -> NA
B56: Subtotal Professional Fees | F56: =SUM(F49:F55) -> 0 | G56: =IFERROR($F56/Overview!$C$34,0) -> 0 | H56: =IFERROR($F56/Overview!$C$33,0) -> 0 | I56: =IFERROR($F56/$F$117,0) -> 0 | K56: Hard Costs | P56: =$F$45 -> 0 | Q56: =IFERROR($P56/Overview!$C$34,0) -> 0 | R56: =IFERROR($P56/Overview!$C$33,0) -> 0 | S56: =IFERROR($P56/$P$58,0) -> 0 | U56: Cash-on-Cash Return (CFADS / Developer Equity) | X56: =IFERROR($X$52/SUM($P$47:$P$48),"NA") -> NA | AC56: Avg. Cash-on-Cash Return (CFADS / Developer Equity) | AF56: =IFERROR(AVERAGE(AH56:AV56),0) -> 0 | AI56: =IFERROR(AI$52/SUM($P$29:$P$30),"NA") -> NA | AJ56: =IFERROR(AJ$52/SUM($P$29:$P$30),"NA") -> NA | AK56: =IFERROR(AK$52/SUM($P$29:$P$30),"NA") -> NA | AL56: =IFERROR(AL$52/SUM($P$29:$P$30),"NA") -> NA | AM56: =IFERROR(AM$52/SUM($P$29:$P$30),"NA") -> NA | AN56: =IFERROR(AN$52/SUM($P$29:$P$30),"NA") -> NA | AO56: =IFERROR(AO$52/SUM($P$29:$P$30),"NA") -> NA | AP56: =IFERROR(AP$52/SUM($P$29:$P$30),"NA") -> NA | ... AW56: =IFERROR(AW$52/SUM($P$29:$P$30),"NA") -> NA
K57: Soft Costs | P57: =$F$115 -> 0 | Q57: =IFERROR($P57/Overview!$C$34,0) -> 0 | R57: =IFERROR($P57/Overview!$C$33,0) -> 0 | S57: =IFERROR($P57/$P$58,0) -> 0 | U57: Mortgage Constant (Debt Service / Total Debt) | X57: =IFERROR($X$50/SUM($P$37:$P$40),"NA") -> NA | AC57: Mortgage Constant (Debt Service / Total Debt) | AF57: =IFERROR(AVERAGE(AH57:AV57),0) -> 0 | AI57: =IFERROR(AI$50/SUM($P$37:$P$40),"NA") -> NA | AJ57: =IFERROR(AJ$50/SUM($P$37:$P$40),"NA") -> NA | AK57: =IFERROR(AK$50/SUM($P$37:$P$40),"NA") -> NA | AL57: =IFERROR(AL$50/SUM($P$37:$P$40),"NA") -> NA | AM57: =IFERROR(AM$50/SUM($P$37:$P$40),"NA") -> NA | AN57: =IFERROR(AN$50/SUM($P$37:$P$40),"NA") -> NA | AO57: =IFERROR(AO$50/SUM($P$37:$P$40),"NA") -> NA | AP57: =IFERROR(AP$50/SUM($P$37:$P$40),"NA") -> NA | ... AW57: =IFERROR(AW$50/SUM($P$37:$P$40),"NA") -> NA
B58: Interim Construction Costs | K58: Total Uses | P58: =SUM(P55:P57) -> 0 | Q58: =IFERROR($P58/Overview!$C$34,0) -> 0 | R58: =IFERROR($P58/Overview!$C$33,0) -> 0 | S58: =IFERROR($P58/$P$58,0) -> 0 | AC58: Debt Service Coverage Ratio | AF58: =AVERAGE(AI43:AW43) -> 0
B59: Property & Casualty Insurance | F59: 0 | G59: =IFERROR($F59/Overview!$C$34,0) -> 0 | H59: =IFERROR($F59/Overview!$C$33,0) -> 0 | I59: =IFERROR($F59/$F$117,0) -> 0 | AC59: =IF(U59=0,"",U59)
B60: Construction Loan Interest | F60: 0 | G60: =IFERROR($F60/Overview!$C$34,0) -> 0 | H60: =IFERROR($F60/Overview!$C$33,0) -> 0 | I60: =IFERROR($F60/$F$117,0) -> 0
B61: Title Work | F61: 0 | G61: =IFERROR($F61/Overview!$C$34,0) -> 0 | H61: =IFERROR($F61/Overview!$C$33,0) -> 0 | I61: =IFERROR($F61/$F$117,0) -> 0
B62: Construction Taxes | F62: 0 | G62: =IFERROR($F62/Overview!$C$34,0) -> 0 | H62: =IFERROR($F62/Overview!$C$33,0) -> 0 | I62: =IFERROR($F62/$F$117,0) -> 0
B63: Permits | F63: 0 | G63: =IFERROR($F63/Overview!$C$34,0) -> 0 | H63: =IFERROR($F63/Overview!$C$33,0) -> 0 | I63: =IFERROR($F63/$F$117,0) -> 0
B64: Other Interim Construction Costs: | F64: 0 | G64: =IFERROR($F64/Overview!$C$34,0) -> 0 | H64: =IFERROR($F64/Overview!$C$33,0) -> 0 | I64: =IFERROR($F64/$F$117,0) -> 0
B65: Subtotal Interim Construction Costs | F65: =SUM(F59:F64) -> 0 | G65: =IFERROR($F65/Overview!$C$34,0) -> 0 | H65: =IFERROR($F65/Overview!$C$33,0) -> 0 | I65: =IFERROR($F65/$F$117,0) -> 0
B67: Permanent Financing
B68: Loan Commitment Fee | F68: 0 | G68: =IFERROR($F68/Overview!$C$34,0) -> 0 | H68: =IFERROR($F68/Overview!$C$33,0) -> 0 | I68: =IFERROR($F68/$F$117,0) -> 0
B69: Other Permanent Financing: | F69: 0 | G69: =IFERROR($F69/Overview!$C$34,0) -> 0 | H69: =IFERROR($F69/Overview!$C$33,0) -> 0 | I69: =IFERROR($F69/$F$117,0) -> 0
B70: Subtotal Permanent Financing | F70: =SUM(F68:F69) -> 0 | G70: =IFERROR($F70/Overview!$C$34,0) -> 0 | H70: =IFERROR($F70/Overview!$C$33,0) -> 0 | I70: =IFERROR($F70/$F$117,0) -> 0
B72: Other Costs (In Basis)
B73: Application Fee | F73: 0 | G73: =IFERROR($F73/Overview!$C$34,0) -> 0 | H73: =IFERROR($F73/Overview!$C$33,0) -> 0 | I73: =IFERROR($F73/$F$117,0) -> 0
B74: Market Study | F74: 0 | G74: =IFERROR($F74/Overview!$C$34,0) -> 0 | H74: =IFERROR($F74/Overview!$C$33,0) -> 0 | I74: =IFERROR($F74/$F$117,0) -> 0
B75: Environmental Studies | F75: 0 | G75: =IFERROR($F75/Overview!$C$34,0) -> 0 | H75: =IFERROR($F75/Overview!$C$33,0) -> 0 | I75: =IFERROR($F75/$F$117,0) -> 0
B76: Cost Certification | F76: 0 | G76: =IFERROR($F76/Overview!$C$34,0) -> 0 | H76: =IFERROR($F76/Overview!$C$33,0) -> 0 | I76: =IFERROR($F76/$F$117,0) -> 0
B77: Equipment & Furnishings | F77: 0 | G77: =IFERROR($F77/Overview!$C$34,0) -> 0 | H77: =IFERROR($F77/Overview!$C$33,0) -> 0 | I77: =IFERROR($F77/$F$117,0) -> 0
B78: Temporary Tenant Relocation | F78: 0 | G78: =IFERROR($F78/Overview!$C$34,0) -> 0 | H78: =IFERROR($F78/Overview!$C$33,0) -> 0 | I78: =IFERROR($F78/$F$117,0) -> 0
B79: Construction Contingency | F79: 0 | G79: =IFERROR($F79/Overview!$C$34,0) -> 0 | H79: =IFERROR($F79/Overview!$C$33,0) -> 0 | I79: =IFERROR($F79/$F$117,0) -> 0
B80: Appraisal & C.N.A. | F80: 0 | G80: =IFERROR($F80/Overview!$C$34,0) -> 0 | H80: =IFERROR($F80/Overview!$C$33,0) -> 0 | I80: =IFERROR($F80/$F$117,0) -> 0
B81: Other: | F81: 0 | G81: =IFERROR($F81/Overview!$C$34,0) -> 0 | H81: =IFERROR($F81/Overview!$C$33,0) -> 0 | I81: =IFERROR($F81/$F$117,0) -> 0
B82: Subtotal Other Costs (In Basis) | F82: =SUM(F73:F81) -> 0 | G82: =IFERROR($F82/Overview!$C$34,0) -> 0 | H82: =IFERROR($F82/Overview!$C$33,0) -> 0 | I82: =IFERROR($F82/$F$117,0) -> 0
B84: Other Costs (Not In Basis)
B85: Start-up & Organization | F85: 0 | G85: =IFERROR($F85/Overview!$C$34,0) -> 0 | H85: =IFERROR($F85/Overview!$C$33,0) -> 0 | I85: =IFERROR($F85/$F$117,0) -> 0
B86: Tax Credit Fees | F86: 0 | G86: =IFERROR($F86/Overview!$C$34,0) -> 0 | H86: =IFERROR($F86/Overview!$C$33,0) -> 0 | I86: =IFERROR($F86/$F$117,0) -> 0
B87: Compliance Monitoring Fee | F87: 0 | G87: =IFERROR($F87/Overview!$C$34,0) -> 0 | H87: =IFERROR($F87/Overview!$C$33,0) -> 0 | I87: =IFERROR($F87/$F$117,0) -> 0
B88: Marketing Expense | F88: 0 | G88: =IFERROR($F88/Overview!$C$34,0) -> 0 | H88: =IFERROR($F88/Overview!$C$33,0) -> 0 | I88: =IFERROR($F88/$F$117,0) -> 0
B89: Syndication Legal Fees | F89: 0 | G89: =IFERROR($F89/Overview!$C$34,0) -> 0 | H89: =IFERROR($F89/Overview!$C$33,0) -> 0 | I89: =IFERROR($F89/$F$117,0) -> 0
B90: Rent Up Allowance | F90: 0 | G90: =IFERROR($F90/Overview!$C$34,0) -> 0 | H90: =IFERROR($F90/Overview!$C$33,0) -> 0 | I90: =IFERROR($F90/$F$117,0) -> 0
B91: Other: | F91: 0 | G91: =IFERROR($F91/Overview!$C$34,0) -> 0 | H91: =IFERROR($F91/Overview!$C$33,0) -> 0 | I91: =IFERROR($F91/$F$117,0) -> 0
B92: Subtotal Other Costs (Not In Basis) | F92: =SUM(F85:F91) -> 0 | G92: =IFERROR($F92/Overview!$C$34,0) -> 0 | H92: =IFERROR($F92/Overview!$C$33,0) -> 0 | I92: =IFERROR($F92/$F$117,0) -> 0
B94: Project Reserves
B95: Operating Assurance Reserve | F95: 0 | G95: =IFERROR($F95/Overview!$C$34,0) -> 0 | H95: =IFERROR($F95/Overview!$C$33,0) -> 0 | I95: =IFERROR($F95/$F$117,0) -> 0
B96: Replacement Reserve | F96: 0 | G96: =IFERROR($F96/Overview!$C$34,0) -> 0 | H96: =IFERROR($F96/Overview!$C$33,0) -> 0 | I96: =IFERROR($F96/$F$117,0) -> 0
B97: Operating Deficit Reserve | F97: 0 | G97: =IFERROR($F97/Overview!$C$34,0) -> 0 | H97: =IFERROR($F97/Overview!$C$33,0) -> 0 | I97: =IFERROR($F97/$F$117,0) -> 0
B98: Rent Subsidy Reserve | F98: 0 | G98: =IFERROR($F98/Overview!$C$34,0) -> 0 | H98: =IFERROR($F98/Overview!$C$33,0) -> 0 | I98: =IFERROR($F98/$F$117,0) -> 0
B99: Sydnicator Held Reserve | F99: 0 | G99: =IFERROR($F99/Overview!$C$34,0) -> 0 | H99: =IFERROR($F99/Overview!$C$33,0) -> 0 | I99: =IFERROR($F99/$F$117,0) -> 0
B100: Rent Lag Escrow | F100: 0 | G100: =IFERROR($F100/Overview!$C$34,0) -> 0 | H100: =IFERROR($F100/Overview!$C$33,0) -> 0 | I100: =IFERROR($F100/$F$117,0) -> 0
B101: Tax & Insurance Escrows | F101: 0 | G101: =IFERROR($F101/Overview!$C$34,0) -> 0 | H101: =IFERROR($F101/Overview!$C$33,0) -> 0 | I101: =IFERROR($F101/$F$117,0) -> 0
B102: Other Project Reserves: | F102: 0 | G102: =IFERROR($F102/Overview!$C$34,0) -> 0 | H102: =IFERROR($F102/Overview!$C$33,0) -> 0 | I102: =IFERROR($F102/$F$117,0) -> 0
B103: Other Project Reserves: | F103: 0 | G103: =IFERROR($F103/Overview!$C$34,0) -> 0 | H103: =IFERROR($F103/Overview!$C$33,0) -> 0 | I103: =IFERROR($F103/$F$117,0) -> 0
B104: Subtotal Project Reserves | F104: =SUM(F95:F103) -> 0 | G104: =IFERROR($F104/Overview!$C$34,0) -> 0 | H104: =IFERROR($F104/Overview!$C$33,0) -> 0 | I104: =IFERROR($F104/$F$117,0) -> 0
B106: Miscellaneous
B107: Deposit to Development Operating Account (1MGRP) | F107: 0 | G107: =IFERROR($F107/Overview!$C$34,0) -> 0 | H107: =IFERROR($F107/Overview!$C$33,0) -> 0 | I107: =IFERROR($F107/$F$117,0) -> 0
B108: Other (Not In Basis): | F108: 0 | G108: =IFERROR($F108/Overview!$C$34,0) -> 0 | H108: =IFERROR($F108/Overview!$C$33,0) -> 0 | I108: =IFERROR($F108/$F$117,0) -> 0
B109: Other (In Basis): | F109: 0 | G109: =IFERROR($F109/Overview!$C$34,0) -> 0 | H109: =IFERROR($F109/Overview!$C$33,0) -> 0 | I109: =IFERROR($F109/$F$117,0) -> 0
B110: Other (In Basis): | F110: 0 | G110: =IFERROR($F110/Overview!$C$34,0) -> 0 | H110: =IFERROR($F110/Overview!$C$33,0) -> 0 | I110: =IFERROR($F110/$F$117,0) -> 0
B111: Subtotal Miscellaneous | F111: =SUM(F107:F110) -> 0 | G111: =IFERROR($F111/Overview!$C$34,0) -> 0 | H111: =IFERROR($F111/Overview!$C$33,0) -> 0 | I111: =IFERROR($F111/$F$117,0) -> 0
B113: Developer Fees | F113: 0 | G113: =IFERROR($F113/Overview!$C$34,0) -> 0 | H113: =IFERROR($F113/Overview!$C$33,0) -> 0 | I113: =IFERROR($F113/$F$117,0) -> 0
B115: Total Soft Costs | F115: =SUM(F56,F65,F70,F82,F92,F104,F111,F113) -> 0 | G115: =IFERROR($F115/Overview!$C$34,0) -> 0 | H115: =IFERROR($F115/Overview!$C$33,0) -> 0 | I115: =IFERROR($F115/$F$117,0) -> 0
B117: Total Development Costs | F117: =SUM(F115,F45,F20) -> 0 | G117: =IFERROR($F117/Overview!$C$34,0) -> 0 | H117: =IFERROR($F117/Overview!$C$33,0) -> 0 | I117: =IFERROR($F117/$F$117,0) -> 0

Sheet Investment Summary
B1: City of Detroit Housing & Revitalization Department
B2: Investment Summary
B4: Instructions: - Verification of investment is required for projects where construction is complete. This sheet be used for new PILOTs where construction is complete or for PILOT renewals/conversions documenting investment over the initial term of the PILOT/abatement. This sheet, in addition to invoices, can be used to verify investment when Certificate of Acceptance or 3rd Party Cost Certification is not provided. - Enter all capital investments completed as part of the rehabilitation project, including investment description, amount spent, vendor, invoice number, and invoice date for all applicable capital investments. - Corresponding invoices will be included in the PILOT application and/or in the "packet" to the Assessor to activate the PILOT.
B11: Color Index: | C11: Blue = Input | D11: Green = Lookup | E11: Black = Calculation
B14: Investment Summary
B15: Description | C15: $ Amount | D15: $ / Unit | E15: Vendor | F15: Invoice Number | G15: Invoice Date
B16: <INSERT DESC> | C16: 0 | D16: =IFERROR(C16/Overview!$C$34,0) -> 0 | E16: <INSERT> | F16: <INSERT> | G16: <INSERT>
B17: <INSERT DESC> | C17: 0 | D17: =IFERROR(C17/Overview!$C$34,0) -> 0 | E17: <INSERT> | F17: <INSERT> | G17: <INSERT>
B18: <INSERT DESC> | C18: 0 | D18: =IFERROR(C18/Overview!$C$34,0) -> 0 | E18: <INSERT> | F18: <INSERT> | G18: <INSERT>
B19: <INSERT DESC> | C19: 0 | D19: =IFERROR(C19/Overview!$C$34,0) -> 0 | E19: <INSERT> | F19: <INSERT> | G19: <INSERT>
B20: <INSERT DESC> | C20: 0 | D20: =IFERROR(C20/Overview!$C$34,0) -> 0 | E20: <INSERT> | F20: <INSERT> | G20: <INSERT>
B21: <INSERT DESC> | C21: 0 | D21: =IFERROR(C21/Overview!$C$34,0) -> 0 | E21: <INSERT> | F21: <INSERT> | G21: <INSERT>
B22: <INSERT DESC> | C22: 0 | D22: =IFERROR(C22/Overview!$C$34,0) -> 0 | E22: <INSERT> | F22: <INSERT> | G22: <INSERT>
B23: <INSERT DESC> | C23: 0 | D23: =IFERROR(C23/Overview!$C$34,0) -> 0 | E23: <INSERT> | F23: <INSERT> | G23: <INSERT>
B24: <INSERT DESC> | C24: 0 | D24: =IFERROR(C24/Overview!$C$34,0) -> 0 | E24: <INSERT> | F24: <INSERT> | G24: <INSERT>
B25: <INSERT DESC> | C25: 0 | D25: =IFERROR(C25/Overview!$C$34,0) -> 0 | E25: <INSERT> | F25: <INSERT> | G25: <INSERT>
B26: <INSERT DESC> | C26: 0 | D26: =IFERROR(C26/Overview!$C$34,0) -> 0 | E26: <INSERT> | F26: <INSERT> | G26: <INSERT>
B27: <INSERT DESC> | C27: 0 | D27: =IFERROR(C27/Overview!$C$34,0) -> 0 | E27: <INSERT> | F27: <INSERT> | G27: <INSERT>
... B65: <INSERT DESC> | C65: 0 | D65: =IFERROR(C65/Overview!$C$34,0) -> 0 | E65: <INSERT> | F65: <INSERT> | G65: <INSERT>
C66: =SUM(C16:C65) -> 0 | D66: =SUM(D16:D65) -> 0
D67: =IF(D66>5000,TRUE,FALSE) -> FALSE

Sheet List
B1: City of Detroit Housing & Revitalization Department
B2: Data Validation List
B4: Bedroom Type | D4: % Income Restr | F4: Affordability Type | H4: Rent Restriction | J4: Current Tenant Voucher? | L4: PILOT Program | M4: PILOT Abbrv | O4: Loan Type | Q4: PILOT Calc | S4: Abatement Type | U4: PILOT Rate | W4: Residential Type | Y4: Construction status | AA4: Y/N | AC4: Income Restriction | AD4: Min AMI | AE4: Max AMI | AG4: Construction Type | AI4: Project Type | AK4: # of Persons | AM4: UA Unit Type
B5: NA | D5: NA | F5: NA | H5: NA | J5: NA | L5: NA | M5: NA | O5: Interest-Only | Q5: Net Shelter Rent | S5: OPRA | U5: 0.005 | W5: High-rise, Low-rise | Y5: Not yet started | AA5: Y | AC5: Up to 60% AMI | AD5: 0.01 | AE5: 0.6 | AG5: New Construction | AI5: New Construction | AK5: 1 Person | AM5: Apartment
B6: Studio | D6: None - Market | F6: Market | H6: Market | J6: N | L6: GAHP - Government-Aided Housing Project | M6: GAHP | O6: Amortizing | Q6: Gross Rent | S6: OPRA + | U6: 0.01 | W6: Townhouse, Duplex, Triplex, Fourplex | Y6: In progress | AA6: N | AC6: 61% - 80% AMI | AD6: 0.61 | AE6: 0.8 | AG6: Existing | AI6: Occupied Rehab | AK6: 2 Person | AM6: Attached Single Family
B7: 1 Bedroom | D7: PSH | F7: Income-Restricted | H7: MSHDA AMI | J7: PBV | L7: FTHP - Fast Track Housing Project | M7: FTHP | O7: NA | Q7: NA | S7: PA-210 | U7: 0.02 | W7: Single Family Detached, Manufactured Home | Y7: Complete | AC7: 81% - 120% AMI | AD7: 0.81 | AE7: 1.2 | AI7: Long Term Vacant Rehab | AK7: 3 Person | AM7: Detached Single Family
B8: 2 Bedroom | D8: 0.2 | F8: PBRA - Income-Restricted | H8: HUD FMR | J8: HCV | L8: SWHP - Standard Workforce Housing Project | M8: SWHP | S8: NEZ-R | U8: 0.035 | AI8: Short Term Vacant Rehab | AK8: 4 Person
B9: 3 Bedroom | D9: 0.25 | F9: PBV - Income-Restricted | L9: Long Term Vacant Rehab | M9: Vacant | S9: NEZ-N | U9: 0.04 | AK9: 5 Person
B10: 4+ Bedroom | D10: 0.3 | F10: PSH | S10: NA | U10: 0.07 | AK10: 6 Person
D11: 0.35 | U11: 0.075 | AK11: 7 Person
D12: 0.4 | U12: 0.08 | AK12: 8 Person
D13: 0.45 | U13: 0.085 | AK13: NA
D14: 0.5 | U14: 0.09
D15: 0.55 | U15: 0.095
D16: 0.6 | U16: 0.1
D17: 0.65 | U17: TBD
D18: 0.7
D19: 0.75
D20: 0.8
D21: 0.85
D22: 0.9
D23: 0.95
D24: 1
D25: 1.05
D26: 1.1
D27: 1.15
D28: 1.2

Sheet Tax Scenario Anlys
B1: City of Detroit Housing & Revitalization Department
B2: Property Tax Scenario Analysis
B4: Instructions: This tool can analyze property tax burden under different scenarios, with taxes affected by increases due to investment, uncapping related to sales, abatement, and PILOT of various rates. Complete the highlighted yellow fields with inputs from assessment and elsewhere.
F7: 1 | G7: 2 | H7: 3 | I7: 4 | J7: 5
B8: Property Tax Information | E8: Estimated Property Tax Analysis
B9: Item | C9: Input / Amount | E9: Item | F9: Current Tax Liability | G9: Tax Liability - No Improvements, Uncapped | H9: Tax Liability + Improvements, Capped/Uncapped | I9: Abatement Tax Liability + Improvements, Capped/Uncapped | J9: PILOT Service Charge + Improvements
B10: Parcel Address(s) | E10: Is This A Pending Acquisition? (Y/N) | F10: N | G10: Y | H10: Y | I10: N | J10: N
